Workbook

Sheet введ
B3: Уважаемые, пользователи §«Бухгалтер»!
B5: Вашему вниманию предлагается декларация по КПН формы 150.00 за 2020-2025 г. в excel -варианте
B6: Данная форма призвана оказать Вам помощь не только при финальном заполнении декларации по КПН по итогам отчетного года, но и при предварительном подведении итогов за год, в том числе и для сравнения суммы заявленных авансовых платежей и фактически исчисленного налога (для плательщиков авансовых платежей) дабы избежать штрафных санкций и своевременно откорректировать сумму авансовых платежей текущего года.
B7: Декларация состоит из основной, дополнительных форм и регистров, заполнение следует начинать с регистров, итоговые значения которых автоматически будут садиться в дополнительные и основные формы. При этом следует иметь в виду, что в дополнительных формах разносятся итоговые суммы доходов и вычетов, основная нагрузка при формировании итоговых сумм доходов и вычетов в разрезе контрагентов ложится на налоговые регистры, которые каждая Компания обязана утвердить в составе своей Учетной налоговой политики и соответственно ежегодно заполнять.

Sheet 150.00
M2: Форма 150.00
A4: ДЕКЛАРАЦИЯ ПО КОРПОРАТИВНОМУ ПОДОХОДНОМУ НАЛОГУ
B6: Раздел. Общая информация о налогоплательщике
A8: 1 | B8: БИН | C8: 222222222222
A10: 2 | B10: Налоговый период, за который предоставляется налоговая отчетность: год | K10: 2025
A12: 3 | B12: Наименование налогоплательщика
A14: 4 | B14: Вид декларации: | D14: первоначальная | H14: очередная | J14: дополнительная
B16: дополнительная по уведомлению | H16: ликвидационная
A18: 5 | B18: Номер и дата уведомления: | E18: А номер | K18: В дата
A21: 6 | B21: Код валюты
A23: 7 | B23: Представленные приложения: | E23: 1 | F23: 2 | G23: 3 | H23: 4 | I23: 5 | J23: 6 | K23: 7 | L23: 8 | M23: 9 | N23: 10 | O23: 11 12 13
A25: 8 | B25: Признак резидентства: | D25: А резидент РК | H25: В нерезидент РК
A27: 9 | B27: Код страны резидентства и номер налоговой регистрации (если отмечена ячейка9):
B29: А код страны резидентства
B31: В номер налоговой регистрации:
A33: 10 | B33: Наличие у резидента постоянного учреждения за пределами РК( укажите | J33: Х | K33: ):
A34: 11 | B34: Участник МФЦА в соответствии с Конституционным законом (укажите | J34: Х | K34: ):
A36: Раздел. Совокупный годовой доход
A37: Код строки | C37: Наименование | O37: Сумма
A38: 150.00.001 | C38: Доход от реализации | O38: ='150.01'!O20+'150.02'!L16 -> 0
A39: 150.00.002 | C39: Доход от прироста стоимости | O39: ='150.01'!O21+'150.02'!L17+'150.02'!L17 -> 0
A40: 150.00.003 | C40: Доход по производным финансовым инструментам | O40: ='150.02'!L18 -> 0
A41: 150.00.004 | C41: Доход от списания обязательств | O41: ='150.01'!O22+'150.02'!L19 -> 0
A42: 150.00.005 | C42: Доход по сомнительным обязательствам | O42: ='150.01'!O23+'150.02'!L20 -> 0
A43: 150.00.006 | C43: Доход от уступки права требования | O43: ='150.01'!O24+'150.02'!L21 -> 0
A44: 150.00.007 | C44: Доход от выбытия фиксированных активов | O44: ='150.01'!O25+'150.02'!L22 -> 0
A45: 150.00.008 | C45: Доход от корректировки расходов на геологическое изучение и подготовительные работы к добыче природных ресурсов, а также других расходов недропользователя | O45: ='150.01'!O26 -> 0
A46: 150.00.009 | C46: Доход от превышения суммы отчислений в фонд ликвидации последствий разработки месторождений над суммой фактических расходов по ликвидации последствий разработки месторождений | O46: ='150.01'!O27 -> 0
A47: 150.00.010 | C47: Размер нецелевого использования средств ликвидационного фонда недропользователем (итоговое значение графы J формы 150.03) | O47: ='150.01'!O28 -> 0
A48: 150.00.011 | C48: Присужденные или признанные должником штрафы, пени и другие виды санкций, кроме возвращенных из бюджета необоснованно удержанных штрафов, если эти суммы ранее не были отнесены на вычеты | O48: ='150.01'!O29+'150.02'!L23 -> 0
A49: 150.00.012 | C49: Дивиденды, Вознаграждение по депозиту, долговой ценной бумаге векселю, исламскому арендному сертификату, Выигрыши | O49: ='150.01'!O30+'150.02'!L24 -> 0
A50: 150.00.013 | C50: Превышение суммы положительной курсовой разницы над суммой отрицательной курсовой разницы | O50: ='150.01'!O31+'150.02'!L25 -> 0
A51: 150.00.014 | C51: Доход по инвестиционному депозиту, размещенному в исламском банке | O51: ='150.01'!O32+'150.02'!L26 -> 0
A52: 150.00.015 | C52: Другие доходы | O52: ='150.01'!O33+'150.02'!L27 -> 0
A53: 150.00.016 | C53: СОВОКУПНЫЙ ГОДОВОЙ ДОХОД (сумма строк с 150.00.001 по 150.00.015) | O53: =SUM(O38:O52) -> 0
A54: 150.00.017 | C54: Корректировка совокупного годового дохода в соответствии с п.1 статьи 241 Налогового кодекса | O54: ='150.01'!O35+'150.02'!L29 -> 0
A55: 150.00.018 | C55: Положительная (отрицательная) разница, полученная при переходе на иной метод оценки товарно-материальных запасов | O55: ='150.01'!O36+'150.02'!L30 -> 0
A56: 150.00.019 | C56: Совокупный годовой доход с учетом корретировок (150.00.015-150.00.017+или- 150.00.018) | O56: =O53-O54+O55 -> 0
B58: Раздел. Вычеты
A60: 150.00.020 | C60: Расходы по реализованным товарам (работам, услугам) (150.00.020 I - 150.00.020 II + 150.00.020 III + 150.00.020 IV + 150.00.020 V - 150.00.020 VI - 150.00.020 VII - 150.00.020 VIII - 150.00.020 IX) | O60: =O61-O62+O63+O72+O73-O74-O75-O76-O77 -> 0
A61: I | C61: ТМЗ на начало налогового периода, всего | O61: ='150.01'!O42+'150.02'!L36 -> 0
A62: II | C62: ТМЗ на конец налогового периода, всего | O62: ='150.01'!O43+'150.02'!L37 -> 0
A63: III | C63: Приобретено ТМЗ, работ и услуг всего, в том числе: | O63: =SUM(O64:O71) -> 0
C64: А | D64: товары, сырье, материалы | O64: ='150.01'!O45+'150.02'!L39 -> 0
C65: В | D65: финансовые услуги | O65: ='150.01'!O46+'150.02'!L40 -> 0
C66: С | D66: рекламные услуги | O66: ='150.01'!O47+'150.02'!L41 -> 0
C67: D | D67: консультационные услуги | O67: ='150.01'!O48+'150.02'!L42 -> 0
C68: E | D68: маркетинговые услуги | O68: ='150.01'!O49+'150.02'!L43 -> 0
C69: F | D69: дизайнерские услуги | O69: ='150.01'!O50+'150.02'!L44 -> 0
C70: G | D70: инжиниринговые услуги | O70: ='150.01'!O51+'150.02'!L45 -> 0
C71: H | D71: прочие услуги и работы | O71: ='150.01'!O52+'150.02'!L46 -> 0
A72: IV | C72: Расходы по начисленным доходам работников и иным выплатам физическим лицам | O72: ='150.01'!O53+'150.02'!L47 -> 0
A73: V | C73: Стоимость работ и услуг, себестоимость ТМЗ, признанные расходами будущих периодов в предыдущих налоговых периодах и относимые на вычеты в отчетном налоговом периоде | O73: ='150.01'!O54+'150.02'!L48 -> 0
A74: VI | C74: Стоимость работ, услуг, себестоимость ТМЗ, признаваемые последующими расходами | O74: ='150.01'!O55+'150.02'!L49 -> 0
A75: VII | C75: Стоимость работ, услуг, себестоимость ТМЗ, включаемые в первоначальную стоимость фиксированных активов, объектов преференций, активов, не подлежащих амортизации | O75: ='150.01'!O56+'150.02'!L50 -> 0
A76: VIII | C76: Стоимость работ и услуг, себестоимость ТМЗ, не относимые на вычеты на основании статьи 264 Налогового кодекса | O76: ='150.01'!O57+'150.02'!L51 -> 0
A77: IX | C77: Стоимость работ и услуг, себестоимость ТМЗ, признаваемые расходами будущих периодов и подлежащие отнесению на вычеты в последующие налоговые периоды | O77: ='150.01'!O58+'150.02'!L52 -> 0
A78: 150.00.021 | C78: Штрафы, пени, неустойки | O78: ='150.01'!O59+'150.02'!L53 -> 0
A79: 150.00.022 | C79: НДС, относимый на вычеты по основаниям, установленным пунктом 9 статьи 243 Налогового кодекса | O79: ='150.01'!O60+'150.02'!L54 -> 0
A80: 150.00.023 | C80: Расходы на подготовительные работы к добыче урана методом подземного скважинного выщелачивания после начала добычи после коммерческого обнаружения | O80: ='150.01'!O71 -> 0
A81: 150.00.024 | C81: Социальные отчисления в ГФСС, ФСМС | O81: ='150.01'!O62+'150.02'!L56 -> 0
A82: 150.00.025 | C82: Расходы по вознаграждению | O82: ='150.01'!O63+'150.02'!L57 -> 0
A83: 150.00.026 | C83: Суммы компенсаций при служебных командировках | O83: ='150.01'!O64+'150.02'!L58 -> 0
A84: 150.00.027 | C84: Сомнительные обязательства, в том числе: сумма выплаченных обязательств, ранее признанных доходом в соответствии со статьей 229 Налогового кодекса | O84: ='150.01'!O65+'150.02'!L59 -> 0
A85: 150.00.028 | C85: Сомнительные требования | O85: ='150.01'!O66+'150.02'!L60 -> 0
A86: 150.00.029 | C86: Расходы на ликвидацию последствий разработки месторождений и суммы отчислений в ликвидационные фонды | O86: ='150.01'!O67 -> 0
A87: 150.00.030 | C87: Расходы на научно-исследовательские и научно-технические работы и расходы недропользователя по финансированию научно-исследовательских, научно-технических работ и (или) опытно-конструкторских работ, а также по перечислению денег в автономный кластерный фонд относимые на вычет в соответствии со статьями 254 и 255 Налогового кодекса | O87: ='150.01'!O68 -> 0
A88: 150.00.031 | C88: Страховые премии по договорам страхования, за исключением страховых премий по договорам накопительного страхования | O88: ='150.01'!O69+'150.02'!L61 -> 0
A89: 150.00.032 | C89: Расходы на геологическое изучение, разведку и подготовительные работы к добыче природных ресурсов и другие вычеты недропользователя | O89: ='150.01'!O70 -> 0
A90: 150.00.033 | C90: Расходы недропользователя на обучение казахстанских кадров и развитие социальной сферы регионов | O90: ='150.01'!O72 -> 0
A91: 150.00.034 | C91: Превышение суммы отрицательной курсовой разницы над суммой положительной курсовой разницы | O91: ='150.01'!O73+'150.02'!L62 -> 0
A92: 150.00.035 | C92: Налоги и другие обязательные платежи в бюджет | O92: ='150.01'!O74+'150.02'!L63 -> 0
A93: 150.00.036 | C93: Вычеты по фиксированным активам | O93: ='150.01'!O75+'150.02'!L64 -> 0
A94: 150.00.037 | C94: Вычеты по фиксированным активам, производимые в соответствии с пунктом 5 статьи 273 Налогового кодекса | O94: ='150.01'!O76 -> 0
A95: 150.00.038 | C95: Вычеты по инвестиционным налоговым преференциям | O95: ='150.01'!O77+'150.02'!L66 -> 0
A96: 150.00.039 | C96: Другие вычеты | O96: ='150.01'!O78+'150.02'!L67 -> 0
A98: 150.00.040 | C98: Всего вычетов (или 150.00.040 I или 150.00.040 II или 150.00.040 III) | O98: =O99 -> 0
A99: I | C99: Вычеты (сумма с 150.00.020 по 150.00.039) | O99: ='150.01'!O80+'150.02'!L69 -> 0
A100: II | C100: Всего расходов, подлежащих отнесению на вычеты некоммерческой организацией, участниками МФЦА | O100: ='150.02'!L71 -> 0
A101: III | C101: Всего расходов, подлежащих отнесению на вычеты резидентом, имеющим постоянные учреждения за пределами РК | O101: ='150.02'!L72 -> 0
B103: Раздел. Корректировка доходов и вычетов
A105: 150.00.041 | C105: Корректировка доходов и вычетов
A106: I | C106: Корректировка доходов | O106: ='150.01'!O85+'150.02'!L77 -> 0
A107: II | C107: Корректировка вычетов | O107: ='150.01'!O86+'150.02'!L78 -> 0
B109: Раздел. Корректировка доходов и вычетов в соответствии с Законом о трансфертном ценообразовании
A111: 150.00.042 | C111: Корректировка доходов | O111: ='150.01'!O90+'150.02'!L82 -> 0
A112: 150.00.043 | C112: Корректировка вычетов | O112: ='150.01'!O91+'150.02'!L83 -> 0
B114: Раздел. Расчет налогооблагаемого дохода
A116: 150.00.044 | C116: НАЛОГООБЛАГАЕМЫЙ ДОХОД (УБЫТОК) (150.01.042 +150.02.035) | O116: ='150.01'!O95+'150.02'!L87 -> 0
A117: 150.00.045 | C117: Доходы из иностранных источников (150.01.043 + 150.02.036) | O117: ='150.01'!O96+'150.02'!L88 -> 0
A118: 150.00.046 | C118: Доход освобождаемый от налогообложения, в т.ч.: | O118: ='150.01'!O98+'150.02'!L89 -> 0
A119: I | C119: доход освобождаемый от налогообложения в соответствии с международными договорами | O119: ='150.01'!O98+'150.02'!L90 -> 0
A120: II | C120: доход освобождаемый в соответствии с Конституционным законом РК "О МФЦА" | O120: ='150.02'!L91 -> 0
A122: 150.00.047 | C122: ВСЕГО НАЛОГООБЛАГАЕМОГО ДОХОДА (УБЫТКА) (150.01.045+150.02.038) | O122: ='150.01'!O99+'150.02'!L92 -> 0
A123: 150.00.048 | C123: Суммарная прибыль КИК и ПУ КИК (150.01.046 + 150.02.039) | O123: ='150.01'!O100+'150.02'!L93 -> 0
A124: I | C124: Сумма облагаемого дохода КИК и ПУ КИК в соответствии с подпунктом 4) статьи 223 Налогового кодекса (150.01.046 І + 150.02.039 І) | O124: ='150.01'!O101+'150.02'!L94 -> 0
A125: II | C125: Сумма облагаемого дохода КИК и ПУ КИК в соответствии с подпунктом 5) статьи 223 Налогового кодекса (150.01.046 ІІ + 150.02.039 ІІ) | O125: ='150.01'!O102+'150.02'!L95 -> 0
A127: 150.00.049 | C127: Убытки от реализации объектов незавершенного строительства, неустановленного оборудования, за исключением активов, выкупленных для государственных нужд в соответствии с законами Республики Казахстан, а также убытки от выбытия фиксированных активов I группы | O127: ='150.01'!O104+'150.02'!L97 -> 0
A128: 150.00.050 | C128: Убыток, подлежащий переносу | O128: ='150.01'!O105+'150.02'!L98 -> 0
A129: 150.00.051 | C129: Уменьшение налогооблагаемого дохода в соответствии со статьей 288 Налогового кодекса, в том числе: | O129: ='150.01'!O106+'150.02'!L99 -> 0
...

Sheet 150.01
M2: Форма 150.01
A4: Об объектах налогообложения и (или) объектах, связанных с налогообложением, по исчислению корпоративного подоходного налога по каждому контракту на недропользование, месторождению (группе месторождений, части месторождения) (Приложение 1 к Декларации)
B6: Раздел. Общая информация о налогоплательщике
A8: 1 | B8: БИН | C8: ='150.00'!C8:F8 -> 222222222222
A10: 2 | B10: Налоговый период, за который предоставляется налоговая отчетность: год | K10: ='150.00'!K10 -> 2025
A12: 3 | B12: Номер и дата контракта | E12: А | F12: Номер | L12: В | M12: Дата
A14: 4 | B14: Наименование месторождения
A18: Раздел. Совокупный годовой доход
A19: Код строки | C19: Наименование | O19: Сумма
A20: 150.01.001 | C20: Доход от реализации | O20: ='№ 1доход реал'!H12 -> 0
A21: 150.01.002 | C21: Доход от прироста стоимости | O21: ='№ 2 доход от прир стоимости '!K54 -> 0
A22: 150.01.003 | C22: Доход от списания обязательств | O22: ='№ 4 списание обязательств'!K12 -> 0
A23: 150.01.004 | C23: Доход по сомнительным обязательствам | O23: ='№ 5 доход по сомнит обяз'!I12 -> 0
A24: 150.01.005 | C24: Доход от уступки права требования | O24: ='№ 6 доход от уступки'!J12 -> 0
A25: 150.01.006 | C25: Доход от выбытия фиксированных активов | O25: ='№ 7 доход от выб ФА'!J40+'№ 7 доход от выб ФА'!J43 -> 0
A26: 150.01.007 | C26: Доход от корректировки расходов на геологическое изучение и подготовительные работы к добыче природных ресурсов, а также других расходов недропользователя | O26: ='№ 8 доход от корректировки'!H27 -> 0
A27: 150.01.008 | C27: Доход от превышения суммы отчислений в фонд ликвидации последствий разработки месторождений над суммой фактических расходов по ликвидации последствий разработки месторождений | O27: ='№ 9 превышение отчислений'!H27 -> 0
A28: 150.01.009 | C28: Размер нецелевого использования средств ликвидационного фонда недропользователем | O28: ='№ 10 нецелевое использование'!H12 -> 0
A29: 150.01.010 | C29: Присужденные или признанные должником штрафы, пени и другие виды санкций, кроме возвращенных из бюджета необоснованно удержанных штрафов, если эти суммы ранее не были отнесены на вычеты | O29: ='№ 11 штрафы пени'!J26 -> 0
A30: 150.01.011 | C30: Дивиденды, Вознаграждение по депозиту, долговой ценной бумаге векселю, исламскому арендному сертификату, Выигрыши | O30: ='№ 12 дивид вознагр'!J12 -> 0
A31: 150.01.012 | C31: Превышение суммы положительной курсовой разницы над суммой отрицательной курсовой разницы | O31: ='№ 13 курсовые разницы'!J13 -> 0
A32: 150.01.013 | C32: Доход по инвестиционному депозиту, размещенному в исламском банке | O32: ='№ 14 депозит в ислам банке'!J12 -> 0
A33: 150.01.014 | C33: Другие доходы | O33: ='№ 15 другие доходы'!I19 -> 0
A34: 150.01.015 | C34: СОВОКУПНЫЙ ГОДОВОЙ ДОХОД (сумма строк с 150.01.001 по 150.01.015) | O34: =SUM(O20:O33) -> 0
A35: 150.01.016 | C35: Корректировка совокупного годового дохода в соответствии с п.1 статьи 241 Налогового кодекса | O35: ='№ 17 коррект СГД'!I14 -> 0
A36: 150.01.017 | C36: Положительная (отрицательная) разница, полученная при переходе на иной метод оценки товарно-материальных запасов | O36: ='№ 18 корректир СГД'!J13 -> 0
A37: 150.01.018 | C37: Совокупный годовой доход с учетом корретировок (150.01.015 - 150.01.016 + или - 150.01.017) | O37: =O34-O35+O36 -> 0
B39: Раздел. Вычеты
A41: 150.01.019 | C41: Расходы по реализованным товарам (работам, услугам) (150.01.019 I - 150.01.019 II + 150.01.019 III + 150.01.019 IV + 150.01.019 V - 150.01.019 VI - 150.01.019 VII - 150.01.019 VIII - 150.01.019 IX) | O41: =O42-O43+O44+O53+O54-O55-O56-O57-O58 -> 0
A42: I | C42: ТМЗ на начало налогового периода, всего
A43: II | C43: ТМЗ на конец налогового периода, всего
A44: III | C44: Приобретено ТМЗ, работ и услуг всего, в том числе: | O44: =SUM(O45:O52) -> 0
C45: А | D45: товары, сырье, материалы | O45: ='20.3A ТМЗ'!I30 -> 0
C46: В | D46: финансовые услуги | O46: ='20.3B фин. услуги'!I30 -> 0
C47: С | D47: рекламные услуги | O47: ='20.3C рекламные усл.'!I20 -> 0
C48: D | D48: консультационные услуги | O48: ='20.3D консультационные услуги'!I20 -> 0
C49: E | D49: маркетинговые услуги | O49: ='20.3E маркетинговые усл.'!I20 -> 0
C50: F | D50: дизайнерские услуги | O50: ='20.3F дизайнерские услуги'!I20 -> 0
C51: G | D51: инжиниринговые услуги | O51: ='20.3G инжиниринговые услуги'!I20 -> 0
C52: H | D52: прочие услуги и работы | O52: ='20.3H прочие'!I30 -> 0
A53: IV | C53: Расходы по начисленным доходам работников и иным выплатам физическим лицам | O53: ='20.4 доходы работников'!K17 -> 0
A54: V | C54: Стоимость работ и услуг, себестоимость ТМЗ, признанные расходами будущих периодов в предыдущих налоговых периодах и относимые на вычеты в отчетном налоговом периоде | O54: ='№ 20.5, 20.9 РБП'!C13 -> 0
A55: VI | C55: Стоимость работ, услуг, себестоимость ТМЗ, признаваемые последующими расходами | O55: ='20.6текущ.ремонт'!G42 -> 0
A56: VII | C56: Стоимость работ, услуг, себестоимость ТМЗ, включаемые в первоначальную стоимость фиксированных активов, объектов преференций, активов, не подлежащих амортизации | O56: ='20.7кап.ремонт'!G42 -> 0
A57: VIII | C57: Стоимость работ и услуг, себестоимость ТМЗ, не относимые на вычеты на основании статьи 115 Налогового кодекса | O57: ='20.8не вычет'!I26 -> 0
A58: IX | C58: Стоимость работ и услуг, себестоимость ТМЗ, признаваемые расходами будущих периодов и подлежащие отнесению на вычеты в последующие налоговые периоды | O58: ='№ 20.5, 20.9 РБП'!E13 -> 0
A59: 150.01.020 | C59: Штрафы, пени, неустойки | O59: =21штрафы!I31 -> 0
A60: 150.01.021 | C60: НДС, относимый на вычеты по основаниям, установленным пунктом 9 статьи 243 Налогового кодекса | O60: =22НДС!I11 -> 0
A62: 150.01.022 | C62: Социальные отчисления в ГФСС, ФСМС | O62: =24со!I11+38осмс!H12 -> 0
A63: 150.01.023 | C63: Расходы по вознаграждению | O63: =25вознагр!I21 -> 0
A64: 150.01.024 | C64: Суммы компенсаций при служебных командировках | O64: ='26команд.расх'!I37 -> 0
A65: 150.01.025 | C65: Сомнительные обязательства, в том числе: сумма выплаченных обязательств, ранее признанных доходом в соответствии со статьей 229 Налогового кодекса | O65: ='27сомнит.обязат'!I25 -> 0
A66: 150.01.026 | C66: Сомнительные требования | O66: ='28сомнит.треб'!I25 -> 0
A67: 150.01.027 | C67: Расходы на ликвидацию последствий разработки месторождений и суммы отчислений в ликвидационные фонды | O67: ='29ликвид.последствий'!F39 -> 0
A68: 150.01.028 | C68: Расходы на научно-исследовательские и научно-технические работы и расходы недропользователя по финансированию научно-исследовательских, научно-технических работ и (или) опытно-конструкторских работ, а также по перечислению денег в автономный кластерный фонд относимые на вычет в соответствии со статьями 254 и 255 Налогового кодекса | O68: =30наука!I21 -> 0
A69: 150.01.029 | C69: Страховые премии по договорам страхования, за исключением страховых премий по договорам накопительного страхования | O69: =31страхование!I21 -> 0
A70: 150.01.030 | C70: Расходы на геологическое изучение, разведку и подготовительные работы к добыче природных ресурсов и другие вычеты недропользователя | O70: ='150.03'!BC11+'150.03'!BG11 -> 0
A71: 150.01.031 | C71: Расходы подготовительные работы к добыче урана методом подземного скважинного выщелачивания после начала добычи после коммерческого обнаружения, относимые в соответствии со статьей 260 Налогового кодекса
A72: 150.01.032 | C72: Расходы недропользователя на обучение казахстанских кадров и развитие социальной сферы регионов | O72: =33обучение!I21 -> 0
A73: 150.01.033 | C73: Превышение суммы отрицательной курсовой разницы над суммой положительной курсовой разницы | O73: ='№ 13 курсовые разницы'!J14 -> 0
A74: 150.01.034 | C74: Налоги и другие обязательные платежи в бюджет | O74: =35налоги!H13 -> 0
A75: 150.01.035 | C75: Вычеты по фиксированным активам | O75: ='150.05ФА контракт'!K69 -> 0
A76: 150.01.036 | C76: Вычеты по фиксированным активам, производимые в соответствии с пунктом 5 статьи 273 Налогового кодекса
A78: 150.01.037 | C78: Другие вычеты | O78: ='38др.вычеты'!J25 -> 0
A80: 150.01.038 | C80: ВСЕГО ВЫЧЕТОВ (сумма с 150.01.019 по 150.01.037) | O80: =O41+O59+O60+O61+O62+O63+O64+O65+O66+O67+O68+O69+O70+O72+O73+O74+O75+O77+O78+O71+O76 -> 0
B82: Раздел. Корректировка доходов и вычетов
A84: 150.01.039 | C84: Корректировка доходов и вычетов | O84: =O85-O86 -> 0
A85: I | C85: Корректировка доходов | O85: =40корр!K13 -> 0
A86: II | C86: Корректировка вычетов | O86: =40корр!K22 -> 0
B88: Раздел. Корректировка доходов и вычетов в соответствии с Законом о трансфертном ценообразовании
A90: 150.01.040 | C90: Корректировка доходов
A91: 150.01.041 | C91: Корректировка вычетов
B93: Раздел. Расчет налогооблагаемого дохода
A95: 150.01.042 | C95: НАЛОГООБЛАГАЕМЫЙ ДОХОД (УБЫТОК) (150.01.018-150.01.038+150.01.039+150.01.040-150.01.041) | O95: =O37-O80+O84+O90-O91 -> 0
A96: 150.01.043 | C96: Доходы из иностранных источников
A98: 150.01.044 | C98: Доход освобождаемый от налогообложения в соответствии с международными договорами
A99: 150.01.045 | C99: ВСЕГО НАЛОГООБЛАГАЕМОГО ДОХОДА (УБЫТКА) (150.01.042-150.01.044) | O99: =O95-O98 -> 0
A100: 150.01.046 | C100: Суммарная прибыль КИК и ПУ КИК
A101: I | C101: Сумма облагаемого дохода КИК и ПУ КИК в соответствии с подпунктом 4) статьи 223 Налогового кодекса
A102: II | C102: Сумма облагаемого дохода КИК и ПУ КИК в соответствии с подпунктом 5) статьи 223 Налогового кодекса
A104: 150.01.047 | C104: Убытки от реализации объектов незавершенного строительства, неустановленного оборудования, за исключением активов, выкупленных для государственных нужд в соответствии с законами Республики Казахстан, а также убытки от выбытия фиксированных активов I группы
A105: 150.01.048 | C105: Убыток, подлежащий переносу | O105: =IF(O95>0,O104,-(O95+O104)) -> 0
A106: 150.01.049 | C106: Уменьшение налогооблагаемого дохода в соответствии со статьей 288 Налогового кодекса, в том числе:
B107: А | C107: Уменьшение налогооблагаемого дохода в соответствии с подпунктами 1) и 2) пункта 1 статьи 288 Налогового кодекса
B108: В | C108: Уменьшение налогооблагаемого дохода в соответствии с подпунктом 4) пункта 1 статьи 288 Налогового кодекса
A109: 150.01.050 | C109: Налогооблагаемый доход с учетом уменьшения (150.01.042 - 150.01.049) | O109: =IF(O106>O95,0,O95-O106) -> 0
A111: 150.01.051 | C111: Убытки, перенесенные из предыдущих налоговых периодов | O111: ='50убытки перенос'!I13 -> 0
A112: I | C112: Убытки, определенные частью второй пункта 1 статьи 300 Налогового кодекса
A113: 150.01.052 | C113: НАЛОГООБЛАГАЕМЫЙ ДОХОД С УЧЕТОМ ПЕРЕНЕСЕННЫХ УБЫТКОВ (150.01.051 - 150.01.052) | O113: =IF(O111>O109,0,O109-O111) -> 0
A114: 150.01.053 | C114: Облагаемый доход КИК и ПУ КИК с учетом перенесенных убытков (150.01.046 I - 150.01.051 I) | O114: =IF(O112>O101,0,O101-O112) -> 0
B115: Раздел. Расчет налогового обязательства
A117: 150.01.054 | C117: Ставка КПН (%) | O117: 0.2
A118: 150.01.055 | C118: КПН с налогооблагаемого дохода | O118: =O113*O117 -> 0
A119: 150.01.056 | C119: Исчисленная сумма КПН (150.01.055 - 150.01.056 I - 150.01.056 II - 150.01.056 III - 150.01.056 IV - 150.01.056 V - 150.01.056 VI); если полученная разница меньше ноля, то в строке 150.01.056 указывается ноль | O119: =IF((O118-O120-O121-O122-O123-O124-O125)<0,0,(O118-O120-O121-O122-O123-O124-O125)) -> 0
A120: I | C120: Зачет иностранного налога
A121: II | C121: Зачет иностранного налога с финансовой прибыли КИК или ПУ КИК
A122: III | C122: КПН, удержанный у источника выплаты с дохода в виде выигрыша
A123: IV | C123: КПН, удержанный у источника выплаты с дохода в виде вознаграждения, переносимый из предыдущих налоговых периодов в соответствии с пунктом 3 статьи 302 Налогового кодекса
A124: V | C124: КПН, удержанный у источника выплаты с дохода в виде вознаграждения, удержанный в налоговом периоде в соответствии с пунктом 3 статьи 302 Налогового кодекса
A125: VI | C125: КПН, удержанный у источника выплаты в соответствии со статьей 653 Налогового кодекса
...

Sheet 150.02
A4: Об объектах налогообложения и (или) объектах, связанных с налогообложением, по исчислению корпоративного подоходного налога по внеконтрактной деятельности (Приложение 2 к Декларации)
B6: Раздел. Общая информация о налогоплательщике
A8: 1 | B8: БИН | C8: ='150.00'!C8:F8 -> 222222222222
A10: 2 | B10: Налоговый период, за который предоставляется налоговая отчетность: год | K10: ='150.00'!K10 -> 2025
A12: 3 | B12: Номер проекта | I12: Дата проекта
A14: Раздел. Совокупный годовой доход
A15: Код строки | C15: Наименование | L15: Сумма
A16: 150.02.001 | C16: Доход от реализации | L16: ='№ 1доход реал'!I12 -> 0
A17: 150.02.002 | C17: Доход от прироста стоимости | L17: ='№ 2 доход от прир стоимости '!L54 -> 0
A18: 150.02.003 | C18: Доход по производным финансовым инструментам | L18: ='№ 3 производн фининструменты'!K23 -> 0
A19: 150.02.004 | C19: Доход от списания обязательств | L19: ='№ 4 списание обязательств'!L12 -> 0
A20: 150.02.005 | C20: Доход по сомнительным обязательствам | L20: ='№ 5 доход по сомнит обяз'!J12 -> 0
A21: 150.02.006 | C21: Доход от уступки права требования | L21: ='№ 6 доход от уступки'!K12 -> 0
A22: 150.02.007 | C22: Доход от выбытия фиксированных активов | L22: ='№ 7 доход от выб ФА'!J41+'№ 7 доход от выб ФА'!J44 -> 0
A23: 150.02.008 | C23: Присужденные или признанные должником штрафы, пени и другие виды санкций, кроме возвращенных из бюджета необоснованно удержанных штрафов, если эти суммы ранее не были отнесены на вычеты | L23: ='№ 11 штрафы пени'!K26 -> 0
A24: 150.02.009 | C24: Дивиденды, Вознаграждение по депозиту, долговой ценной бумаге векселю, исламскому арендному сертификату, Выигрыши | L24: ='№ 12 дивид вознагр'!K12 -> 0
A25: 150.02.010 | C25: Превышение суммы положительной курсовой разницы над суммой отрицательной курсовой разницы | L25: ='№ 13 курсовые разницы'!K13 -> 0
A26: 150.02.011 | C26: Доход по инвестиционному депозиту, размещенному в исламском банке | L26: ='№ 14 депозит в ислам банке'!K12 -> 0
A27: 150.02.012 | C27: Другие доходы | L27: ='№ 15 другие доходы'!J19 -> 0
A28: 150.02.013 | C28: СОВОКУПНЫЙ ГОДОВОЙ ДОХОД (сумма строк с 150.02.001 по 150.02.012) | L28: =SUM(L16:L27) -> 0
A29: 150.02.014 | C29: Корректировка совокупного годового дохода в соответствии с п.1 статьи 241 Налогового кодекса | L29: ='№ 17 коррект СГД'!J14 -> 0
A30: 150.02.015 | C30: Положительная (отрицательная) разница, полученная при переходе на иной метод оценки товарно-материальных запасов | L30: ='№ 18 корректир СГД'!K13 -> 0
A31: 150.02.016 | C31: СОВОКУПНЫЙ ГОДОВОЙ ДОХОД С УЧЕТОМ КОРРЕКТИРОВОК (150.02.013 – 150.02.014+ или - 150.02.015) | L31: =L28-L29-L30 -> 0
B33: Раздел. Вычеты
A35: 150.02.017 | C35: Расходы по реализованным товарам (работам, услугам) (150.02.017 I - 150.02.017 II + 150.02.017 III + 150.02.017 IV + 150.02.017 V - 150.02.017 VI - 150.02.017 VII - 150.02.017 VIII - 150.02.017 IX) | L35: =L36-L37+L38+L47+L48-L49-L50-L51-L52 -> 0
A36: I | C36: ТМЗ на начало налогового периода, всего
A37: II | C37: ТМЗ на конец налогового периода, всего
A38: III | C38: Приобретено ТМЗ, работ и услуг всего, в том числе: | L38: =SUM(L39:L46) -> 0
C39: А | D39: товары, сырье, материалы | L39: ='20.3A ТМЗ'!J30 -> 0
C40: В | D40: финансовые услуги | L40: ='20.3B фин. услуги'!J30 -> 0
C41: С | D41: рекламные услуги | L41: ='20.3C рекламные усл.'!J20 -> 0
C42: D | D42: консультационные услуги | L42: ='20.3D консультационные услуги'!J20 -> 0
C43: E | D43: маркетинговые услуги | L43: ='20.3E маркетинговые усл.'!J20 -> 0
C44: F | D44: дизайнерские услуги | L44: ='20.3F дизайнерские услуги'!J20 -> 0
C45: G | D45: инжиниринговые услуги | L45: ='20.3G инжиниринговые услуги'!J20 -> 0
C46: H | D46: прочие услуги и работы | L46: ='20.3H прочие'!J30 -> 0
A47: IV | C47: Расходы по начисленным доходам работников и иным выплатам физическим лицам | L47: ='20.4 доходы работников'!L17 -> 0
A48: V | C48: Стоимость работ и услуг, себестоимость ТМЗ, признанные расходами будущих периодов в предыдущих налоговых периодах и относимые на вычеты в отчетном налоговом периоде | L48: ='№ 20.5, 20.9 РБП'!C18 -> 0
A49: VI | C49: Стоимость работ, услуг, себестоимость ТМЗ, признаваемые последующими расходами | L49: ='20.6текущ.ремонт'!H42 -> 0
A50: VII | C50: Стоимость работ, услуг, себестоимость ТМЗ, включаемые в первоначальную стоимость фиксированных активов, объектов преференций, активов, не подлежащих амортизации | L50: ='20.7кап.ремонт'!H42 -> 0
A51: VIII | C51: Стоимость работ и услуг, себестоимость ТМЗ, не относимые на вычеты на основании статьи 264 Налогового кодекса | L51: ='20.8не вычет'!J26 -> 0
A52: IX | C52: Стоимость работ и услуг, себестоимость ТМЗ, признаваемые расходами будущих периодов и подлежащие отнесению на вычеты в последующие налоговые периоды | L52: ='№ 20.5, 20.9 РБП'!E18 -> 0
A53: 150.02.018 | C53: Штрафы, пени, неустойки | L53: =21штрафы!J31 -> 0
A54: 150.02.019 | C54: НДС, относимый на вычеты по основаниям, установленным пунктом 9 статьи 243 Налогового кодекса | L54: =22НДС!J11 -> 0
A56: 150.02.021 | C56: Социальные отчисления в ГФСС, ФСМС | L56: =24со!J11+38осмс!H25 -> 0
A57: 150.02.021 | C57: Расходы по вознаграждению | L57: =25вознагр!J21 -> 0
A58: 150.02.022 | C58: Суммы компенсаций при служебных командировках | L58: ='26команд.расх'!J37 -> 0
A59: 150.02.023 | C59: Сомнительные обязательства, в том числе: сумма выплаченных обязательств, ранее признанных доходом в соответствии со статьей 229 Налогового кодекса | L59: ='27сомнит.обязат'!J25 -> 0
A60: 150.02.024 | C60: Сомнительные требования | L60: ='28сомнит.треб'!J25 -> 0
A61: 150.02.025 | C61: Страховые премии по договорам страхования, за исключением страховых премий по договорам накопительного страхования | L61: =31страхование!J21 -> 0
A62: 150.02.026 | C62: Превышение суммы отрицательной курсовой разницы над суммой положительной курсовой разницы | L62: ='№ 13 курсовые разницы'!K14 -> 0
A63: 150.02.027 | C63: Налоги и другие обязательные платежи в бюджет | L63: =35налоги!H24 -> 0
A64: 150.02.028 | C64: Вычеты по фиксированным активам, в том числе: | L64: ='150.05 ФА внеконтрактная'!K69 -> 0
A66: 150.02.029 | C66: Вычеты по инвестиционным налоговым преференциям | L66: =37инп!J12 -> 0
A67: 150.02.030 | C67: Другие вычеты, в том числе: | L67: ='38др.вычеты'!L25 -> 0
A69: 150.02.031 | C69: ВСЕГО ВЫЧЕТОВ (или 150.02.031 I, или150.02.031 II, или 150.02.031 III)) | L69: =L70 -> 0
A70: I | C70: Вычеты (сумма с 150.02.017 по 150.02.030) | L70: =L35+L53+L54+L55+L56+L57+L58+L59+L60+L61+L62+L63+L64+L66+L67 -> 0
A71: II | C71: Всего расходов, подлежащих отнесению на вычеты некоммерческой организацией, участниками МФЦА
A72: III | C72: Всего расходов, подлежащих отнесению на вычеты резидентом, имеющим постоянные учреждения за пределами РК
B74: Раздел. Корректировка доходов и вычетов
A76: 150.02.032 | C76: Корректировка доходов и вычетов | L76: =L77-L78 -> 0
A77: I | C77: Корректировка доходов | L77: =40корр!L13 -> 0
A78: II | C78: Корректировка вычетов | L78: =40корр!L22 -> 0
B80: Раздел. Корректировка доходов и вычетов в соответствии с Законом о трансфертном ценообразовании
A82: 150.02.033 | C82: Корректировка доходов
A83: 150.02.034 | C83: Корректировка вычетов
B85: Раздел. Расчет налогооблагаемого дохода
A87: 150.02.035 | C87: НАЛОГООБЛАГАЕМЫЙ ДОХОД (УБЫТОК) (150.02.016-150.02.032+150.02.033+150.02.034-150.02.035) | L87: =L31-L69+L76+L82-L83 -> 0
A88: 150.02.036 | C88: Доходы из иностранных источников
A89: 150.02.037 | C89: Доход освобождаемый от налогообложения, в т.ч.:
A90: I | C90: доход освобождаемый от налогообложения в соответствии с международными договорами
A91: II | C91: доход освобождаемый в соответствии с Конституционным законом РК "О МФЦА" (150.13.013) | L91: ='150.13'!K28 -> 0
A92: 150.02.038 | C92: ВСЕГО НАЛОГООБЛАГАЕМОГО ДОХОДА (УБЫТКА) (150.02.035 - 150.02.037) | L92: =L87-L89 -> 0
A93: 150.02.039 | C93: Суммарная прибыль КИК и ПУ КИК
A94: I | C94: Сумма облагаемого дохода КИК и ПУ КИК в соответствии с подпунктом 4) статьи 223 Налогового кодекса
A95: II | C95: Сумма облагаемого дохода КИК и ПУ КИК в соответствии с подпунктом 5) статьи 223 Налогового кодекса
A97: 150.02.040 | C97: Убытки от реализации объектов незавершенного строительства, неустановленного оборудования, за исключением активов, выкупленных для государственных нужд в соответствии с законами Республики Казахстан, а также убытки от выбытия фиксированных активов I группы
A98: 150.02.041 | C98: Убыток, подлежащий переносу | L98: =IF(L92>0,L97,-(L92+L97)) -> 0
A99: 150.02.042 | C99: Уменьшение налогооблагаемого дохода в соответствии со статьей 288 Налогового кодекса, в том числе:
A100: А | C100: Уменьшение налогооблагаемого дохода в соответствии с подпунктами 1) и 2) пункта 1 статьи 288 Налогового кодекса
A101: В | C101: Уменьшение налогооблагаемого дохода в соответствии с подпунктом 4) пункта 1 статьи 288 Налогового кодекса
A102: 150.02.043 | C102: Налогооблагаемый доход с учетом уменьшения (150.02.038 - 150.02.042) | L102: =IF(L99>L92,0,L92-L99) -> 0
A103: 150.02.044 | C103: Убытки, перенесенные из предыдущих налоговых периодов | L103: ='50убытки перенос'!J13 -> 0
A104: I | C104: Убытки, определенные частью второй пункта 1 статьи 300 Налогового кодекса
A105: 150.02.045 | C105: НАЛОГООБЛАГАЕМЫЙ ДОХОД С УЧЕТОМ ПЕРЕНЕСЕННЫХ УБЫТКОВ (150.02.043 - 150.02.044) | L105: =IF(L103>L102,0,L102-L103) -> 0
A106: 150.02.046 | C106: Облагаемый доход КИК и ПУ КИК с учетом перенесенных убытков (150.02.039 I - 150.02.044 I) | L106: =IF(L104>L94,0,L94-L104) -> 0
B107: Раздел. Расчет налогового обязательства
A109: 150.02.047 | C109: Ставка КПН (%) | L109: 0.2
A110: 150.02.048 | C110: КПН с налогооблагаемого дохода | L110: =L105*L109 -> 0
A111: 150.02.049 | C111: Исчисленная сумма КПН (150.02.048 - 150.02.049 I - 150.02.049 II - 150.02.049 III - 150.02.049 IV - 150.02.049 V - 150.02.049 VI); если полученная разница меньше ноля, то в строке 150.01.049 указывается ноль | L111: =IF((L110-L112-L113-L114-L115-L116-L117)<0,0,(L110-L112-L113-L114-L115-L116-L117)) -> 0
A112: I | C112: Зачет иностранного налога
A113: II | C113: Зачет иностранного налога с финансовой прибыли КИК или ПУ КИК
A114: III | C114: КПН, удержанный у источника выплаты с дохода в виде выигрыша
A115: IV | C115: КПН, удержанный у источника выплаты с дохода в виде вознаграждения, переносимый из предыдущих налоговых периодов в соответствии с пунктом 3 статьи 302 Налогового кодекса
A116: V | C116: КПН, удержанный у источника выплаты с дохода в виде вознаграждения, удержанный в налоговом периоде в соответствии с пунктом 3 статьи 302 Налогового кодекса
A117: VI | C117: КПН, удержанный у источника выплаты в соответствии со статьей 653 Налогового кодекса
A119: 150.02.050 | C119: Исчисленная сумма КПН с учетом уменьшения (150.02.049 - 150.02.050 I) | L119: =L111-L120 -> 0
A120: I | C120: Уменьшение КПН в соответствии с налоговым законодательством Республики Казахстан
A121: 150.02.051 | C121: КПН с облагаемого дохода КИК и ПУ КИК в соответствии с подпунктом 4) статьи 223 Налогового кодекса (150.02.046 х 150.02.047) | L121: =L106*L109 -> 0
A122: 150.02.052 | C122: КПН с облагаемого дохода КИК и ПУ КИК в соответствии с подпунктом 5) статьи 223 Налогового кодекса (150.02.039 II х 150.02.047) | L122: =L95*L109 -> 0
...

Sheet 150.03
B1: Форма 150.03 | I1: Форма 150.03 Стр. 01 | O1: Форма 150.03 Стр. 02 | U1: Форма 150.03 Стр. 03 | AA1: Форма 150.03 Стр. 04 | AG1: Форма 150.03 Стр. 05 | AM1: Форма 150.03 Стр. 06 | AS1: Форма 150.03 Стр. 07 | AY1: Форма 150.03 Стр. 08 | BE1: Форма 150.03 Стр. 09 | BG1: Форма 150.03 Стр. 10
A2: РАСХОДЫ НА ГЕОЛОГИЧЕСКОЕ ИЗУЧЕНИЕ, РАЗВЕДКУ И ПОДГОТОВИТЕЛЬНЫЕ РАБОТЫ К ДОБЫЧЕ ПРИРОДНЫХ РЕСУРСОВ И ДРУГИЕ РАСХОДЫ НЕДРОПОЛЬЗОВАТЕЛЕЙ (Приложение 3 к Декларации)
A4: Раздел. Общая информация о налогоплательщике
A6: 1 | B6: БИН | C6: ='150.00'!C8:F8 -> 222222222222
A7: 2 | B7: Налоговый период | E7: ='150.00'!K10 -> 2025
A9: Раздел. Показатели | P9: Раздел. Показатели
A10: А | B10: № | C10: В | D10: № и дата контракта | F10: C | G10: Расходы на геологическое изучение | H10: D | I10: Расходы на разведку и подготовительные работы к добыче полезных ископаемых, включая расходы по оценке, обустройству | J10: E | K10: Общие административные расходы | L10: F | M10: Сумма выплаченных бонусов | N10: G | O10: Сумма расходов на обучение казахстанских кадров и развитие социальной сферы регионов, относимая на вычеты | P10: H | Q10: Расходы по приобретению основных средств | R10: I | S10: Расходы по приобретению нематериальных активов в виде права недропользования | T10: J | U10: Расходы по приобретению прочих нематериальных активов | V10: K | W10: Иные расходы, подлежащие вычету | X10: L | Y10: Всего расходов (сумма с C по К) | Z10: M | AA10: Доходы, полученные в период проведения геологического изучения и подготовительных работ к добыче, за исключением доходов, подлежащих исключению из СГД | AB10: N | AC10: Доходы, полученные от реализации полезных ископаемых, до момента начала добычи после коммерческого обнаружения | AD10: O | AE10: Доходы, полученные от реализации части права недропользования | AF10: P | AG10: Всего доходы (сумма с М по О) | AH10: Q | AI10: Сумма накопленных расходов за налоговый период (L-P) | AJ10: R | AK10: Стоимостный баланс группы накопленных расходов на начало налогового периода | AL10: S | AM10: Сумма последующих расходов | AN10: T | AO10: Стоимость выбывших активов из группы накопленных расходов, в течение налогового периода | AP10: U | AQ10: Стоимостный баланс группы накопленных расходов на конец налогового периода (R + Q + S) - T. При этом если сумма строк имеет отрицательное значение, дальнейший расчет по форме 150.03 прекращается | AR10: V | AS10: Предельная норма амортизации | AT10: W | AU10: Применяемая норма амортизации | AV10: X | AW10: Сумма к вычету (U * W) | AX10: Y | AY10: Сумма вычетов, подлежащая на вычет по другим контрактам на добычу | AZ10: Z | BA10: Сумма дополнительного вычета перенесенного из контрактов на разведку | BB10: AA | BC10: Итого на вычет | BD10: AB | BE10: Стоимостный баланс группы накопленных расходов на начало следующего налогового периода (U - Y) или (U - X) | BF10: AC | BG10: Стоимостной баланс группы накопленных расходов на конец последнего налогового периода, относимый на вычет
A11: 00000001 | C11: ИТОГО (строка заполняется ТОЛЬКО по итогу формы) | I11: =SUM(I12:I20) -> 0 | K11: =SUM(K12:K20) -> 0 | M11: =SUM(M12:M20) -> 0 | O11: =SUM(O12:O20) -> 0 | Q11: =SUM(Q12:Q20) -> 0 | S11: =SUM(S12:S20) -> 0 | U11: =SUM(U12:U20) -> 0 | W11: =SUM(W12:W20) -> 0 | Y11: =SUM(Y12:Y20) -> 0 | AA11: =SUM(AA12:AA20) -> 0 | AC11: =SUM(AC12:AC20) -> 0 | AE11: =SUM(AE12:AE20) -> 0 | AG11: =SUM(AG12:AG20) -> 0 | AI11: =SUM(AI12:AI20) -> 0 | AK11: =SUM(AK12:AK20) -> 0 | AM11: =SUM(AM12:AM20) -> 0 | AO11: =SUM(AO12:AO20) -> 0 | AQ11: =SUM(AQ12:AQ20) -> 0 | AS11: 25 | AU11: 25 | AW11: =SUM(AW12:AW20) -> 0 | AY11: =SUM(AY12:AY20) -> 0 | BA11: =SUM(BA12:BA20) -> 0 | BC11: =SUM(BC12:BC20) -> 0 | BE11: =SUM(BE12:BE20) -> 0 | BG11: =SUM(BG12:BG20) -> 0
Y12: =G12+I12+K12+M12+O12+Q12+S12+U12+W12 -> 0 | AG12: =AA12+AC12+AE12 -> 0 | AI12: =Y12-AG12 -> 0 | AQ12: =AI12+AK12+AM12-AO12 -> 0 | AS12: 25 | AU12: 25 | AW12: =AQ12*AU12/100 -> 0 | BC12: =AW12+AY12+BA12 -> 0 | BE12: =AQ12-AW12 -> 0
Y13: =G13+I13+K13+M13+O13+Q13+S13+U13+W13 -> 0 | AG13: =AA13+AC13+AE13 -> 0 | AI13: =Y13-AG13 -> 0 | AQ13: =AI13+AK13+AM13-AO13 -> 0 | AS13: 25 | AU13: 25 | AW13: =AQ13*AU13/100 -> 0
Y14: =G14+I14+K14+M14+O14+Q14+S14+U14+W14 -> 0 | AG14: =AA14+AC14+AE14 -> 0 | AI14: =Y14-AG14 -> 0 | AQ14: =AI14+AK14+AM14-AO14 -> 0 | AS14: 25 | AU14: 25 | AW14: =AQ14*AU14/100 -> 0
Y15: =G15+I15+K15+M15+O15+Q15+S15+U15+W15 -> 0 | AG15: =AA15+AC15+AE15 -> 0 | AI15: =Y15-AG15 -> 0 | AQ15: =AI15+AK15+AM15-AO15 -> 0 | AS15: 25 | AU15: 25 | AW15: =AQ15*AU15/100 -> 0
Y16: =G16+I16+K16+M16+O16+Q16+S16+U16+W16 -> 0 | AG16: =AA16+AC16+AE16 -> 0 | AI16: =Y16-AG16 -> 0 | AQ16: =AI16+AK16+AM16-AO16 -> 0 | AS16: 25 | AU16: 25 | AW16: =AQ16*AU16/100 -> 0
Y17: =G17+I17+K17+M17+O17+Q17+S17+U17+W17 -> 0 | AG17: =AA17+AC17+AE17 -> 0 | AI17: =Y17-AG17 -> 0 | AQ17: =AI17+AK17+AM17-AO17 -> 0 | AS17: 25 | AU17: 25 | AW17: =AQ17*AU17/100 -> 0
Y18: =G18+I18+K18+M18+O18+Q18+S18+U18+W18 -> 0 | AG18: =AA18+AC18+AE18 -> 0 | AI18: =Y18-AG18 -> 0 | AQ18: =AI18+AK18+AM18-AO18 -> 0 | AS18: 25 | AU18: 25 | AW18: =AQ18*AU18/100 -> 0
Y19: =G19+I19+K19+M19+O19+Q19+S19+U19+W19 -> 0 | AG19: =AA19+AC19+AE19 -> 0 | AI19: =Y19-AG19 -> 0 | AQ19: =AI19+AK19+AM19-AO19 -> 0 | AS19: 25 | AU19: 25 | AW19: =AQ19*AU19/100 -> 0
Y20: =G20+I20+K20+M20+O20+Q20+S20+U20+W20 -> 0 | AG20: =AA20+AC20+AE20 -> 0 | AI20: =Y20-AG20 -> 0 | AQ20: =AI20+AK20+AM20-AO20 -> 0 | AS20: 25 | AU20: 25 | AW20: =AQ20*AU20/100 -> 0

Sheet 150.04
B1: Форма 150.04 | O1: Форма 150.04
A2: Расходы налогоплательщиков, не являющихся плательщиками НДС, по реализованным товарам, выполненным работам, оказанным услугам (Приложение 4 к Декларации)
A3: Раздел. Общая информация
A5: 1 | B5: БИН | C5: ='150.00'!C8:F8 -> 222222222222 | H5: 2 | I5: Налоговый период | K5: ='150.00'!K10 -> 2025
A6: Раздел. Расходы
A7: А | B7: № | C7: В | D7: БИН / ИИН | F7: C | G7: Код страны резидентства | H7: D | I7: Номер налоговой регистрации в стране резидентства нерезидента | J7: E | K7: Код вида расхода* | L7: F | M7: Стоимость | N7: G | O7: Признак вида деятельности **
A8: 00000001 | C8: ИТОГО (строка заполняется ТОЛЬКО по итогу формы) | M8: =SUM(M9:M17) -> 0
J19: * | K19: Указывается код вида расхода | L19: ** | M19: «1» - если затраты (расходы) понесены исключительно в целях осуществления деятельности, налогообложение которой осуществляется в общеустановленном порядке;
J20: 1 | K20: финансовые услуги
J21: 2 | K21: рекламные услуги | M21: «2» - если затраты (расходы) понесены исключительно в целях осуществления деятельности, налогообложение которой осуществляется в рамках специального налогового режима в соответствии со статьями 697, 698, 699, 700 и 701 Налогового кодекса;
J22: 3 | K22: консультационные услуги | M22: «3» - если затраты (расходы) подлежат распределению между деятельностью, налогообложение которой осуществляется в общеустановленном режиме и деятельностью, налогообложение которой осуществляется в рамках специального налогового режима в соответствии со статьями 697, 698, 699, 700 и 701 Налогового кодекса;
J23: 4 | K23: маркетинговые услуги | M23: «4» - если затраты (расходы) не относятся на вычеты.
J24: 5 | K24: дизайнерские услуги
J25: 6 | K25: инжиниринговые услуги
J26: 7 | K26: прочие

Sheet 150.05 ФА
K2: Форма 150.05
B3: ВЫЧЕТЫ ПО ФИКСИРОВАННЫМ АКТИВАМ
B4: (Приложение 5 к Декларации)
B5: Раздел. Общая информация о налогоплательщике
A7: 1 | B7: БИН | C7: ='150.00'!C8:F8 -> 222222222222
A8: 2 | B8: Налоговый период, за который предоставляется налоговая отчетность: год | I8: ='150.00'!K10 -> 2025
B10: Раздел. Вычеты по общим и косвенным фиксированным активам
A12: № | B12: Наименование показателей | K12: Сумма
A13: 150.05.001 | B13: Стоимостный баланс групп (подгрупп) на начало налогового периода | K13: =SUM(K14:K17) -> 0
A14: I | B14: I группы | K14: ='150.05ФА контракт'!K14+'150.05 ФА внеконтрактная'!K14 -> 0
A15: II | B15: II группы | K15: ='150.05ФА контракт'!K15+'150.05 ФА внеконтрактная'!K15 -> 0
A16: III | B16: III группы | K16: ='150.05ФА контракт'!K16+'150.05 ФА внеконтрактная'!K16 -> 0
A17: IV | B17: IV группы | K17: ='150.05ФА контракт'!K17+'150.05 ФА внеконтрактная'!K17 -> 0
A18: 150.05.002 | B18: Стоимость поступивших фиксированных активов | K18: =SUM(K19:K22) -> 0
A19: I | B19: I группы | K19: ='150.05ФА контракт'!K19+'150.05 ФА внеконтрактная'!K19 -> 0
A20: II | B20: II группы | K20: ='150.05ФА контракт'!K20+'150.05 ФА внеконтрактная'!K20 -> 0
A21: III | B21: III группы | K21: ='150.05ФА контракт'!K21+'150.05 ФА внеконтрактная'!K21 -> 0
A22: IV | B22: IV группы | K22: ='150.05ФА контракт'!K22+'150.05 ФА внеконтрактная'!K22 -> 0
A23: 150.05.003 | B23: Стоимость выбывших фиксированных активов | K23: =SUM(K24:K27) -> 0
A24: I | B24: I группы | K24: ='150.05ФА контракт'!K24+'150.05 ФА внеконтрактная'!K24 -> 0
A25: II | B25: II группы | K25: ='150.05ФА контракт'!K25+'150.05 ФА внеконтрактная'!K25 -> 0
A26: III | B26: III группы | K26: ='150.05ФА контракт'!K26+'150.05 ФА внеконтрактная'!K26 -> 0
A27: IV | B27: IV группы | K27: ='150.05ФА контракт'!K27+'150.05 ФА внеконтрактная'!K27 -> 0
A28: 150.05.004 | B28: Последующие расходы по фиксированным активам, относимые на увеличение стоимостных балансов групп (подгрупп) в соответствии с п.3 статьи 122 НК | K28: =SUM(K29:K32) -> 0
A29: I | B29: I группы | K29: ='150.05ФА контракт'!K29+'150.05 ФА внеконтрактная'!K29 -> 0
A30: II | B30: II группы | K30: ='150.05ФА контракт'!K30+'150.05 ФА внеконтрактная'!K30 -> 0
A31: III | B31: III группы | K31: ='150.05ФА контракт'!K31+'150.05 ФА внеконтрактная'!K31 -> 0
A32: IV | B32: IV группы | K32: ='150.05ФА контракт'!K32+'150.05 ФА внеконтрактная'!K32 -> 0
A33: 150.05.005 | B33: Стоимостный баланс групп (подгрупп) на конец налогового периода | K33: =SUM(K34:K37) -> 0
A34: I | B34: I группы | K34: =K14+K19-K24+K29 -> 0
A35: II | B35: II группы | K35: =K15+K20-K25+K30 -> 0
A36: III | B36: III группы | K36: =K16+K21-K26+K31 -> 0
A37: IV | B37: IV группы | K37: =K17+K22-K27+K32 -> 0
A38: 150.05.006 | B38: Амортизационные отчисления по фиксированным активам | I38: предельная норма | J38: применяемая норма | K38: =SUM(K39:K42) -> 0
A39: I | B39: I группы | I39: 0.1 | J39: 0.1 | K39: ='150.05ФА контракт'!K39+'150.05 ФА внеконтрактная'!K39 -> 0
A40: II | B40: II группы | I40: 0.25 | J40: 0.25 | K40: ='150.05ФА контракт'!K40+'150.05 ФА внеконтрактная'!K40 -> 0
A41: III | B41: III группы | I41: 0.4 | J41: 0.4 | K41: ='150.05ФА контракт'!K41+'150.05 ФА внеконтрактная'!K41 -> 0
A42: IV | B42: IV группы | I42: 0.15 | J42: 0.15 | K42: ='150.05ФА контракт'!K42+'150.05 ФА внеконтрактная'!K42 -> 0
A43: 150.05.007 | B43: Двойная норма амортизационных отчислений в соответствии с п. 6 ст. 120 Налогового кодекса | K43: =SUM(K44:K47) -> 0
A44: I | B44: I группы | J44: 0.2 | K44: ='150.05ФА контракт'!K44+'150.05 ФА внеконтрактная'!K44 -> 0
A45: II | B45: II группы | J45: 0.5 | K45: ='150.05ФА контракт'!K45+'150.05 ФА внеконтрактная'!K45 -> 0
A46: III | B46: III группы | J46: 0.8 | K46: ='150.05ФА контракт'!K46+'150.05 ФА внеконтрактная'!K46 -> 0
A47: IV | B47: IV группы | J47: 0.3 | K47: ='150.05ФА контракт'!K47+'150.05 ФА внеконтрактная'!K47 -> 0
A48: 150.05.008 | B48: Величина стоимостного баланса группы и признаваемый убыток по подгруппам (группы I ) при выбытии всех активов | K48: =SUM(K49:K52) -> 0
A49: I | B49: I группы | K49: ='150.05ФА контракт'!K49+'150.05 ФА внеконтрактная'!K49 -> 0
A50: II | B50: II группы | K50: ='150.05ФА контракт'!K50+'150.05 ФА внеконтрактная'!K50 -> 0
A51: III | B51: III группы | K51: ='150.05ФА контракт'!K51+'150.05 ФА внеконтрактная'!K51 -> 0
A52: IV | B52: IV группы | K52: ='150.05ФА контракт'!K52+'150.05 ФА внеконтрактная'!K52 -> 0
A53: 150.05.009 | B53: Величина стоимостного баланса группы (подгруппы) менее 300 месячных расчетных показателей относимая на вычеты | K53: =SUM(K54:K57) -> 0
A54: I | B54: I группы | K54: ='150.05ФА контракт'!K54+'150.05 ФА внеконтрактная'!K54 -> 0
A55: II | B55: II группы | K55: ='150.05ФА контракт'!K55+'150.05 ФА внеконтрактная'!K55 -> 0
A56: III | B56: III группы | K56: ='150.05ФА контракт'!K56+'150.05 ФА внеконтрактная'!K56 -> 0
A57: IV | B57: IV группы | K57: ='150.05ФА контракт'!K57+'150.05 ФА внеконтрактная'!K57 -> 0
A58: 150.05.010 | B58: Последующие расходы по фиксированным активам, относимые на вычеты в соответствии с п. 2 статьи 122 НК | K58: =SUM(K59:K62) -> 0
A59: I | B59: I группы | K59: ='150.05ФА контракт'!K59+'150.05 ФА внеконтрактная'!K59 -> 0
A60: II | B60: II группы | K60: ='150.05ФА контракт'!K60+'150.05 ФА внеконтрактная'!K60 -> 0
A61: III | B61: III группы | K61: ='150.05ФА контракт'!K61+'150.05 ФА внеконтрактная'!K61 -> 0
A62: IV | B62: IV группы | K62: ='150.05ФА контракт'!K62+'150.05 ФА внеконтрактная'!K62 -> 0
A63: 150.05.011 | B63: Итого вычетов по фиксированным активам (стр.11 I +стр.11 II+стр.11 III +стр.11 IV) | K63: =SUM(K64:K67) -> 0
A64: I | B64: I группы ( стр.6I + стр.7I + стр.9I + стр.10I) | K64: =K39+K44+K54+K59 -> 0
A65: II | B65: II группы (стр.6II + стр.7II + стр.8II + стр.9II + стр.10II) | K65: =K40+K45+K50+K55+K60 -> 0
A66: III | B66: III группы (стр.6III + стр.7III + стр.8III + стр.9III + стр.10III) | K66: =K41+K46+K51+K56+K61 -> 0
A67: IV | B67: IV группы (стр.6IV + стр.7IV + стр.8IV + стр.9IV + стр.10IV) | K67: =K42+K47+K52+K57+K62 -> 0
A68: 150.05.012 | B68: Последующие расходы по арендованным основным средствам, относимые на вычеты в соответствии с п.4 статьи 122 НК | K68: ='150.05ФА контракт'!K68+'150.05 ФА внеконтрактная'!K68 -> 0
A69: 150.05.013 | B69: Всего вычетов по фиксированным активам (стр.11+стр.12) | K69: =K63+K68 -> 0
A72: Примечание.

Sheet 150.06
B1: Форма 150.06 | Q1: Форма 150.06
A2: УПРАВЛЕНЧЕСКИЕ И ОБЩЕАДМИНИСТРАТИВНЫЕ РАСХОДЫ НЕРЕЗИДЕНТА (Приложение 6 к Декларации)
A3: Раздел. Общая информация
A5: 1 | B5: БИН | C5: ='150.00'!C8:F8 -> 222222222222 | H5: 2 | J5: Налоговый период, за который представляется налоговая отчетность: год | L5: ='150.00'!K10 -> 2025
A7: Раздел. Дополнительная информация
A8: 1 | B8: Применяемый метод отнесения расходов на вычеты (укажите X в соответствующей ячейке): | F8: А | G8: пропорционального распределения | H8: В | I8: В | J8: непосредственного (прямого) отнесения
A9: 2 | B9: Способ исчисления расчетного показателя при применении метода пропорционального распределения | F9: А | G9: первый | H9: В | I9: В | J9: Второй
A10: 3 | B10: Код страны, с которой заключён международный договор
A12: 4 | B12: Налоговый период | F12: с | I12: по
A13: 5 | B13: Поправочный (-ые) коэффициент (-ы) налогового (-ых) периода(-ов) (ПКНП) (указывается дробь / дроби | G13: К (К1) | J13: К2
A15: Раздел. Расходы
A16: А | B16: № | C16: В | D16: Показатели | F16: C | G16: Совокупный годовой доход | H16: D | J16: Первоначальная (текущая) стоимость основных средств | K16: E | L16: Расходы по оплате труда | N16: F | O16: Расчетный показатель | P16: G | Q16: Управленческие и общеадминистративные расходы | R16: H | S16: Общая сумма затрат
A17: 1 | C17: Всего по компании без применения ПКНП*
A18: 2 | C18: Всего по компании с применением ПКНП*
A19: 3 | C19: В том числе от деятельности в РК через постоянное учреждение
A20: 4 | C20: Удельный вес

Sheet 150.07
M2: Форма 150.07
A4: ИСЧИСЛЕНИЕ НАЛОГОВОГО ОБЯЗАТЕЛЬСТВА ПРИ ПОЛУЧЕНИИ СТАНДАРТНЫХ НАЛОГОВЫХ ЛЬГОТ (Приложение 7 к Декларации)
B5: Раздел. Общая информация о налогоплательщике
A7: 1 | B7: БИН | C7: ='150.00'!C8:F8 -> 222222222222
A8: 2 | B8: Налоговый период, за который предоставляется налоговая отчетность: год | K8: ='150.00'!K10 -> 2025
A10: Раздел.Расчет суммы корпоративного подоходного налога
A11: Код строки | C11: Наименование | L11: Сумма
A12: 150.07.001 | C12: Налогооблагаемый доход, применяемый как максимальный
A13: 150.07.002 | C13: Год, за который налогооблагаемый доход принят как максимальный
A14: 150.07.003 | C14: Среднегодовой индекс инфляции, применяемый к отчетному налоговому периоду
A15: 150.07.004 | C15: Максимальный налогооблагаемый доход с учетом среднегодового индекса инфляции (150.07.001 x 150.07.003 / 100) | L15: =L12*O14/100 -> 0
A16: 150.07.005 | C16: Количество месяцев в отчетном налоговом периоде, в течение которых действует контракт
A17: 150.07.006 | C17: Скорректированный максимальный налогооблагаемый доход (150.07.004 x 150.07.005 / 12) | L17: =L15*O16/12 -> 0
A18: 150.07.007 | C18: Налогооблагаемый доход отчетного налогового периода | L18: ='150.01'!O113 -> 0
A19: 150.07.008 | C19: Льготируемый прирост налогооблагаемого дохода (150.07.007 - 150.07.004) | L19: =L18-L15 -> 0
A20: 150.07.009 | C20: Ставка корпоративного подоходного налога по инвестиционному контракту
A21: 150.07.010 | C21: Сумма корпоративного подоходного налога по инвестиционному контракту (150.07.008 х 150.07.009) | L21: =L19*O20 -> 0

Sheet 150.08
B1: Форма 150.08 | O1: Форма 150.08
A2: Доходы из иностранных источников, суммы прибыли или части прибыли компаний, зарегистрированных или расположенных в странах с льготным налогообложением. Суммы уплаченного иностранного налога и зачета (Приложение 8 к Декларации)
A3: Раздел. Общая информация
A5: 1 | B5: БИН | C5: ='150.00'!C8:F8 -> 222222222222 | H5: 2 | I5: Налоговый период | K5: ='150.00'!K10 -> 2025
A6: Раздел. Расходы
A7: А | B7: № | C7: В | D7: Код страны | F7: C | G7: Код вида дохода | H7: D | I7: Код валюты | J7: E | K7: Сумма начисленных доходов из источников в иностранном государстве (в иностранной валюте) | L7: F | M7: Сумма начисленных доходов из источников в иностранном государстве (в национальной валюте) | N7: G | O7: Код вида деятельности | P7: Н | Q7: В том числе сумма доходов от деятельности через постоянное учреждение в иностранном государстве (в иностранной валюте) | R7: I | S7: В том числе сумма доходов от деятельности через постоянное учреждение в иностранном государстве (в национальной валюте) | T7: J | U7: Сумма подоходного налога подлежащего зачету | V7: K | W7: Сумма вычетов постоянного учреждения в иностранном государстве (в национальной валюте) | X7: L | Y7: Сумма управленческих и общеадминистративных расходов резидента
A8: 00000001 | C8: ИТОГО (строка заполняется ТОЛЬКО по итогу формы) | K8: =SUM(K9:K17) -> 0 | M8: =SUM(M9:M17) -> 0 | Q8: =SUM(Q9:Q17) -> 0 | S8: =SUM(S9:S17) -> 0 | U8: =SUM(U9:U17) -> 0 | W8: =SUM(W9:W17) -> 0 | Y8: =SUM(Y9:Y17) -> 0
A19: в графе G указывается один из следующих кодов видов деятельности:
A20: 1 – доход, указанный в графах E и F, начислен в связи с осуществлением контрактной деятельности;
A21: 2 – доход, указанный в графах E и F, начислен в связи с осуществлением внеконтрактной деятельности;

Sheet 150.09
B1: Форма 150.09
A2: ДОХОД, ПОДЛЕЖАЩИЙ ОСВОБОЖДЕНИЮ ОТ НАЛОГООБЛОЖЕНИЯ В СООТВЕТСТВИИ С МЕЖДУНАРОДНЫМИ ДОГОВОРАМИ (Приложение 9 к Декларации)
A3: Раздел. Общая информация
A5: 1 | B5: БИН | C5: ='150.00'!C8:F8 -> 222222222222 | H5: 2 | I5: Налоговый период | K5: ='150.00'!K10 -> 2025
A7: Раздел. Показатели
A8: А | B8: № | C8: В | D8: Код вида международного договора | F8: C | G8: Наименование международного договора | H8: D | I8: Код страны, с которой заключен международный договор | J8: E | K8: Доход, подлежащий освобождению от налогообложения
A9: 00000001 | C9: ИТОГО (строка заполняется ТОЛЬКО по итогу формы) | J9: =SUM(J10:K18) -> 0

Sheet 150.10
A1: БИН организации | D1: ='150.00'!C8 -> 222222222222
A3: Налоговый период | C3: ='150.00'!K10 -> 2025
A5: НАЛОГОВЫЙ РЕГИСТР
A6: к форме 150.10 "НАЛОГООБЛОЖЕНИЕ ФИНАНСОВОЙ ПРИБЫЛИ КОНТРОЛИРУЕМОЙ ИНОСТРАННОЙ КОМПАНИИ"
A7: КИК - контролируемая иностранная компания; ПУ КИК - постоянное учреждение контролируемой иностранной компании
A8: № п/п | B8: Наименованик КИК или ПУ КИК | C8: Код страны регистрации | D8: Номер государственной (налоговой) регистрации КИК или ПУ КИК | E8: Коэффициент участия/ контроля | F8: Код валюты | G8: Код вида деятельности | H8: Финансовая прибыль до налогообложения в иностранной валюте | I8: Сумма убытков КИК или ПУ КИК, возникших в двух периодах, последовательно предшествующих отчетному периоду | J8: Сумма уменьшений в иностранной валюте | K8: Сумма уменьшений в соответствии с подпунктом 1) пункта 4 статьи 297 Налогового кодекса | L8: Сумма уменьшений в соответствии с подпунктом 2) пункта 4 статьи 297 Налогового кодекса | M8: Сумма уменьшений в соответствии с подпунктом 3) пункта 4 статьи 297 Налогового кодекса | N8: Сумма уменьшений в соответствии с подпунктом 4) пункта 4 статьи 297 Налогового кодекса | O8: Сумма уменьшений в соответствии с подпунктом 5) пункта 4 статьи 297 Налогового кодекса | P8: Сумма уменьшений в соответствии с подпунктом 6) пункта 4 статьи 297 Налогового кодекса | Q8: Сумма уменьшений в соответствии с подпунктом 7) пункта 4 статьи 297 Налогового кодекса | R8: Сумма уменьшений в соответствии с подпунктом 8) пункта 4 статьи 297 Налогового кодекса | S8: Сумма уменьшений в соответствии с подпунктом 9) пункта 4 статьи 297 Налогового кодекса | T8: Сумма уменьшений в соответствии с подпунктом 10) пункта 4 статьи 297 Налогового кодекса | U8: Финансовая прибыль с учетом уменьшений и убытков КИК или ПУ КИК в иностранной валюте | V8: Финансовая прибыль, подлежащая налогообложению в иностранной валюте | W8: Принятый курс иностранной валюты для пересчета в национальную валюту | X8: Финансовая прибыль,подлежащая налогообложению в национальной валюте (гр.22 * гр.23) | Y8: Сумма иностранного налога на прибыль по финансовой отчетности в иностранной валюте | Z8: Сумма уплаченного иностранного налога на прибыль в иностранной валюте | AA8: Сумма иностранного налога на прибыль, подлежащая отнесению в зачет, в национальной валюте
B9: графа В | C9: графа С | D9: графа D | E9: графа Е | F9: графа F | G9: графа G | H9: графа H | I9: графа I | J9: графа J | K9: графа J-1 | L9: графа J-2 | M9: графа J-3 | N9: графа J-4 | O9: графа J-5 | P9: графа J-6 | Q9: графа J-7 | R9: графа J-8 | S9: графа J-9 | T9: графа J-10 | U9: графа K (графа H - графа I - графа J) | V9: графа L (графа K x графа E) | X9: графа M | Y9: графа N | Z9: графа O | AA9: графа P
A10: 1 | B10: 2 | C10: 3 | D10: 4 | E10: 5 | F10: 6 | G10: 7 | H10: 8 | I10: 9 | J10: 10 | K10: 11 | L10: 12 | M10: 13 | N10: 14 | O10: 15 | P10: 16 | Q10: 17 | R10: 18 | S10: 19 | T10: 20 | U10: 21 | V10: 22 | W10: 23 | X10: 24 | Y10: 25 | Z10: 26 | AA10: 27
J11: =SUM(K11:T11) -> 0 | U11: =H11-I11-J11 -> 0 | V11: =U11*E11 -> 0 | X11: =V11*W11 -> 0
J12: =SUM(K12:T12) -> 0 | U12: =H12-I12-J12 -> 0 | V12: =U12*E12 -> 0 | X12: =V12*W12 -> 0
J13: =SUM(K13:T13) -> 0 | U13: =H13-I13-J13 -> 0 | V13: =U13*E13 -> 0 | X13: =V13*W13 -> 0
J14: =SUM(K14:T14) -> 0 | U14: =H14-I14-J14 -> 0 | V14: =U14*E14 -> 0 | X14: =V14*W14 -> 0
J15: =SUM(K15:T15) -> 0 | U15: =H15-I15-J15 -> 0 | V15: =U15*E15 -> 0 | X15: =V15*W15 -> 0
B16: ИТОГО суммарная прибыль КИК и ПУ КИК | X16: =SUM(X11:X15) -> 0
B17: ИТОГО сумма зачета иностранного налога с финансовой прибыли КИК и ПУ КИК | AA17: =SUM(AA11:AA15) -> 0
A20: в графе G указывается один из следующих кодов вида деятельности:
A21: 1 - финансовая прибыль, указанная в графах L и M, начислена в связи с осуществлением контрактной деятельности;
A22: 2 - финансовая прибыль, указанная в графах L и M, начислена в связи с осуществлением внеконтрактной деятельности;
A24: итоговые значения строк графы M, соответствующих коду вида деятельности:
A25: «1», переносятся в строку 150.01.046;
A26: «2», переносятся в строку 150.02.039;
A28: итоговые значения строк графы P, соответствующих коду вида деятельности:
A29: «1», переносятся в строку 150.01.056 II;
A30: «2», переносятся в строку 150.02.049 II;

Sheet 150.11
M2: Форма 150.11
A4: Сведения о компонентах финансовой отчетности (Приложение 11 к Декларации)
A6: 1 | B6: БИН | C6: ='150.00'!C8:F8 -> 222222222222
A7: 2 | B7: Налоговый период, за который предоставляется налоговая отчетность: год | K7: ='150.00'!K10 -> 2025
O8: тенге
A9: Раздел. Активы
A10: Код строки | C10: Наименование | K10: На конец периода | N10: На начало периода
A11: 150.11.001 | C11: Денежные средства и их эквиваленты
A12: 150.11.002 | C12: Краткосрочные финансовые инвестиции
A13: 150.11.003 | C13: Краткосрочная дебиторская задолженность
A14: 150.11.004 | C14: Запасы
A15: 150.11.005 | C15: Текущие налоговые активы
A16: 150.11.006 | C16: Долгосрочные активы, предназначенне для продажи
A17: 150.11.007 | C17: Прочие краткосрочные активы
A18: 150.11.008 | C18: Долгосрочные финансовые инвестиции
A19: 150.11.009 | C19: Долгосрочная дебиторская задолженность
A20: 150.11.010 | C20: Инвестиции, учитывамые методом долевого участия
A21: 150.11.011 | C21: Инвестиционная недвижимость
A22: 150.11.012 | C22: Основные средства
... A27: 150.11.017 | C27: Прочие долгосрочные активы
A28: 150.11.018 | C28: Итого активы | K28: =SUM(K11:M27) -> 0 | N28: =SUM(N11:O27) -> 0
A29: Раздел. Обязательства
A30: 150.11.019 | C30: Краткосрочные финансовые обязательства
A31: 150.11.020 | C31: Обязательства по налогам
A32: 150.11.021 | C32: Обязательства по другим обязательным и добровольным платежам
A33: 150.11.022 | C33: Краткосрочная кредиторская задолженность
A34: 150.11.023 | C34: Краткосрочные оценочные обязательства
A35: 150.11.024 | C35: Прочие краткосрочные обязательства
A36: 150.11.025 | C36: Долгосрочные финансовые обязательства
A37: 150.11.026 | C37: Долгосрочная кредиторская задолженность
A38: 150.11.027 | C38: Долгосрочные оценочные обязательства
A39: 150.11.028 | C39: Отложенные налоговые обязательства
A40: 150.11.029 | C40: Прочие долгосрочные обязательства
A41: 150.11.030 | C41: Итого обязательства | K41: =SUM(K30:M40) -> 0 | N41: =SUM(N30:O40) -> 0
A42: Раздел. Капитал
A43: 150.11.031 | C43: Уставный капитал
A44: 150.11.032 | C44: Неоплаченный капитал
A45: 150.11.033 | C45: Эмиссионный доход
A46: 150.11.034 | C46: Выкупленные собственные долевые инструменты
A47: 150.11.035 | C47: Резервы
A48: 150.11.036 | C48: Нераспределенный доход (непокрытый убыток)
A49: 150.11.037 | C49: Доля меньшинства
A50: 150.11.038 | C50: Итого капитал | K50: =SUM(K43:M49) -> 0 | N50: =SUM(N43:O49) -> 0
M51: =K28-K41-K50 -> 0 | O51: =N28-N41-N50 -> 0

Sheet 150.12
M2: Форма 150.12
A4: Об объектах налогообложения и (или) объектах, связанных с налогообложением, по исчислению налога на сверхприбыль по каждому контракту на недропользование (Приложение 12 к Декларации)
B6: Раздел. Общая информация о налогоплательщике
A8: 1 | B8: БИН | C8: ='150.00'!C8:F8 -> 222222222222
A10: 2 | B10: Налоговый период, за который предоставляется налоговая отчетность: год | K10: ='150.00'!K10 -> 2025
A12: 3 | B12: Номер и дата контракта | E12: А | F12: Номер | L12: В | M12: Дата
A14: 4 | B14: Наименование месторождения
A18: Раздел. Совокупный годовой доход
A19: Код строки | C19: Наименование | O19: Сумма
A20: 150.12.001 | C20: Валовый годовой доход, в том числе: | O20: ='150.01'!O34-'150.01'!O21-'150.01'!O25-'150.01'!O26 -> 0
A21: 150.12.002 | C21: Доход от реализации, выбытия, передачи активов не подлежащих амортизации | O21: ='150.01'!O21 -> 0
A22: 150.12.003 | C22: Доходы, полученные до момента начала добычи после коммерческого обнаружения
A23: 150.12.004 | C23: Доход от реализации, выбытия, передачи фиксированных активов
A24: 150.12.005 | C24: Корректировка валового дохода в соответствии с Законом о трансфертном ценообразовании | O24: ='150.01'!O90 -> 0
A25: 150.12.006 | C25: Валовый годовой доход с учетом корректировки (150.12.001 + 150.12.005) | O25: =O20+O24 -> 0
A26: 150.12.007 | C26: Расходы отнесенные на вычет в соответствии с подпунктом 1 пункта 1 статьи 758 Налогового кодекса | O26: ='150.01'!O80-'150.01'!O75-'150.03'!BC11-'150.03'!BG11 -> 0
A27: 150.12.008 | C27: Фактически понесенные расходы на приобретение и (или) создание фиксированных активов согласно подпункта 2 пункта 1 статьи 758 Налогового кодекса | O27: ='150.05ФА контракт'!K18+'150.05ФА контракт'!K28+'150.03'!AI11 -> 0
A28: 150.12.009 | C28: Всего вычетов для целей налога на сверхприбыль (150.12.007 + 150.12.008) | O28: =O26+O27 -> 0
A29: 150.12.010 | C29: Корректировка вычетов в соответствии с Законом о трансфертном ценообразовании | O29: ='150.01'!O91 -> 0
A30: 150.12.011 | C30: Всего вычетов с учетом корректировки (150.12.009 + 150.12.010) | O30: =O28+O29 -> 0
A31: 150.12.012 | C31: Налогооблагаемый доход для целей исчисления налога на сверхприбыль (150.12.006 - 150.12.011) | O31: =O25-O30 -> 0
A32: 150.12.013 | C32: Превышение вычетов для целей исчисления налога на сверхприбыль над суммой валового годового дохода, переносимое из предыдущих налоговых периодов
A33: 150.12.014 | C33: Налогооблагаемый доход с учетом перенесенного из предыдущих налоговых периодов и превышения вычетов над суммой валового годового дохода (150.12.012 - 150.12.013) | O33: =O31-O32 -> 0
A34: 150.12.015 | C34: Превышение вычетов для целей исчисления налога на сверхприбыль, подлежащее переносу на последующие налоговые периоды | O34: =IF(O33<0,-O33,0) -> 0
A35: 150.12.016 | C35: Сумма КПН согласно статье 759 Налогового кодекса | O35: ='150.01'!O118 -> 0
A36: 150.12.017 | C36: Налог на чистый доход согласно статье 760 Налогового кодекса для нерезидента имеющего ПУ в РК | O36: ='150.01'!O134+'150.01'!O135 -> 0
A37: 150.12.018 | C37: Чистый доход (150.12.014 - 150.12.016 - 150.12.017) | O37: =O33-O35-O36 -> 0
A38: 150.12.019 | C38: 25 процентов от суммы вычетов (150.12.011 х 25%) | O38: =O30*0.25 -> 0
A39: 150.12.020 | C39: Часть чистого дохода превышающая 25% от суммы вычетов (150.12.018 - 150.12.019) | O39: =IF((O37-O38)<0,0,(O37-O38)) -> 0
A40: 150.12.021 | C40: Расчет суммы налога на сверхприбыль по уровням
A42: А Уровень | C42: Шкала распределения чистого дохода по уровням для целей исчисления налога на сверхприбыль, процент от суммы вычетов | I42: В Верхние границы | K42: С Вычеты для целей налога на сверхприбыль | N42: D Предельная сумма распределения чистого дохода
A43: Уровень 1 | C43: меньшее или равное 25 процентам | I43: 0.25
A44: Уровень 2 | C44: от 25 процентов до 30 процентов включительно | I44: 0.05
A45: Уровень 3 | C45: от 30 процентов до 40 процентов включительно | I45: 0.1
A46: Уровень 4 | C46: от 40 процентов до 50 процентов включительно | I46: 0.1
A47: Уровень 5 | C47: от 50 процентов до 60 процентов включительно | I47: 0.1
A48: Уровень 6 | C48: от 60 процентов до 70 процентов включительно | I48: 0.1
A49: Уровень 7 | C49: свыше 70 процентов
A51: Е Распределен.фактич.чистый доход (объект обложения) | G51: F Ставка | I51: G Сумма налога на сверхприбыль (E x F)
G52: 0 | I52: =A52*G52 -> 0
G53: 10 | I53: =A53*G53 -> 0
G54: 20 | I54: =A54*G54 -> 0
G55: 30 | I55: =A55*G55 -> 0
G56: 40 | I56: =A56*G56 -> 0
G57: 50 | I57: =A57*G57 -> 0
G58: 60 | I58: =A58*G58 -> 0
A59: 150.12.022 | C59: Налог на сверхприбыль | I59: =I52+I53+I54+I55+I56+I57+I58 -> 0

Sheet 150.13
K2: Форма 150.13
B3: Доход, полученные в МФЦА (Приложение 13 к декларации)
B5: Раздел. Общая информация о налогоплательщике
A7: 1 | B7: БИН | C7: ='150.00'!C8:F8 -> 222222222222
A9: 3 | B9: Налоговый период, за который предоставляется налоговая отчетность: год | I9: ='150.00'!K10 -> 2025
A11: Раздел Доходы от оказания финансовых услуг, предусмотренных п.3 ст.6 Конституционного закона РК "О МФЦА"
A12: код строки | B12: Наименование
A13: 150.13.001 | B13: Доход от оказания банковских услуг исламского банка
A14: 150.13.002 | B14: Доход от оказания услуг перестрахования и страховых брокерских услуг
A15: 150.13.003 | B15: Доходы от оказания услуг по инвестиционному управлению активами инвестиционных фондов, их учету и хранению, а также обеспечению выпуска, размещения, обращения, выкупа и погашения ценных бумаг инвестиционных фондов
A16: 150.13.004 | B16: Доходы от оказания брокерских и (или) дилерских, андеррайтинговых услуг
A17: 150.13.005 | B17: Доходы от оказания других финансовых услуг, определяемых совместным актом
A18: 150.13.006 | B18: Всего доходов от оказания финансовых услуг (сумма с 150.13.001 по 150.13.005) | K18: =SUM(K13:K17) -> 0
A19: Раздел Доходы от оказания сопутствующих услуг, предусмотренных п.4 ст.6 Конституционного закона РК "О МФЦА"
A20: 150.13.007 | B20: Доходы от оказания юридических услуг
A21: 150.13.008 | B21: Доходы от оказания аудиторских услуг
A22: 150.13.009 | B22: Доходы от оказания бухгалтерских услуг
A23: 150.13.010 | B23: Доходы от оказания консалтинговых услуг
A24: 150.13.011 | B24: Всего доходов от оказания сопутствующих услуг (сумма строк с 150.13.007 по 150.13.010) | K24: =SUM(K20:K23) -> 0
A25: Раздел Доходы от оказания сопутствующих услуг, предусмоторенных п.7 ст.6 Конституционного закона РК "О МФЦА"
A26: 150.13.012 | B26: Доходы, освобождаемые от налогообложения согласно п.7 ст.6 Конституционного закона РК "О МФЦА"
A27: Раздел Всего доходов, освобождаемых от налогообложения согласно ст.6 Конституционного закона РК "О МФЦА"
A28: 150.13.013 | B28: Всего доходов, освобождаемых от налогообложения согласно ст.6 Конституционного закона РК "О МФЦА" (150.13.006 + 150.13.011 + 150.13.012) | K28: =K18+K24+K26 -> 0
A31: Примечание. | C31: строка 13 переносится в № 150 по строке 150.02.037 II

Sheet № 1доход реал
H2: Форма 150.00 | I2: Форма 150.01 | J2: Форма 150.02
B3: ДОХОД ОТ РЕАЛИЗАЦИИ ТОВАРОВ, РАБОТ, УСЛУГ
B5: Раздел. Общая информация о налогоплательщике
A7: 1 | B7: БИН | C7: ='150.00'!C8:F8 -> 222222222222
A8: 2 | B8: Налоговый период, за который предоставляется налоговая отчетность: год | H8: ='150.00'!K10 -> 2025 | I8: =H8 -> 2025 | J8: =H8 -> 2025
B9: Регистр"ДОХОД ОТ РЕАЛИЗАЦИИ ТОВАРОВ, РАБОТ, УСЛУГ" | H9: Форма 150.01 | I9: Форма 150.02 | J9: Форма 150.00
A10: № | B10: Наименование показателей | H10: Сумма (контрактная деятельность) | I10: Сумма (внеконтрактная деятельность) | J10: Сумма
B11: Дата | C11: БИН | D11: Наименование организации
A12: А | B12: Доход от реализации, всего (сумма стр. с 1 по 7) | H12: =H14+H28+H42+H56+H70+H84+H98 -> 0 | I12: =I14+I28+I42+I56+I70+I84+I98 -> 0 | J12: =J14+J28+J42+J56+J70+J84+J98 -> 0
B13: в том числе:
A14: 1 | B14: Доход от реализации товаров, работ, услуг | H14: =SUM(H15:H27) -> 0 | I14: =SUM(I15:I27) -> 0 | J14: =SUM(J15:J27) -> 0
J15: =SUM(H15:I15) -> 0
J16: =SUM(H16:I16) -> 0
J17: =SUM(H17:I17) -> 0
J18: =SUM(H18:I18) -> 0
J19: =SUM(H19:I19) -> 0
J20: =SUM(H20:I20) -> 0
J21: =SUM(H21:I21) -> 0
J22: =SUM(H22:I22) -> 0
J23: =SUM(H23:I23) -> 0
J24: =SUM(H24:I24) -> 0
J25: =SUM(H25:I25) -> 0
J26: =SUM(H26:I26) -> 0
J27: =SUM(H27:I27) -> 0
A28: 2 | B28: Доход в виде вознаграждения по передаче имущества в финансовый лизинг | H28: =SUM(H29:H41) -> 0 | I28: =SUM(I29:I41) -> 0 | J28: =SUM(J29:J41) -> 0
J29: =SUM(H29:I29) -> 0
J30: =SUM(H30:I30) -> 0
J31: =SUM(H31:I31) -> 0
J32: =SUM(H32:I32) -> 0
J33: =SUM(H33:I33) -> 0
J34: =SUM(H34:I34) -> 0
J35: =SUM(H35:I35) -> 0
J36: =SUM(H36:I36) -> 0
J37: =SUM(H37:I37) -> 0
J38: =SUM(H38:I38) -> 0
J39: =SUM(H39:I39) -> 0
J40: =SUM(H40:I40) -> 0
J41: =SUM(H41:I41) -> 0
A42: 3 | B42: Роялти | H42: =SUM(H43:H55) -> 0 | I42: =SUM(I43:I55) -> 0 | J42: =SUM(J43:J55) -> 0
J43: =SUM(H43:I43) -> 0
J44: =SUM(H44:I44) -> 0
J45: =SUM(H45:I45) -> 0
J46: =SUM(H46:I46) -> 0
J47: =SUM(H47:I47) -> 0
J48: =SUM(H48:I48) -> 0
J49: =SUM(H49:I49) -> 0
J50: =SUM(H50:I50) -> 0
J51: =SUM(H51:I51) -> 0
J52: =SUM(H52:I52) -> 0
J53: =SUM(H53:I53) -> 0
J54: =SUM(H54:I54) -> 0
J55: =SUM(H55:I55) -> 0
A56: 4 | B56: Доход от сдачи в аренду имущества | H56: =SUM(H57:H69) -> 0 | I56: =SUM(I57:I69) -> 0 | J56: =SUM(J57:J69) -> 0
J57: =SUM(H57:I57) -> 0
J58: =SUM(H58:I58) -> 0
J59: =SUM(H59:I59) -> 0
J60: =SUM(H60:I60) -> 0
J61: =SUM(H61:I61) -> 0
J62: =SUM(H62:I62) -> 0
J63: =SUM(H63:I63) -> 0
J64: =SUM(H64:I64) -> 0
J65: =SUM(H65:I65) -> 0
J66: =SUM(H66:I66) -> 0
J67: =SUM(H67:I67) -> 0
J68: =SUM(H68:I68) -> 0
J69: =SUM(H69:I69) -> 0
A70: 5 | B70: Доход в виде вознаграждения по кредиту (займу, микрокредиту), операциям репо | H70: =SUM(H71:H83) -> 0 | I70: =SUM(I71:I83) -> 0 | J70: =SUM(J71:J83) -> 0
J71: =SUM(H71:I71) -> 0
J72: =SUM(H72:I72) -> 0
J73: =SUM(H73:I73) -> 0
J74: =SUM(H74:I74) -> 0
J75: =SUM(H75:I75) -> 0
J76: =SUM(H76:I76) -> 0
J77: =SUM(H77:I77) -> 0
J78: =SUM(H78:I78) -> 0
J79: =SUM(H79:I79) -> 0
J80: =SUM(H80:I80) -> 0
J81: =SUM(H81:I81) -> 0
J82: =SUM(H82:I82) -> 0
J83: =SUM(H83:I83) -> 0
A84: 6 | H84: =SUM(H85:H97) -> 0 | I84: =SUM(I85:I97) -> 0 | J84: =SUM(J85:J97) -> 0
J85: =SUM(H85:I85) -> 0
J86: =SUM(H86:I86) -> 0
J87: =SUM(H87:I87) -> 0
J88: =SUM(H88:I88) -> 0
J89: =SUM(H89:I89) -> 0
J90: =SUM(H90:I90) -> 0
J91: =SUM(H91:I91) -> 0
J92: =SUM(H92:I92) -> 0
J93: =SUM(H93:I93) -> 0
J94: =SUM(H94:I94) -> 0
J95: =SUM(H95:I95) -> 0
J96: =SUM(H96:I96) -> 0
J97: =SUM(H97:I97) -> 0
A98: 7 | H98: =SUM(H99:H111) -> 0 | I98: =SUM(I99:I111) -> 0 | J98: =SUM(J99:J111) -> 0
J99: =SUM(H99:I99) -> 0
J100: =SUM(H100:I100) -> 0
J101: =SUM(H101:I101) -> 0
J102: =SUM(H102:I102) -> 0
J103: =SUM(H103:I103) -> 0
...

Sheet № 2 доход от прир стоимости 
K2: Форма 150.01 | L2: Форма 150.02 | M2: Форма 150.00
B3: ДОХОД (УБЫТОК) ОТ ПРИРОСТА СТОИМОСТИ
B5: Раздел. Общая информация о налогоплательщике
A7: 1 | B7: БИН | C7: ='150.00'!C8:F8 -> 222222222222
A8: 2 | B8: Налоговый период, за который предоставляется налоговая отчетность: год | K8: ='150.00'!K10 -> 2025 | L8: =K8 -> 2025 | M8: =K8 -> 2025
B9: Регистр "ДОХОД (УБЫТОК) ОТ ПРИРОСТА СТОИМОСТИ" | K9: Форма 150.01 | L9: Форма 150.02 | M9: Форма 150.00
B10: Раздел. Доход (убыток) при реализации ценных бумаг, за исключением долговых ценных бумаг, и доли участия
A11: № | B11: Наименование показателей | K11: Сумма (контрактная деятельность) | L11: Сумма (внеконтрактная деятельность) | M11: Сумма
A12: 1 | B12: Доход от прироста стоимости при реализации: | K12: =SUM(K13:K15) -> 0 | L12: =SUM(L13:L15) -> 0 | M12: =SUM(M13:M15) -> 0
A13: I | B13: акций и долей участия в юридическом лице или консорциуме, которые созданы в соответствии с законодательством РК | M13: =SUM(K13:L13) -> 0
A14: II | B14: ценных бумаг, находящихся на день реализации методом открытых торгов на фондовой бирже, функционирующей на территории РК, в официальных списках данной фондовой биржи, за исключением долговых ценных бумаг | M14: =SUM(K14:L14) -> 0
A15: III | B15: прочих ценных бумаг, за исключением долговых ценных бумаг | M15: =SUM(K15:L15) -> 0
A16: 2 | B16: Убыток от реализации: | K16: =SUM(K17:K19) -> 0 | L16: =SUM(L17:L19) -> 0 | M16: =SUM(M17:M19) -> 0
A17: I | B17: акций и долей участия в юридическом лице или консорциуме, которые созданы в соответствии с законодательством РК | M17: =SUM(K17:L17) -> 0
A18: II | B18: ценных бумаг, находящихся на день реализации методом открытых торгов на фондовой бирже, функционирующей на территории РК, в официальных списках данной фондовой биржи, за исключением долговых ценных бумаг | M18: =SUM(K18:L18) -> 0
A19: III | B19: прочих ценных бумаг, за исключением долговых ценных бумаг | M19: =SUM(K19:L19) -> 0
A20: 3 | B20: Доход от прироста стоимости при реализации доли участия, за исключением доли участия в юридическом лице или консорциуме, созданном в соответствии с законодательством РК | M20: =SUM(K20:L20) -> 0
B21: Раздел. Доход при передаче ценных бумаг, за исключением долговых ценных бумаг, и доли участия в качестве взноса в уставной капитал, а также при выбытии ценных бумаг и доли учстия в результате реорганизации путем слияния, присоединения, разделения или выделения
A22: 4 | B22: Доход от прироста стоимости при передаче ценных бумаг, за исключением долговых ценных бумаг, и доли участия в качестве вклада в уставной капитал | M22: =SUM(K22:L22) -> 0
A23: 5 | B23: Доход от прироста стоимости при выбытии ценных бумаг, за исключением долговых ценных бумаг, и доли участия в результате реорганизации путем слияния, присоединения, разделения и выделения | M23: =SUM(K23:L23) -> 0
B24: Раздел. Доход (убыток) при реализации долговых ценных бумаг
A25: 6 | B25: Доход от прироста стоимости при реализации: | K25: =SUM(K26:K29) -> 0 | L25: =SUM(L26:L29) -> 0 | M25: =SUM(M26:M29) -> 0
A26: I | B26: облигаций, находящихся на день реализации методом открытых торгов на фондовой бирже, функционирующей на территории Республики Казахстан, в официальных списках данной фондовой биржи | M26: =SUM(K26:L26) -> 0
A27: II | B27: государственных эмиссионных ценных бумаг | M27: =SUM(K27:L27) -> 0
A28: III | B28: агентских облигаций | M28: =SUM(K28:L28) -> 0
A29: IV | B29: прочих долговых ценных бумаг | M29: =SUM(K29:L29) -> 0
A30: 7 | B30: Убыток от реализации: | K30: =SUM(K31:K34) -> 0 | L30: =SUM(L31:L34) -> 0 | M30: =SUM(M31:M34) -> 0
A31: I | B31: облигаций, находящихся на день реализации методом открытых торгов на фондовой бирже, функционирующей на территории Республики Казахстан, в официальных списках данной фондовой биржи | M31: =SUM(K31:L31) -> 0
A32: II | B32: государственных эмиссионных ценных бумаг | M32: =SUM(K32:L32) -> 0
A33: III | B33: агентских облигаций | M33: =SUM(K33:L33) -> 0
A34: IV | B34: прочих долговых ценных бумаг | M34: =SUM(K34:L34) -> 0
B35: Раздел. Доход при передаче долговых ценных бумаг в качестве взноса в уставной капитал, а также при выбытии долговых[ценных бумаг в результате реорганизации путем слияния, присоединения, разделения или выделения
A36: 8 | B36: Доход от прироста стоимости при передаче долговых ценных бумаг в качестве вклада в уставной капитал | M36: =SUM(K36:L36) -> 0
A37: 9 | B37: Доход от прироста стоимости при выбытии долговых ценных бумаг в результате реорганизации путем слияния, присоединения, разделения и выделения | M37: =SUM(K37:L37) -> 0
B38: Раздел. Доход (убыток) при реализации активов, указанных в подпунктах 1-3) пункта 2 статьи 228 Налогового кодекса
A39: 10 | B39: Доход от прироста стоимости | M39: =SUM(K39:L39) -> 0
A40: 11 | B40: Убыток от реализации | M40: =SUM(K40:L40) -> 0
B41: Раздел. Доход (убыток) при реализации активов, указанных в подпунктах 1-3) пункта 2 статьи 228 Налогового кодекса , в качестве вклада в уставной капитал, а также при выбытии таких активов в результтате реорганизации путем слияния, присоединения, разделения или выделения
A42: 12 | B42: Доход от прироста стоимости при передаче активов, указанных в подпунктах 1-3) пункта 2 статьи 228 Налогового кодекса , в качестве вклада в уставной капитал | M42: =SUM(K42:L42) -> 0
A43: 13 | B43: Доход от прироста стоимости при выбытии активов, указанных в подпунктах 1-3) пункта 2 статьи 228 Налогового кодекса в результтате реорганизации путем слияния, присоединения, разделения или выделения | M43: =SUM(K43:L43) -> 0
B44: Раздел. Доход по прочим активам, не подлежащим амортизации
A45: 14 | B45: Доход от прироста стоимости по активам, указанным в подпунктах 7) и 8) пункта 2 статьи 228 Налогового кодекса | M45: =SUM(K45:L45) -> 0
A46: 15 | B46: Доход от прироста стоимости по прочим активам, не подлежащим амортизации | M46: =SUM(K46:L46) -> 0
B47: Раздел. Расчет
A48: 16 | B48: Доход от прироста стоимости при реализации ценных бумаг, подлежащий уменьшению на сумму убытков от реализации ценных бумаг, полученных в отчетном налоговом периоде и перенечсенных из предыдущих налоговых периодов (стр.1III+стр.6IV) | K48: =K15+K29 -> 0 | L48: =L15+L29 -> 0 | M48: =K48+L48 -> 0
A49: 17 | B49: Убыток при реализации ценных бумаг, переносимый из предыдущих налоговых периодов (стр.23 за предыдущий налоговый период) | M49: =K49+L49 -> 0
A50: 18 | B50: Убытки от реализации ценных бумаг отчетного налогового периода компенсируемые за счет дохода от прироста стоимости при реализации ценных бумаг (cтр. 2III +стр. 7IV) | K50: =K19+K34 -> 0 | L50: =L19+L34 -> 0 | M50: =K50+L50 -> 0
A51: 19 | B51: Доход от прироста стоимости при реализации ценных бумаг, с учетом убытков отчетного налогового периода и убытка, перенесенного из предыдущих налоговых периодов (стр.16-стр.17-стр.18) | K51: =K48-K49-K50 -> 0 | L51: =L48-L49-L50 -> 0 | M51: =K51+L51 -> 0
A52: 20 | B52: Убыток от реализации активов, указанных в пункте 2 статьи 228 Налогового кодекса, переносимый из предыдущих налоговых периодов (стр.24 за предыдущий налоговый период) | M52: =K52+L52 -> 0
A53: 21 | B53: Доход от прироста стоимости при реализации активов, указанных в пункте 2 статьи 228 Налогового кодекса, с учетом убытка перенесенного из предыдущих налоговых периодов (стр.10- стр.20) | K53: =K39-K52 -> 0 | L53: =L39-L52 -> 0 | M53: =K53+L53 -> 0
A54: 22 | B54: Итого дохода от прироста (стр.19+стр.21+стр.1I + стр.1II +стр. 3+стр.4+стр.5+стр.6I + стр.6II+стр.6III+стр.8+стр.9+стр.12+стр.13+стр.14+стр.15) | K54: =K51+K53+K13+K14+K20+K22+K23+K26+K27+K28+K36+K37+K42+K43+K45+K46 -> 0 | L54: =L51+L53+L13+L14+L20+L22+L23+L26+L27+L28+L36+L37+L42+L43+L45+L46 -> 0 | M54: =K54+L54 -> 0
A55: 23 | B55: Убыток при реализации ценных бумаг, переносимый на последующие налоговые периоды | M55: =K55+L55 -> 0
A56: 24 | B56: Убыток от реализации активов, указанных в подпунктах 1) -3) пункта 2 статьи 228 Налогового кодекса, переносимый на последующие налоговые периоды | M56: =K56+L56 -> 0
A57: 25 | B57: Убытки, не подлежащие переносу на последующие налоговые периоды | M57: =K57+L57 -> 0
A60: Примечание. | C60: строка 22 столбец K переносится в форму 150.01 в строку 150.01.002
C61: строка 22 столбец L переносится в форму 150.02 в строку 150.02.002
C62: строка 22 столбец M переносится в форму 150.00 в строку 150.00.002

Sheet № 3 производн фининструменты
K2: Форма 150.02 | L2: Форма 150.00
B3: ДОХОД ПО ПРОИЗВОДНЫМ ФИНАНСОВЫМ ИНСТРУМЕНТАМ
B5: Раздел. Общая информация о налогоплательщике
A7: 1 | B7: БИН | C7: ='150.00'!C8:F8 -> 222222222222
A8: 2 | B8: Налоговый период, за который предоставляется налоговая отчетность: год | I8: ='150.00'!K10 -> 2025
K9: Форма 150.02 | L9: Форма 150.00
A10: № | B10: Наименование показателей | K10: Сумма (внеконтрактная деятельность) | L10: Сумма
A11: 1 | B11: Операции по производным финансовым инструментам, за исключением свопа
A12: I | B12: поступление по производным финансовым инструментам | L12: =K12 -> 0
A13: II | B13: расходы по производным финансовым инструментам | L13: =K13 -> 0
A14: III | B14: доход по производным финансовым инструментам (стр.I - стр.II) | K14: =K12-K13 -> 0 | L14: =L12-L13 -> 0
A15: IV | B15: убыток по производным финансовым инструментам, переносимый с предыдущих периодов | L15: =K15 -> 0
A16: V | B16: доход по производным финансовым инструментам с учетом переносимых убытков (стр.III - стр.IV) | K16: =K14-K15 -> 0 | L16: =L14-L15 -> 0
A17: 2 | B17: Операции по свопу
A18: I | B18: поступление по свопу | L18: =K18 -> 0
A19: II | B19: расходы по свопу | L19: =K19 -> 0
A20: III | B20: доход по свопу | K20: =K18-K19 -> 0 | L20: =K20 -> 0
A21: IV | B21: убыток по свопу, переносимый с предыдущих периодов | L21: =K21 -> 0
A22: V | B22: доход по свопу, с учетом переносимых убытков (стр.III - стр.IV) | K22: =K20-K21 -> 0 | L22: =L20-L21 -> 0
A23: 3 | B23: Итого дохода по производным финансовым инструментам (стр. 1 V +стр.2 V) | K23: =K16+K22 -> 0 | L23: =L16+L22 -> 0
A25: Примечание. | C25: строка 3 столбец K переносится в форму 150.02 в строку 150.02.003
C26: строка 3 столбец L переносится в форму 150.00 в строку 150.00.003

Sheet № 4 списание обязательств
M2: Форма 150.00
B3: ДОХОД ОТ СПИСАНИЯ ОБЯЗАТЕЛЬСТВ
B5: Раздел. Общая информация о налогоплательщике
A7: 1 | B7: БИН | C7: ='150.00'!C8:F8 -> 222222222222
A8: 2 | B8: Налоговый период, за который предоставляется налоговая отчетность: год | I8: ='150.00'!K10 -> 2025
K9: Форма 150.01 | L9: Форма 150.02 | M9: Форма 150.00
A10: № | B10: Наименование показателей | K10: Сумма (контрактная деятельность) | L10: Сумма (внеконтрактная деятельность) | M10: Сумма
B11: Дата | C11: БИН | D11: Наименование организации | J11: основание
A12: А | B12: Доход от списания обязательств, всего (сумма стр 1 по стр 4) | K12: =K13+K23+K33+K43 -> 0 | L12: =L13+L23+L33+L43 -> 0 | M12: =M13+M23+M33+M43 -> 0
A13: 1 | B13: Доход от списания обязательств с налогоплательщика его кредитором | K13: =SUM(K14:K22) -> 0 | L13: =SUM(L14:L22) -> 0 | M13: =SUM(M14:M22) -> 0
M14: =SUM(K14:L14) -> 0
M15: =SUM(K15:L15) -> 0
M16: =SUM(K16:L16) -> 0
M17: =SUM(K17:L17) -> 0
M18: =SUM(K18:L18) -> 0
M19: =SUM(K19:L19) -> 0
M20: =SUM(K20:L20) -> 0
M21: =SUM(K21:L21) -> 0
M22: =SUM(K22:L22) -> 0
A23: 2 | B23: Доход от списания обязательств, не востребованных кредиторами на момент утверждения ликвидационного баланса при ликвидации налогоплательщика | K23: =SUM(K24:K32) -> 0 | L23: =SUM(L24:L32) -> 0 | M23: =SUM(M24:M32) -> 0
M24: =SUM(K24:L24) -> 0
M25: =SUM(K25:L25) -> 0
M26: =SUM(K26:L26) -> 0
M27: =SUM(K27:L27) -> 0
M28: =SUM(K28:L28) -> 0
M29: =SUM(K29:L29) -> 0
M30: =SUM(K30:L30) -> 0
M31: =SUM(K31:L31) -> 0
M32: =SUM(K32:L32) -> 0
A33: 3 | B33: Доход от списания обязательств в связи с истечением срока исковой давности, установленного законодательными актами Республики Казахстан | K33: =SUM(K34:K42) -> 0 | L33: =SUM(L34:L42) -> 0 | M33: =SUM(M34:M42) -> 0
M34: =SUM(K34:L34) -> 0
M35: =SUM(K35:L35) -> 0
M36: =SUM(K36:L36) -> 0
M37: =SUM(K37:L37) -> 0
M38: =SUM(K38:L38) -> 0
M39: =SUM(K39:L39) -> 0
M40: =SUM(K40:L40) -> 0
M41: =SUM(K41:L41) -> 0
M42: =SUM(K42:L42) -> 0
A43: 4 | B43: Доход от списания обязательств по вступившему в законную силу решению суда | K43: =SUM(K44:K52) -> 0 | L43: =SUM(L44:L52) -> 0 | M43: =SUM(M44:M52) -> 0
M44: =SUM(K44:L44) -> 0
M45: =SUM(K45:L45) -> 0
M46: =SUM(K46:L46) -> 0
M47: =SUM(K47:L47) -> 0
M48: =SUM(K48:L48) -> 0
M49: =SUM(K49:L49) -> 0
M50: =SUM(K50:L50) -> 0
M51: =SUM(K51:L51) -> 0
M52: =SUM(K52:L52) -> 0
A55: Примечание. | C55: строка А столбец переносится в форму 150.01 в строку 150.01.003
C56: строка А столбец переносится в форму 150.02 в строку 150.02.004
C57: строка А столбец переносится в форму 150.00 в строку 150.00.004

Sheet № 5 доход по сомнит обяз
K2: Форма 150.00
B3: ДОХОД ПО СОМНИТЕЛЬНЫМ ОБЯЗАТЕЛЬСТВАМ
B5: Раздел. Общая информация о налогоплательщике
A7: 1 | B7: БИН | C7: ='150.00'!C8:F8 -> 222222222222
A8: 2 | B8: Налоговый период, за который предоставляется налоговая отчетность: год | I8: ='150.00'!K10 -> 2025
B9: Регистр "ДОХОД ПО СОМНИТЕЛЬНЫМ ОБЯЗАТЕЛЬСТВАМ" | I9: Форма 150.01 | J9: Форма 150.02 | K9: Форма 150.00
A10: № | B10: Наименование показателей | I10: Сумма (контрактная деятельность) | J10: Сумма (внеконтрактная деятельность) | K10: Сумма
B11: Дата | C11: БИН/ИИН | D11: Наименование организации / ФИО
A12: 1 | B12: Доход по сомнительным обязательствам, в том числе: (стр.1+стр.2) | I12: =I13+I20 -> 0 | J12: =J13+J20 -> 0 | K12: =K13+K20 -> 0
A13: 2 | B13: Сомнительные обязательства по товарам (работам, услугам) | I13: =SUM(I14:I19) -> 0 | J13: =SUM(J14:J19) -> 0 | K13: =SUM(K14:K19) -> 0
K14: =SUM(I14:J14) -> 0
K15: =SUM(I15:J15) -> 0
K16: =SUM(I16:J16) -> 0
K17: =SUM(I17:J17) -> 0
K18: =SUM(I18:J18) -> 0
K19: =SUM(I19:J19) -> 0
A20: 3 | B20: Сомнительные обязательства по доходам работников | I20: =SUM(I21:I26) -> 0 | J20: =SUM(J21:J26) -> 0 | K20: =SUM(K21:K26) -> 0
K21: =SUM(I21:J21) -> 0
K22: =SUM(I22:J22) -> 0
K23: =SUM(I23:J23) -> 0
K24: =SUM(I24:J24) -> 0
K25: =SUM(I25:J25) -> 0
K26: =SUM(I26:J26) -> 0
A29: Примечание. | C29: строка 1 столбец I переносится в форму 150.01 в строку 150.01.004
C30: строка 1 столбец J переносится в форму 150.02 в строку 150.02.005
C31: строка 1 столбец K переносится в форму 150.00 в строку 150.00.005

Sheet № 6 доход от уступки
L2: Форма 150.00
B3: ДОХОД ОТ УСТУПКИ ПРАВА ТРЕБОВАНИЯ
B5: Раздел. Общая информация о налогоплательщике
A7: 1 | B7: БИН | C7: ='150.00'!C8:F8 -> 222222222222
A8: 2 | B8: Налоговый период, за который предоставляется налоговая отчетность: год | I8: ='150.00'!K10 -> 2025
B9: Регистр "ДОХОД ОТ УСТУПКИ ПРАВА ТРЕБОВАНИЯ" | J9: Форма 150.01 | K9: Форма 150.02 | L9: Форма 150.00
A10: № | B10: Наименование показателей | J10: Сумма (контрактная деятельность) | K10: Сумма (внеконтрактная деятельность) | L10: Сумма
B11: Дата | C11: БИН/ИИН | D11: Наименование организации / ФИО
A12: 1 | B12: Доход от уступки права требования, в том числе : (стр.2+стр.3) | J12: =J13+J17 -> 0 | K12: =K13+K17 -> 0 | L12: =L13+L17 -> 0
A13: 2 | B13: по приобретенному праву требования | J13: =SUM(J14:J16) -> 0 | K13: =SUM(K14:K16) -> 0 | L13: =SUM(L14:L16) -> 0
L14: =J14+K14 -> 0
L15: =J15+K15 -> 0
L16: =J16+K16 -> 0
A17: 3 | B17: по уступленному праву требования | J17: =SUM(J18:J20) -> 0 | K17: =SUM(K18:K20) -> 0 | L17: =SUM(L18:L20) -> 0
L18: =J18+K18 -> 0
L19: =J19+K19 -> 0
L20: =J20+K20 -> 0
A23: Примечание. | C23: строка 1 столбец J переносится в форму 150.01 в строку 150.01.005
C24: строка 1 столбец K переносится в форму 150.02 в строку 150.02.006
C25: строка 1 столбец L переносится в форму 150.00 в строку 150.00.006

Sheet № 7 доход от выб ФА
J2: Форма 100.00 | K2: Форма 100.00
D4: ДОХОД ОТ ВЫБЫТИЯ ФИКСИРОВАННЫХ АКТИВОВ
D6: Раздел. Общая информация о налогоплательщике
A8: 1 | B8: БИН | C8: ='150.00'!C8:F8 -> 222222222222
A9: 2 | B9: Налоговый период, за который предоставляется налоговая отчетность: год | H9: ='150.00'!K10 -> 2025
A11: № | B11: № группы | C11: Признак выбытия всех ФА из группы (1- да, 0- нет) | D11: Стоимостные балансы подгрупп (групп) на начало налогового периода | E11: Стоимость поступивших фиксированных активов подгруппы (группы) | F11: Стоимость последующих расходов, учитываемых в соответствии с п.3 статьи 122 НК | G11: Итого стоимостной баланс подгруппы (группы) с учетом стоимости поступивших фиксированных активов и последующих расходов (гр.3+гр.4+ гр.5) | H11: Стоимость выбывших фиксированных активов подгруппы (группы) | I11: Процент доли | J11: Доход от выбытия фиксированных активов гр.7-гр.6, если гр.7> гр.6 | K11: Убытки или вычеты от выбытия фиксированных активов гр.7-гр.6, если гр.7< гр.6
A12: подгруппа I группы
A13: 1 | B13: 2 | D13: 3 | E13: 4 | F13: 5 | G13: 6 | H13: 7 | J13: 8 | K13: 9
A14: 1 | B14: I | D14: =D15+D19+D23 -> 0 | E14: =E15+E19+E23 -> 0 | F14: =F15+F19+F23 -> 0 | G14: =D14+E14+F14 -> 0 | H14: =H15+H19+H23 -> 0 | J14: =J15+J19+J23 -> 0 | K14: =K15+K19+K23 -> 0
A15: контракт | D15: =SUM(D16:D18) -> 0 | E15: =SUM(E16:E18) -> 0 | F15: =SUM(F16:F18) -> 0 | G15: =D15+E15+F15 -> 0 | H15: =SUM(H16:H18) -> 0 | J15: =SUM(J16:J18) -> 0 | K15: =SUM(K16:K18) -> 0
C16: 1 | G16: =D16+E16+F16 -> 0 | J16: =IF(C16=1,IF(H16>G16,H16-G16,0),0) -> 0 | K16: =IF(C16=1,IF(H16<G16,-H16+G16,0),0) -> 0
C17: 1 | G17: =D17+E17+F17 -> 0 | J17: =IF(C17=1,IF(H17>G17,H17-G17,0),0) -> 0 | K17: =IF(C17=1,IF(H17<G17,-H17+G17,0),0) -> 0
C18: 1 | G18: =D18+E18+F18 -> 0 | J18: =IF(C18=1,IF(H18>G18,H18-G18,0),0) -> 0 | K18: =IF(C18=1,IF(H18<G18,-H18+G18,0),0) -> 0
A19: вне контракта | D19: =SUM(D20:D22) -> 0 | E19: =SUM(E20:E22) -> 0 | F19: =SUM(F20:F22) -> 0 | G19: =D19+E19+F19 -> 0 | H19: =SUM(H20:H22) -> 0 | J19: =SUM(J20:J22) -> 0 | K19: =SUM(K20:K22) -> 0
C20: 1 | G20: =D20+E20+F20 -> 0 | J20: =IF(C20=1,IF(H20>G20,H20-G20,0),0) -> 0 | K20: =IF(C20=1,IF(H20<G20,-H20+G20,0),0) -> 0
C21: 1 | G21: =D21+E21+F21 -> 0 | J21: =IF(C21=1,IF(H21>G21,H21-G21,0),0) -> 0 | K21: =IF(C21=1,IF(H21<G21,-H21+G21,0),0) -> 0
C22: 1 | G22: =D22+E22+F22 -> 0 | J22: =IF(C22=1,IF(H22>G22,H22-G22,0),0) -> 0 | K22: =IF(C22=1,IF(H22<G22,-H22+G22,0),0) -> 0
A23: общие | D23: =SUM(D24:D26) -> 0 | E23: =SUM(E24:E26) -> 0 | F23: =SUM(F24:F26) -> 0 | G23: =D23+E23+F23 -> 0 | H23: =SUM(H24:H26) -> 0 | J23: =SUM(J24:J26) -> 0 | K23: =SUM(K24:K26) -> 0
C24: 1 | G24: =D24+E24+F24 -> 0 | J24: =IF(C24=1,IF(H24>G24,H24-G24,0),0) -> 0 | K24: =IF(C24=1,IF(H24<G24,-H24+G24,0),0) -> 0
C25: 1 | G25: =D25+E25+F25 -> 0 | J25: =IF(C25=1,IF(H25>G25,H25-G25,0),0) -> 0 | K25: =IF(C25=1,IF(H25<G25,-H25+G25,0),0) -> 0
C26: 1 | G26: =D26+E26+F26 -> 0 | J26: =IF(C26=1,IF(H26>G26,H26-G26,0),0) -> 0 | K26: =IF(C26=1,IF(H26<G26,-H26+G26,0),0) -> 0
A27: 2 | B27: II | D27: =SUM(D28:D30) -> 0 | E27: =SUM(E28:E30) -> 0 | F27: =SUM(F28:F30) -> 0 | G27: =D27+E27+F27 -> 0 | H27: =SUM(H28:H30) -> 0 | J27: =SUM(J28:J30) -> 0 | K27: =SUM(K28:K30) -> 0
A28: контракт | C28: 1 | D28: ='150.05ФА контракт'!L15 -> 0 | E28: ='150.05ФА контракт'!L20 -> 0 | F28: ='150.05ФА контракт'!L30 -> 0 | G28: =D28+E28+F28 -> 0 | H28: ='150.05ФА контракт'!L25 -> 0 | J28: =IF(C28=1,IF(H28>G28,H28-G28,0),0) -> 0 | K28: =IF(C28=1,IF(H28<G28,-H28+G28,0),0) -> 0
A29: вне корнтракта | C29: 1 | D29: ='150.05 ФА внеконтрактная'!L15 -> 0 | E29: ='150.05 ФА внеконтрактная'!L20 -> 0 | F29: ='150.05 ФА внеконтрактная'!L30 -> 0 | G29: =D29+E29+F29 -> 0 | H29: ='150.05 ФА внеконтрактная'!L24 -> 0 | J29: =IF(C29=1,IF(H29>G29,H29-G29,0),0) -> 0 | K29: =IF(C29=1,IF(H29<G29,-H29+G29,0),0) -> 0
A30: общие | C30: 1 | D30: ='150.05ФА общие'!K16 -> 0 | E30: ='150.05ФА общие'!K21 -> 0 | F30: ='150.05ФА общие'!K31 -> 0 | G30: =D30+E30+F30 -> 0 | H30: ='150.05ФА общие'!K26 -> 0 | J30: =IF(C30=1,IF(H30>G30,H30-G30,0),0) -> 0 | K30: =IF(C30=1,IF(H30<G30,-H30+G30,0),0) -> 0
A31: 3 | B31: III | D31: =SUM(D32:D34) -> 0 | E31: =SUM(E32:E34) -> 0 | F31: =SUM(F32:F34) -> 0 | G31: =D31+E31+F31 -> 0 | H31: =SUM(H32:H34) -> 0 | J31: =SUM(J32:J34) -> 0 | K31: =SUM(K32:K34) -> 0
A32: контракт | C32: 1 | D32: ='150.05ФА контракт'!L16 -> 0 | E32: ='150.05ФА контракт'!L21 -> 0 | F32: ='150.05ФА контракт'!L31 -> 0 | G32: =D32+E32+F32 -> 0 | H32: ='150.05ФА контракт'!L26 -> 0 | J32: =IF(C32=1,IF(H32>G32,H32-G32,0),0) -> 0 | K32: =IF(C32=1,IF(H32<G32,-H32+G32,0),0) -> 0
A33: вне контракта | C33: 1 | D33: ='150.05 ФА внеконтрактная'!L16 -> 0 | E33: ='150.05 ФА внеконтрактная'!L21 -> 0 | F33: ='150.05 ФА внеконтрактная'!L31 -> 0 | G33: =D33+E33+F33 -> 0 | H33: ='150.05 ФА внеконтрактная'!L25 -> 0 | J33: =IF(C33=1,IF(H33>G33,H33-G33,0),0) -> 0 | K33: =IF(C33=1,IF(H33<G33,-H33+G33,0),0) -> 0
A34: общие | C34: 1 | D34: ='150.05ФА общие'!K17 -> 0 | E34: ='150.05ФА общие'!K22 -> 0 | F34: ='150.05ФА общие'!K32 -> 0 | G34: =D34+E34+F34 -> 0 | H34: ='150.05ФА общие'!K27 -> 0 | J34: =IF(C34=1,IF(H34>G34,H34-G34,0),0) -> 0 | K34: =IF(C34=1,IF(H34<G34,-H34+G34,0),0) -> 0
A35: 4 | B35: IV | D35: =SUM(D36:D38) -> 0 | E35: =SUM(E36:E38) -> 0 | F35: =SUM(F36:F38) -> 0 | G35: =D35+E35+F35 -> 0 | H35: =SUM(H36:H38) -> 0 | J35: =SUM(J36:J38) -> 0 | K35: =SUM(K36:K38) -> 0
A36: контракт | C36: 1 | D36: ='150.05ФА контракт'!L17 -> 0 | E36: ='150.05ФА контракт'!L22 -> 0 | F36: ='150.05ФА контракт'!L32 -> 0 | G36: =D36+E36+F36 -> 0 | H36: ='150.05ФА контракт'!L27 -> 0 | J36: =IF(C36=1,IF(H36>G36,H36-G36,0),0) -> 0 | K36: =IF(C36=1,IF(H36<G36,-H36+G36,0),0) -> 0
A37: вне контракта | C37: 1 | D37: ='150.05 ФА внеконтрактная'!L17 -> 0 | E37: ='150.05 ФА внеконтрактная'!L22 -> 0 | F37: ='150.05 ФА внеконтрактная'!L32 -> 0 | G37: =D37+E37+F37 -> 0 | H37: ='150.05 ФА внеконтрактная'!L26 -> 0 | J37: =IF(C37=1,IF(H37>G37,H37-G37,0),0) -> 0 | K37: =IF(C37=1,IF(H37<G37,-H37+G37,0),0) -> 0
A38: общие | C38: 1 | D38: ='150.05ФА общие'!K18 -> 0 | E38: ='150.05ФА общие'!K23 -> 0 | F38: ='150.05ФА общие'!K33 -> 0 | G38: =D38+E38+F38 -> 0 | H38: ='150.05ФА общие'!K28 -> 0 | J38: =IF(C38=1,IF(H38>G38,H38-G38,0),0) -> 0 | K38: =IF(C38=1,IF(H38<G38,-H38+G38,0),0) -> 0
A39: 5 | B39: ВСЕГО | J39: =J35+J31+J27+J14 -> 0 | K39: =K35+K31+K27+K14 -> 0
A40: контракт | D40: ='150.05ФА контракт'!L21 -> 0 | E40: ='150.05ФА контракт'!L26 -> 0 | F40: ='150.05ФА контракт'!L36 -> 0 | G40: =D40+E40+F40 -> 0 | H40: ='150.05ФА контракт'!L31 -> 0 | J40: =J15+J28+J32+J36 -> 0 | K40: =K15+K28+K32+K36 -> 0
A41: вне контракта | D41: ='150.05 ФА внеконтрактная'!L21 -> 0 | E41: ='150.05 ФА внеконтрактная'!L26 -> 0 | F41: ='150.05 ФА внеконтрактная'!L36 -> 0 | G41: =D41+E41+F41 -> 0 | H41: ='150.05 ФА внеконтрактная'!L30 -> 0 | J41: =J19+J29+J33+J37 -> 0 | K41: =K19+K29+K33+K37 -> 0
A42: общие | D42: ='150.05ФА общие'!K22 -> 0 | E42: ='150.05ФА общие'!K27 -> 0 | F42: ='150.05ФА общие'!K37 -> 0 | G42: =D42+E42+F42 -> 0 | H42: ='150.05ФА общие'!K32 -> 0 | J42: =J20+J30+J34+J38 -> 0 | K42: =K20+K30+K34+K38 -> 0
A43: общие контракт | G43: =D43+E43+F43 -> 0 | I43: 0.98 | J43: =J42*I43 -> 0 | K43: =K42*I43 -> 0
A44: общие вне контракта | G44: =D44+E44+F44 -> 0 | I44: 0.02 | J44: =J43*I44 -> 0 | K44: =K42*I44 -> 0
A47: Примечание. | D47: сумма дохода по строке 5 контракт по графе 8 и по строке 5 общие контракт по графе 8 переносится в форму 150.01 в строку 150.01.006
D48: сумма дохода по строке 5 вне контракта по графе 8 и по строке 5 общие вне контракта по графе 8 переносится в форму 150.02 в строку 150.02.007
D50: Форма заполняется при выбытии всех фиксированных активов из группы, по группам II, III, IV

Sheet № 8 доход от корректировки
I2: Форма 150.00
B3: Доход от корректировки расходов на геологическое изучение и подготовительные работы к добыче природных ресурсов, а также других расходов недропользователя
B5: Раздел. Общая информация о налогоплательщике
A7: 1 | B7: БИН | C7: ='150.00'!C8:F8 -> 222222222222
A8: 2 | B8: Налоговый период, за который предоставляется налоговая отчетность: год | I8: ='150.00'!K10 -> 2025
H9: Форма 150.01 | I9: Форма 150.00
A10: № | B10: Сумма расходов на геологическое изучение и подготовительные работы к добыче природных ресурсов, а также других расходов недропользователя | H10: Доход от корректировки по контракту | I10: Доход от корректировки
A11: 1 | B11: на начало периода | D11: за текущий налоговый период | F11: на конец периода
F12: =B12+D12 -> 0
A13: 2 | B13: Доходы, корректирующие расходы на геологическое изучение и подготовительные работы к добыче природных ресурсов
B14: Дата | C14: БИН | D14: Наименование организации | F14: Виды доходов | G14: Сумма доходов
A27: 9 | B27: Итого расходов | G27: =SUM(G15:G26) -> 0 | H27: =IF(G27<F12,0,G27-F12) -> 0 | I27: =H27 -> 0
A30: Примечание. | C30: строка 9 столбец H переносится в форму 150.01 в строку 150.01.007
C31: строка 9 столбец I переносится в форму 150.00 в строку 150.00.008

Sheet № 9 превышение отчислений
I2: Форма 150.00
B3: ДОХОД ОТ ПРЕВЫШЕНИЯ СУММЫ ОТЧИСЛЕНИЙ В ФОНД ЛИКВИДАЦИИ ПОСЛЕДСТВИЙ РАЗРАБОТКИ МЕСТОРОЖДЕНИЙ НАД СУММОЙ ФАКТИЧЕСКИХ РАСХОДОВ ПО ЛИКВИДАЦИИ ПОСЛЕДСТВИЙ РАЗРАБОТКИ МЕСТОРОЖДЕНИЙ
B5: Раздел. Общая информация о налогоплательщике
A7: 1 | B7: БИН | C7: ='150.00'!C8:F8 -> 222222222222
A8: 2 | B8: Налоговый период, за который предоставляется налоговая отчетность: год | I8: ='150.00'!K10 -> 2025
H9: Форма 150.01 | I9: Форма 150.00
A10: № | B10: Сумма отчислений в фонд ликвидации | H10: Доход от превышения по контракту | I10: Доход от превышения
A11: 1 | B11: Сумма отчислений в фонд ликвидации на начало периода | D11: Отчисления в налоговом периоде | F11: Сумма отчислений в фонд ликвидации на конец периода
F12: =B12+D12 -> 0
A13: 2 | B13: Фактические расходы по ликвидации последствий разработки месторождений
B14: Дата | C14: БИН | D14: Наименование организации | F14: Виды работ | G14: Сумма расходов
A27: 9 | B27: Итого расходов | G27: =SUM(G15:G26) -> 0 | H27: =IF(G27<F12,F12-G27,0) -> 0 | I27: =H27 -> 0
A30: Примечание. | C30: строка 9 столбец H переносится в форму 150.01 в строку 150.01.008
C31: строка 9 столбец I переносится в форму 150.00 в строку 150.00.009

Sheet № 10 нецелевое использование
I2: Форма 150.00
B3: Размер нецелевого использования средств ликвидационного фонда недропользователем
B5: Раздел. Общая информация о налогоплательщике
A7: 1 | B7: БИН | C7: ='150.00'!C8:F8 -> 222222222222
A8: 2 | B8: Налоговый период, за который предоставляется налоговая отчетность: год | I8: ='150.00'!K10 -> 2025
H9: Форма 150.01 | I9: Форма 150.00
A10: № | B10: Сумма отчислений в фонд ликвидации | H10: Нецелевое использование средств ликвидационного фонда недропользователем | I10: Нецелевое использование средств ликвидационного фонда недропользователем
B11: Сумма отчислений в фонд ликвидации на начало периода | D11: Отчисления в налоговом периоде | F11: Сумма отчислений в фонд ликвидации на конец периода
A12: 1 | B12: ='№ 9 превышение отчислений'!B12:C12 -> 0 | D12: ='№ 9 превышение отчислений'!D12:E12 -> 0 | F12: =B12+D12 -> 0 | I12: =H12 -> 0
A15: Примечание. | C15: строка 1 столбец H переносится в форму 150.01 в строку 150.01.009
C16: строка 1 столбец I переносится в форму 150.00 в строку 150.00.010

Sheet № 11 штрафы пени
L2: Форма 150.00
B3: ПРИСУЖДЕННЫЕ ИЛИ ПРИЗНАННЫЕ ДОЛЖНИКОМ ШТРАФЫ,ПЕНИ И ДРУГИЕ ВИДЫ САНКЦИЙ, КРОМЕ ВОЗВРАЩЕННЫХ НЕОБОСНОВАННО УДЕРЖАННЫХ ШТРАФОВ, ЕСЛИ ЭТИ СУММЫ РАНЕЕ НЕ БЫЛИ ОТНЕСЕНЫ НА ВЫЧЕТЫ
B5: Раздел. Общая информация о налогоплательщике
A7: 1 | B7: БИН | C7: ='150.00'!C8:F8 -> 222222222222
A8: 2 | B8: Налоговый период, за который предоставляется налоговая отчетность: год | I8: ='150.00'!K10 -> 2025
J9: Форма 150.01 | K9: Форма 150.02 | L9: Форма 150.00
A10: № | B10: Наименование показателей | J10: Сумма (контрактная деятельность) | K10: Сумма (внеконтрактная деятельность) | L10: Сумма
B11: Дата | C11: БИН | D11: Наименование организации
A12: 1 | B12: Присужденные должнику штрафы, пени, неустойки | J12: =SUM(J13:J18) -> 0 | K12: =SUM(K13:K18) -> 0 | L12: =SUM(L13:L18) -> 0
L13: =J13+K13 -> 0
L14: =J14+K14 -> 0
L15: =J15+K15 -> 0
L16: =J16+K16 -> 0
L17: =J17+K17 -> 0
L18: =J18+K18 -> 0
A19: 2 | B19: Признанные должником штрафы, пени, неустойки | J19: =SUM(J20:J25) -> 0 | K19: =SUM(K20:K25) -> 0 | L19: =SUM(L20:L25) -> 0
L20: =J20+K20 -> 0
L21: =J21+K21 -> 0
L22: =J22+K22 -> 0
L23: =J23+K23 -> 0
L24: =J24+K24 -> 0
L25: =J25+K25 -> 0
A26: 3 | B26: Итого (стр.1+стр.2) | J26: =J12+J19 -> 0 | K26: =K12+K19 -> 0 | L26: =L12+L19 -> 0
A29: Примечание. | C29: строка 3 столбец J переносится в форму 150.01 в строку 150.01.010
C30: строка 3 столбец K переносится в форму 150.02 в строку 150.02.008
C31: строка 3 столбец L переносится в форму 150.00 в строку 150.00.011

Sheet № 12 дивид вознагр
L2: Форма 150.00
A3: ДИВИДЕНДЫ, ВОЗНАГРАЖДЕНИЕ ПО ДЕПОЗИТУ, ДОЛГОВОЙ ЦЕННОЙ БУМАГЕ, ВЕКСЕЛЮ, ИСЛАМСКОМУ АРЕНДНОМУ СЕРТИФИКАТУ, ВЫИГРЫШИ
B5: Раздел. Общая информация о налогоплательщике
A7: 1 | B7: БИН | C7: ='150.00'!C8:F8 -> 222222222222
A8: 2 | B8: Налоговый период, за который предоставляется налоговая отчетность: год | I8: ='150.00'!K10 -> 2025
J9: Форма 150.01 | K9: Форма 150.02 | L9: Форма 150.00
A10: № | B10: Наименование показателей | J10: Сумма (контрактная деятельность) | K10: Сумма (внеконтрактная деятельность) | L10: Сумма
B11: Дата | C11: БИН | D11: Наименование организации
A12: А | B12: Доход по дивидендам, вознаграждениям ..., всего (сумма стр 1 по стр 3) | J12: =J13+J17+J34 -> 0 | K12: =K13+K17+K34 -> 0 | L12: =L13+L17+L34 -> 0
A13: 1 | B13: Дивиденды | J13: =SUM(J14:J16) -> 0 | K13: =SUM(K14:K16) -> 0 | L13: =SUM(L14:L16) -> 0
L14: =SUM(J14:K14) -> 0
L15: =SUM(J15:K15) -> 0
L16: =SUM(J16:K16) -> 0
A17: 2 | B17: Вознаграждения,всего, в том числе: (стр.2a+стр.2b+стр.2d+стр.2e) | J17: =SUM(J26+J30+J22+J18) -> 0 | K17: =SUM(K26+K30+K22+K18) -> 0 | L17: =SUM(L26+L30+L22+L18) -> 0
A18: a | B18: по депозиту | J18: =SUM(J19:J21) -> 0 | K18: =SUM(K19:K21) -> 0 | L18: =SUM(L19:L21) -> 0
L19: =SUM(J19:K19) -> 0
L20: =SUM(J20:K20) -> 0
L21: =SUM(J21:K21) -> 0
A22: b | B22: по долговой ценной бумаге | J22: =SUM(J23:J25) -> 0 | K22: =SUM(K23:K25) -> 0 | L22: =SUM(L23:L25) -> 0
L23: =SUM(J23:K23) -> 0
L24: =SUM(J24:K24) -> 0
L25: =SUM(J25:K25) -> 0
A26: d | B26: векселю | J26: =SUM(J27:J29) -> 0 | K26: =SUM(K27:K29) -> 0 | L26: =SUM(L27:L29) -> 0
L27: =SUM(J27:K27) -> 0
L28: =SUM(J28:K28) -> 0
L29: =SUM(J29:K29) -> 0
A30: e | B30: исламскому арендному сертификату | J30: =SUM(J31:J33) -> 0 | K30: =SUM(K31:K33) -> 0 | L30: =SUM(L31:L33) -> 0
L32: =SUM(J32:K32) -> 0
L33: =SUM(J33:K33) -> 0
A34: 3 | B34: Выигрыши | J34: =SUM(J35:J37) -> 0 | K34: =SUM(K35:K37) -> 0 | L34: =SUM(L35:L37) -> 0
L35: =SUM(J35:K35) -> 0
L36: =SUM(J36:K36) -> 0
L37: =SUM(J37:K37) -> 0
A40: Примечание. | C40: строка 1 столбец J переносится в форму 150.01 в строку 150.01.011
C41: строка 1 столбец K переносится в форму 150.02 в строку 150.02.009
C42: строка 1 столбец L переносится в форму 150.00 в строку 150.00.012

Sheet № 13 курсовые разницы
L2: Форма 150.00
B3: КУРСОВЫЕ РАЗНИЦЫ
B5: Раздел. Общая информация о налогоплательщике
A7: 1 | B7: БИН | C7: ='150.00'!C8:F8 -> 222222222222
A8: 2 | B8: Налоговый период, за который предоставляется налоговая отчетность: год | I8: ='150.00'!K10 -> 2025
J9: Форма 150.01 | K9: Форма 150.02 | L9: Форма 150.00
A10: № | B10: Наименование показателей | J10: Сумма (контрактная деятельность) | K10: Сумма (внеконтрактная деятельность) | L10: Сумма
A11: 1 | B11: Положительная курсовая разница | L11: =SUM(J11:K11) -> 0
A12: 2 | B12: Отрицательная курсовая разница | L12: =SUM(J12:K12) -> 0
A13: 3 | B13: Превышение суммы положительной курсовой разницы над суммой отрицательной курсовой разницы (стр. 1-стр.2), если стр.1 > стр.2 | J13: =IF(J11>J12,J11-J12,0) -> 0 | K13: =IF(K11>K12,K11-K12,0) -> 0 | L13: =IF(L11>L12,L11-L12,0) -> 0
A14: 4 | B14: Превышение суммы отрицательной курсовой разницы над суммой положительной курсовой разницы (стр.2-стр.1), если стр.1 < стр.2 | J14: =IF(J12>J11,J12-J11,0) -> 0 | K14: =IF(K12>K11,K12-K11,0) -> 0 | L14: =IF(L12>L11,L12-L11,0) -> 0
A18: Примечание. | C18: строка 3 столбец J переносится в форму 150.01 в строку 150.01.012
C19: строка 3 столбец K переносится в форму 150.02 в строку 150.02.010
C20: строка 3 столбец L переносится в форму 150.00 в строку 150.00.013
C21: строка 4 столбец J переносится в форму 150.01 в строку 150.01.033
C22: строка 4 столбец K переносится в форму 150.02 в строку 150.02.027
C23: строка 4 столбец L переносится в форму 150.00 в строку 150.00.034

Sheet № 14 депозит в ислам банке
L2: Форма 150.00
A3: Доход по инвестиционному депозиту, размещенному в исламском банке
B5: Раздел. Общая информация о налогоплательщике
A7: 1 | B7: БИН | C7: ='150.00'!C8:F8 -> 222222222222
A8: 2 | B8: Налоговый период, за который предоставляется налоговая отчетность: год | I8: ='150.00'!K10 -> 2025
J9: Форма 150.01 | K9: Форма 150.02 | L9: Форма 150.00
A10: № | B10: Наименование показателей | J10: Сумма (контрактная деятельность) | K10: Сумма (внеконтрактная деятельность) | L10: Сумма
B11: Дата | C11: БИН | D11: Наименование организации
A12: А | B12: Доход по инвестиционному депозиту, размещенному в исламском банке | J12: =SUM(J13:J24) -> 0 | K12: =SUM(K13:K24) -> 0 | L12: =SUM(L13:L24) -> 0
L13: =SUM(J13:K13) -> 0
L14: =SUM(J14:K14) -> 0
L15: =SUM(J15:K15) -> 0
L16: =SUM(J16:K16) -> 0
L17: =SUM(J17:K17) -> 0
L18: =SUM(J18:K18) -> 0
L19: =SUM(J19:K19) -> 0
L20: =SUM(J20:K20) -> 0
L21: =SUM(J21:K21) -> 0
L22: =SUM(J22:K22) -> 0
L23: =SUM(J23:K23) -> 0
L24: =SUM(J24:K24) -> 0
A27: Примечание. | C27: строка 1 столбец J переносится в форму 150.01 в строку 150.01.013
C28: строка 1 столбец K переносится в форму 150.02 в строку 150.02.011
C29: строка 1 столбец L переносится в форму 150.00 в строку 150.00.014

Sheet № 15 другие доходы
K2: Форма 150.00
B3: ДРУГИЕ ДОХОДЫ
B5: Раздел. Общая информация о налогоплательщике
A7: 1 | B7: БИН | C7: ='150.00'!C8:F8 -> 222222222222
A8: 2 | B8: Налоговый период, за который предоставляется налоговая отчетность: год | K8: ='150.00'!K10 -> 2025
I9: Форма 150.01 | J9: Форма 150.02 | K9: Форма 150.00
A10: № | B10: Наименование показателей | I10: Сумма (контрактная деятельность) | J10: Сумма (внеконтрактная деятельность) | K10: Сумма
A11: 1 | B11: Доход, полученный за согласие ограничить или прекратить предпринимательскую деятельность | K11: =I11+J11 -> 0
A12: 2 | B12: Доходы от осуществления совместной деятельности | K12: =I12+J12 -> 0
A13: 3 | B13: Полученные компенсации по ранее произведенным вычетам | K13: =I13+J13 -> 0
A14: 4 | B14: Доход в виде безвозмездно полученного имущества | K14: =I14+J14 -> 0
A15: 5 | B15: Доходы, полученные при эксплуатации объектов социальной сферы | K15: =I15+J15 -> 0
A16: 6 | B16: Доходы от продажи предприятия как имущественного комплекса | K16: =I16+J16 -> 0
A17: 7 | B17: Чистый доход от доверительного управления имуществом учредителя доверительного управления | K17: =I17+J17 -> 0
A18: 8 | B18: Прочие доходы | K18: =I18+J18 -> 0
A19: 9 | B19: Итого (сумма стр.с 1 по 8) | I19: =I11+I12+I13+I14+I15+I16+I17+I18 -> 0 | J19: =J11+J12+J13+J14+J15+J16+J17+J18 -> 0 | K19: =K11+K12+K13+K14+K15+K16+K17+K18 -> 0
A22: Примечание. | C22: строка 9 столбец I переносится в форму 150.01 в строку 150.01.014
C23: строка 9 столбец J переносится в форму 150.02 в строку 150.02.012
C24: строка 9 столбец K переносится в форму 150.00 в строку 150.00.015

Sheet № 17 коррект СГД
K2: Форма 150.00
B3: КОРРЕКТИРОВКА СОВОКУПНОГО ГОДОВОГО ДОХОДА В СООТВЕТСТВИИ С ПУНКТОМ 1 СТАТЬИ 241 НАЛОГОВОГО КОДЕКСА
B5: Раздел. Общая информация о налогоплательщике
A7: 1 | B7: БИН | C7: ='150.00'!C8:F8 -> 222222222222
A8: 2 | B8: Налоговый период, за который предоставляется налоговая отчетность: год | G8: ='150.00'!K10 -> 2025
I9: Форма 150.01 | J9: Форма 150.02 | K9: Форма 150.00
A10: № | B10: Наименование показателей | I10: Сумма (контрактная деятельность) | J10: Сумма (внеконтрактная деятельность) | K10: Сумма
A11: 1 | B11: Дивиденды, за исключением выплачиваемых закрытыми паевыми инвестиционными фондами риискового инвестирования и акционерными инвестиционными фондами рискового инвестирования | K11: =SUM(I11:J11) -> 0
A12: 2 | B12: Чистый доход от доверительного управления имуществом, полученный (подлежащий) получению учредителем доверительного управления | K12: =SUM(I12:J12) -> 0
A13: 3 | B13: Другие доходы, подлежащие исключению из совокупного годового дохода | K13: =SUM(I13:J13) -> 0
A14: 4 | B14: Итого (стр.1+стр.2+стр.3) | I14: =SUM(I11:I13) -> 0 | J14: =SUM(J11:J13) -> 0 | K14: =SUM(K11:K13) -> 0
A17: Примечание. | C17: строка 4 столбец I переносится в форму 150.01 в строку 150.01.016
C18: строка 4 столбец J переносится в форму 150.02 в строку 150.02.014
C19: строка 4 столбец K переносится в форму 150.00 в строку 150.00.017

Sheet № 18 корректир СГД
L2: Форма 150.00
B3: КОРРЕКТИРОВКА СОВОКУПНОГО ГОДОВОГО ДОХОДА В СООТВЕТСТВИИ С ПУНКТОМ 2 СТАТЬИ 241 НАЛОГОВОГО КОДЕКСА
B5: Раздел. Общая информация о налогоплательщике
A7: 1 | B7: БИН | C7: ='150.00'!C8:F8 -> 222222222222
A8: 2 | B8: Налоговый период, за который предоставляется налоговая отчетность: год | H8: ='150.00'!K10 -> 2025
J9: Форма 150.01 | K9: Форма 150.02 | L9: Форма 150.00
A10: № | B10: Наименование показателей | J10: Сумма (контрактная деятельность) | K10: Сумма (внеконтрактная деятельность) | L10: Сумма
A11: 1 | B11: Положительная разница, образовавшаяся в результате применения нового метода оценки ТМЗ | L11: =SUM(J11:K11) -> 0 | M11: сумма увеличивает СГД
A12: 2 | B12: Отрицательная разница, образовавшаяся в результате применения нового метода оценки ТМЗ | L12: =SUM(J12:K12) -> 0 | M12: сумма уменьшает СГД, следует указывать со знаком (-)
A13: 3 | B13: Положительная (отрицательная) разница, полученная при переходе на иной метод оценки товарно-материальных запасов | J13: =SUM(J11:J12) -> 0 | K13: =SUM(K11:K12) -> 0 | L13: =SUM(J13:K13) -> 0
A17: Примечание. | C17: строка 3 столбец J переносится в форму 150.01 в строку 150.01.017
C18: строка 3 столбец K переносится в форму 150.02 в строку 150.02.015
C19: строка 3 столбец L переносится в форму 150.00 в строку 150.00.018

Sheet 20.3A ТМЗ
J1: Форма 150.00
B2: Товарно-материальные запасы
B4: Раздел. Общая информация о налогоплательщике
A6: 1 | B6: БИН | C6: ='150.00'!C8:F8 -> 222222222222
A7: 2 | B7: Налоговый период, за который предоставляется налоговая отчетность: год | G7: ='150.00'!K10 -> 2025
I8: Форма 150.01 | J8: Форма 150.02 | K8: Форма 150.00
A9: № | B9: Дата поступления | C9: Наименование поставщика | E9: БИН поставщика | G9: Примечание | I9: Сумма (контрактная деятельность) | J9: Сумма (внеконтрактная деятельность) | K9: Сумма
A10: 1 | K10: =SUM(I10:J10) -> 0
A11: 2 | K11: =SUM(I11:J11) -> 0
A12: 3 | K12: =SUM(I12:J12) -> 0
A13: 4 | K13: =SUM(I13:J13) -> 0
A14: 5 | K14: =SUM(I14:J14) -> 0
A15: 6 | K15: =SUM(I15:J15) -> 0
A16: 7 | K16: =SUM(I16:J16) -> 0
A17: 8 | K17: =SUM(I17:J17) -> 0
A18: 9 | K18: =SUM(I18:J18) -> 0
A19: 10 | K19: =SUM(I19:J19) -> 0
A20: 11 | K20: =SUM(I20:J20) -> 0
A21: 12 | K21: =SUM(I21:J21) -> 0
... A29: 20 | K29: =SUM(I29:J29) -> 0
A30: ИТОГО | I30: =SUM(I10:I29) -> 0 | J30: =SUM(J10:J29) -> 0 | K30: =SUM(I30:J30) -> 0
A33: Примечание. | C33: строка ИТОГО столбец I переносится в форму 150.01 в строку 150.01.019 IIIA
C34: строка ИТОГО столбец J переносится в форму 150.02 в строку 150.02.017 IIIA
C35: строка ИТОГО столбец K переносится в форму 150.00 в строку 150.00.020 IIIA

Sheet 20.3B фин. услуги
K1: Форма 150.00
B2: Финансовые услуги
B4: Раздел. Общая информация о налогоплательщике
A6: 1 | B6: БИН | C6: ='150.00'!C8:F8 -> 222222222222
A7: 2 | B7: Налоговый период, за который предоставляется налоговая отчетность: год | G7: ='150.00'!K10 -> 2025
I8: Форма 150.01 | J8: Форма 150.02 | K8: Форма 150.00
A9: № | B9: Дата поступления | C9: Наименование поставщика | E9: БИН поставщика | G9: Примечание | I9: Сумма (контрактная деятельность) | J9: Сумма (внеконтрактная деятельность) | K9: Сумма
A10: 1 | K10: =SUM(I10:J10) -> 0
A11: 2 | K11: =SUM(I11:J11) -> 0
A12: 3 | K12: =SUM(I12:J12) -> 0
A13: 4 | K13: =SUM(I13:J13) -> 0
A14: 5 | K14: =SUM(I14:J14) -> 0
A15: 6 | K15: =SUM(I15:J15) -> 0
A16: 7 | K16: =SUM(I16:J16) -> 0
A17: 8 | K17: =SUM(I17:J17) -> 0
A18: 9 | K18: =SUM(I18:J18) -> 0
A19: 10 | K19: =SUM(I19:J19) -> 0
A20: 11 | K20: =SUM(I20:J20) -> 0
A21: 12 | K21: =SUM(I21:J21) -> 0
... A29: 20 | K29: =SUM(I29:J29) -> 0
A30: ИТОГО | I30: =SUM(I10:I29) -> 0 | J30: =SUM(J10:J29) -> 0 | K30: =SUM(I30:J30) -> 0
A33: Примечание. | C33: строка ИТОГО столбец I переносится в форму 150.01 в строку 150.01.019 IIIВ
C34: строка ИТОГО столбец J переносится в форму 150.02 в строку 150.02.017 IIIВ
C35: строка ИТОГО столбец K переносится в форму 150.00 в строку 150.00.020 IIIВ

Sheet 20.3C рекламные усл.
K1: Форма 150.00
B2: Рекламные услуги
B4: Раздел. Общая информация о налогоплательщике
A6: 1 | B6: БИН | C6: ='150.00'!C8:F8 -> 222222222222
A7: 2 | B7: Налоговый период, за который предоставляется налоговая отчетность: год | J7: ='150.00'!K10 -> 2025
I8: Форма 150.01 | J8: Форма 150.02 | K8: Форма 150.00
A9: № | B9: Дата | C9: Наименование поставщика | E9: БИН поставщика | G9: Примечание | I9: Сумма (контрактная деятельность) | J9: Сумма (внеконтрактная деятельность) | K9: Сумма
A10: 1 | K10: =SUM(I10:J10) -> 0
A11: 2 | K11: =SUM(I11:J11) -> 0
A12: 3 | K12: =SUM(I12:J12) -> 0
A13: 4 | K13: =SUM(I13:J13) -> 0
A14: 5 | K14: =SUM(I14:J14) -> 0
A15: 6 | K15: =SUM(I15:J15) -> 0
A16: 7 | K16: =SUM(I16:J16) -> 0
A17: 8 | K17: =SUM(I17:J17) -> 0
A18: 9 | K18: =SUM(I18:J18) -> 0
A19: 10 | K19: =SUM(I19:J19) -> 0
A20: ИТОГО | I20: =SUM(I10:I19) -> 0 | J20: =SUM(J10:J19) -> 0 | K20: =SUM(I20:J20) -> 0
A23: Примечание. | C23: строка ИТОГО столбец I переносится в форму 150.01 в строку 150.01.019 IIIС
C24: строка ИТОГО столбец J переносится в форму 150.02 в строку 150.02.017 IIIС
C25: строка ИТОГО столбец K переносится в форму 150.00 в строку 150.00.020 IIIС

Sheet 20.3D консультационные услуги
K1: Форма 150.00
B2: Консультационные услуги
B4: Раздел. Общая информация о налогоплательщике
A6: 1 | B6: БИН | C6: ='150.00'!C8:F8 -> 222222222222
A7: 2 | B7: Налоговый период, за который предоставляется налоговая отчетность: год | J7: ='150.00'!K10 -> 2025
I8: Форма 150.01 | J8: Форма 150.02 | K8: Форма 150.00
A9: № | B9: Дата | C9: Наименование поставщика | E9: БИН поставщика | G9: Примечание | I9: Сумма (контрактная деятельность) | J9: Сумма (внеконтрактная деятельность) | K9: Сумма
A10: 1 | K10: =SUM(I10:J10) -> 0
A11: 2 | K11: =SUM(I11:J11) -> 0
A12: 3 | K12: =SUM(I12:J12) -> 0
A13: 4 | K13: =SUM(I13:J13) -> 0
A14: 5 | K14: =SUM(I14:J14) -> 0
A15: 6 | K15: =SUM(I15:J15) -> 0
A16: 7 | K16: =SUM(I16:J16) -> 0
A17: 8 | K17: =SUM(I17:J17) -> 0
A18: 9 | K18: =SUM(I18:J18) -> 0
A19: 10 | K19: =SUM(I19:J19) -> 0
A20: ИТОГО | I20: =SUM(I10:I19) -> 0 | J20: =SUM(J10:J19) -> 0 | K20: =SUM(I20:J20) -> 0
A23: Примечание. | C23: строка ИТОГО столбец I переносится в форму 150.01 в строку 150.01.019 III D
C24: строка ИТОГО столбец J переносится в форму 150.02 в строку 150.02.017 III D
C25: строка ИТОГО столбец K переносится в форму 150.00 в строку 150.00.020 III D

Sheet 20.3E маркетинговые усл.
K1: Форма 150.00
B2: Маркетинговые услуги
B4: Раздел. Общая информация о налогоплательщике
A6: 1 | B6: БИН | C6: ='150.00'!C8:F8 -> 222222222222
A7: 2 | B7: Налоговый период, за который предоставляется налоговая отчетность: год | J7: ='150.00'!K10 -> 2025
I8: Форма 150.01 | J8: Форма 150.02 | K8: Форма 150.00
A9: № | B9: Дата | C9: Наименование поставщика | E9: БИН поставщика | G9: Примечание | I9: Сумма (контрактная деятельность) | J9: Сумма (внеконтрактная деятельность) | K9: Сумма
A10: 1 | K10: =SUM(I10:J10) -> 0
A11: 2 | K11: =SUM(I11:J11) -> 0
A12: 3 | K12: =SUM(I12:J12) -> 0
A13: 4 | K13: =SUM(I13:J13) -> 0
A14: 5 | K14: =SUM(I14:J14) -> 0
A15: 6 | K15: =SUM(I15:J15) -> 0
A16: 7 | K16: =SUM(I16:J16) -> 0
A17: 8 | K17: =SUM(I17:J17) -> 0
A18: 9 | K18: =SUM(I18:J18) -> 0
A19: 10 | K19: =SUM(I19:J19) -> 0
A20: ИТОГО | I20: =SUM(I10:I19) -> 0 | J20: =SUM(J10:J19) -> 0 | K20: =SUM(I20:J20) -> 0
A23: Примечание. | C23: строка ИТОГО столбец I переносится в форму 150.01 в строку 150.01.019 III E
C24: строка ИТОГО столбец J переносится в форму 150.02 в строку 150.02.017 III E
C25: строка ИТОГО столбец K переносится в форму 150.00 в строку 150.00.020 III E

Sheet 20.3F дизайнерские услуги
K1: Форма 150.00
B2: Дизайнерские услуги
B4: Раздел. Общая информация о налогоплательщике
A6: 1 | B6: БИН | C6: ='150.00'!C8:F8 -> 222222222222
A7: 2 | B7: Налоговый период, за который предоставляется налоговая отчетность: год | J7: ='150.00'!K10 -> 2025
I8: Форма 150.01 | J8: Форма 150.02 | K8: Форма 150.00
A9: № | B9: Дата | C9: Наименование поставщика | E9: БИН поставщика | G9: Примечание | I9: Сумма (контрактная деятельность) | J9: Сумма (внеконтрактная деятельность) | K9: Сумма
A10: 1 | K10: =SUM(I10:J10) -> 0
A11: 2 | K11: =SUM(I11:J11) -> 0
A12: 3 | K12: =SUM(I12:J12) -> 0
A13: 4 | K13: =SUM(I13:J13) -> 0
A14: 5 | K14: =SUM(I14:J14) -> 0
A15: 6 | K15: =SUM(I15:J15) -> 0
A16: 7 | K16: =SUM(I16:J16) -> 0
A17: 8 | K17: =SUM(I17:J17) -> 0
A18: 9 | K18: =SUM(I18:J18) -> 0
A19: 10 | K19: =SUM(I19:J19) -> 0
A20: ИТОГО | I20: =SUM(I10:I19) -> 0 | J20: =SUM(J10:J19) -> 0 | K20: =SUM(I20:J20) -> 0
A23: Примечание. | C23: строка ИТОГО столбец I переносится в форму 150.01 в строку 150.01.019 III F
C24: строка ИТОГО столбец J переносится в форму 150.02 в строку 150.02.017 III F
C25: строка ИТОГО столбец K переносится в форму 150.00 в строку 150.00.020 III F

Sheet 20.3G инжиниринговые услуги
K1: Форма 150.00
B2: Инжиниринговые услуги
B4: Раздел. Общая информация о налогоплательщике
A6: 1 | B6: БИН | C6: ='150.00'!C8:F8 -> 222222222222
A7: 2 | B7: Налоговый период, за который предоставляется налоговая отчетность: год | J7: ='150.00'!K10 -> 2025
I8: Форма 150.01 | J8: Форма 150.02 | K8: Форма 150.00
A9: № | B9: Дата | C9: Наименование поставщика | E9: БИН поставщика | G9: Примечание | I9: Сумма (контрактная деятельность) | J9: Сумма (внеконтрактная деятельность) | K9: Сумма
A10: 1 | K10: =SUM(I10:J10) -> 0
A11: 2 | K11: =SUM(I11:J11) -> 0
A12: 3 | K12: =SUM(I12:J12) -> 0
A13: 4 | K13: =SUM(I13:J13) -> 0
A14: 5 | K14: =SUM(I14:J14) -> 0
A15: 6 | K15: =SUM(I15:J15) -> 0
A16: 7 | K16: =SUM(I16:J16) -> 0
A17: 8 | K17: =SUM(I17:J17) -> 0
A18: 9 | K18: =SUM(I18:J18) -> 0
A19: 10 | K19: =SUM(I19:J19) -> 0
A20: ИТОГО | I20: =SUM(I10:I19) -> 0 | J20: =SUM(J10:J19) -> 0 | K20: =SUM(I20:J20) -> 0
A23: Примечание. | C23: строка ИТОГО столбец I переносится в форму 150.01 в строку 150.01.019 III G
C24: строка ИТОГО столбец J переносится в форму 150.02 в строку 150.02.017 III G
C25: строка ИТОГО столбец K переносится в форму 150.00 в строку 150.00.020 III G

Sheet 20.3H прочие
K1: Форма 150.00
B2: Прочие услуги
B4: Раздел. Общая информация о налогоплательщике
A6: 1 | B6: БИН | C6: ='150.00'!C8:F8 -> 222222222222
A7: 2 | B7: Налоговый период, за который предоставляется налоговая отчетность: год | J7: ='150.00'!K10 -> 2025
I8: Форма 150.01 | J8: Форма 150.02 | K8: Форма 150.00
A9: № | B9: Дата | C9: Наименование поставщика | E9: БИН поставщика | G9: Примечание | I9: Сумма (контрактная деятельность) | J9: Сумма (внеконтрактная деятельность) | K9: Сумма
A10: 1 | K10: =SUM(I10:J10) -> 0
A11: 2 | K11: =SUM(I11:J11) -> 0
A12: 3 | K12: =SUM(I12:J12) -> 0
A13: 4 | K13: =SUM(I13:J13) -> 0
A14: 5 | K14: =SUM(I14:J14) -> 0
A15: 6 | K15: =SUM(I15:J15) -> 0
A16: 7 | K16: =SUM(I16:J16) -> 0
A17: 8 | K17: =SUM(I17:J17) -> 0
A18: 9 | K18: =SUM(I18:J18) -> 0
A19: 10 | K19: =SUM(I19:J19) -> 0
A20: 11 | K20: =SUM(I20:J20) -> 0
A21: 12 | K21: =SUM(I21:J21) -> 0
... A29: 20 | K29: =SUM(I29:J29) -> 0
A30: ИТОГО | I30: =SUM(I10:I29) -> 0 | J30: =SUM(J10:J29) -> 0 | K30: =SUM(I30:J30) -> 0
A33: Примечание. | C33: строка ИТОГО столбец I переносится в форму 150.01 в строку 150.01.019 IIIH
C34: строка ИТОГО столбец J переносится в форму 150.02 в строку 150.02.017 IIIH
C35: строка ИТОГО столбец K переносится в форму 150.00 в строку 150.00.020 IIIH

Sheet 20.4 доходы работников
M1: Форма 150.00
B3: Расходы по начисленным доходам работников и иным выплатам физическим лицам
B5: Раздел. Общая информация о налогоплательщике
A7: 1 | B7: БИН | C7: ='150.00'!C8:F8 -> 222222222222
A8: 2 | B8: Налоговый период, за который предоставляется налоговая отчетность: год | I8: ='150.00'!K10 -> 2025
K9: Форма 150.01 | L9: Форма 150.02 | M9: Форма 150.00
A10: № | B10: Наименование показателей | K10: Сумма (контрактная деятельность) | L10: Сумма (внеконтрактная деятельность) | M10: Сумма
A11: 1 | B11: Расходы по оплате труда работников, подлежащих налогообложению | M11: =SUM(K11:L11) -> 0
A12: 2 | B12: Доходы работников в виде расходов работодателя, направленных в соответствии с законодательством Республики Казахстан на обучение, повышение квалификации или переподготовку работника по специальности, связанной с производственной деятельностью работодателя. | M12: =SUM(K12:L12) -> 0
A13: 4 | B13: Обязательные профессиональные пенсионные взносы, уплаченные налогоплательщиком по пенсионным правилам единого накопительного пенсионного фонда, подлежат вычету в пределах, установленных законодательством Республики Казахстан о пенсионном обеспечении. | M13: =SUM(K13:L13) -> 0
A14: 5 | M14: =SUM(K14:L14) -> 0
A15: 6 | M15: =SUM(K15:L15) -> 0
A16: 7 | M16: =SUM(K16:L16) -> 0
A17: 8 | B17: Итого | K17: =SUM(K10:K16) -> 0 | L17: =SUM(L10:L16) -> 0 | M17: =SUM(K17:L17) -> 0
A20: Примечание. | C20: строка 8 столбец K переносится в форму 150.01 в строку 150.01.019 IV
C21: строка 8 столбец L переносится в форму 150.02 в строку 150.02.017 IV
C22: строка 8 столбец M переносится в форму 150.00 в строку 150.00.020 IV

Sheet № 20.5, 20.9 РБП
F2: Форма 150.00
B3: РАСХОДЫ БУДУЩИХ ПЕРИОДОВ
B5: Раздел. Общая информация о налогоплательщике
A7: 1 | B7: БИН | C7: ='150.00'!C8:F8 -> 222222222222
A8: 2 | B8: Налоговый период, за который предоставляется налоговая отчетность: год | E8: ='150.00'!K10 -> 2025
A10: № | B10: Наименование РБП | C10: РБП предыдущих налоговых периодов, подлежащие отнесению на вычеты в текущем году | D10: Общая сумма расходов будущих периодов, приобретенных в отчетном налоговом периоде | E10: Сумма РБП отчетного налогового периода, подлежащие отнесению на вычеты в следующем году | F10: Сумма страховых премий подлежащих вычету в отчетном налоговом периоде
A11: 1 | B11: 2 | C11: 3 | D11: 4 | E11: 5 | F11: 6
A12: А | B12: ВСЕГО | C12: =C13+C18 -> 0 | D12: =D13+D18 -> 0 | E12: =E13+E18 -> 0 | F12: =F13+F18 -> 0
A13: В | B13: Всего по контракту | C13: =SUM(C14:C17) -> 0 | D13: =SUM(D14:D17) -> 0 | E13: =SUM(E14:E17) -> 0 | F13: =SUM(F14:F17) -> 0
A14: 1 | F14: =C14+D14-E14 -> 0
A15: 2 | F15: =C15+D15-E15 -> 0
A16: 3 | F16: =C16+D16-E16 -> 0
A17: 4 | F17: =C17+D17-E17 -> 0
A18: С | B18: Всего по внеконтрактной деятельности | C18: =SUM(C19:C22) -> 0 | D18: =SUM(D19:D22) -> 0 | E18: =SUM(E19:E22) -> 0 | F18: =SUM(F19:F22) -> 0
A19: 1 | F19: =C19+D19-E19 -> 0
A20: 2 | F20: =C20+D20-E20 -> 0
A21: 3 | F21: =C21+D21-E21 -> 0
A22: 4 | F22: =C22+D22-E22 -> 0
A25: Примечание. | C25: строка В графа 3 переносится в № 150.01 по строке 150.01.019 V
C26: строка В графа 5 переносится в № 150.01 по строке 150.01.019 IX
C27: строка С графа 3 переносится в № 150.02 по строке 150.02.017 V
C28: строка С графа 5 переносится в № 150.02 по строке 150.02.017 IX
C29: строка А графа 3 переносится в № 150.00 по строке 150.00.020 V
C30: строка А графа 5 переносится в № 150.00 по строке 150.00.020 IX

Sheet 150.05ФА  контракт
M2: Форма 150.05
B3: ВЫЧЕТЫ ПО ФИКСИРОВАННЫМ АКТИВАМ по контрактной деятельности
B4: (Приложение 5 к Декларации)
B5: Раздел. Общая информация о налогоплательщике
A7: 1 | B7: БИН | C7: ='150.00'!C8:F8 -> 222222222222
A8: 2 | B8: Налоговый период, за который предоставляется налоговая отчетность: год | L8: ='150.00'!K10 -> 2025
A10: Вычеты по прямым фиксированным активам по контрактной деятельности
A12: № | B12: Наименование показателей | K12: Сумма | L12: Сумма по прямым ФА | M12: Сумма по общим ФА
A13: 150.05.001 | B13: Стоимостный баланс групп (подгрупп) на начало налогового периода | K13: =SUM(K14:K17) -> 0 | L13: =SUM(L14:L17) -> 0 | M13: =SUM(M14:M17) -> 0
A14: I | B14: I группы | K14: =SUM(L14:M14) -> 0
A15: II | B15: II группы | K15: =SUM(L15:M15) -> 0
A16: III | B16: III группы | K16: =SUM(L16:M16) -> 0
A17: IV | B17: IV группы | K17: =SUM(L17:M17) -> 0
A18: 150.05.002 | B18: Стоимость поступивших фиксированных активов | K18: =SUM(K19:K22) -> 0 | L18: =SUM(L19:L22) -> 0 | M18: =SUM(M19:M22) -> 0
A19: I | B19: I группы | K19: =SUM(L19:M19) -> 0
A20: II | B20: II группы | K20: =SUM(L20:M20) -> 0
A21: III | B21: III группы | K21: =SUM(L21:M21) -> 0
A22: IV | B22: IV группы | K22: =SUM(L22:M22) -> 0
A23: 150.05.003 | B23: Стоимость выбывших фиксированных активов | K23: =SUM(K24:K27) -> 0 | L23: =SUM(L24:L27) -> 0 | M23: =SUM(M24:M27) -> 0
A24: I | B24: I группы | K24: =SUM(L24:M24) -> 0
A25: II | B25: II группы | K25: =SUM(L25:M25) -> 0
A26: III | B26: III группы | K26: =SUM(L26:M26) -> 0
A27: IV | B27: IV группы | K27: =SUM(L27:M27) -> 0
A28: 150.05.004 | B28: Последующие расходы по фиксированным активам, относимые на увеличение стоимостных балансов групп (подгрупп) в соответствии с п.2 статьи 272 НК | K28: =SUM(K29:K32) -> 0 | L28: =SUM(L29:L32) -> 0 | M28: =SUM(M29:M32) -> 0
A29: I | B29: I группы | K29: =SUM(L29:M29) -> 0
A30: II | B30: II группы | K30: =SUM(L30:M30) -> 0
A31: III | B31: III группы | K31: =SUM(L31:M31) -> 0
A32: IV | B32: IV группы | K32: =SUM(L32:M32) -> 0
A33: 150.05.005 | B33: Стоимостный баланс групп (подгрупп) на конец налогового периода | K33: =SUM(K34:K37) -> 0 | L33: =SUM(L34:L37) -> 0 | M33: =SUM(M34:M37) -> 0
A34: I | B34: I группы | K34: =SUM(L34:M34) -> 0 | L34: =L14+L19-L24+L29 -> 0 | M34: =M14+M19-M24+M29 -> 0
A35: II | B35: II группы | K35: =SUM(L35:M35) -> 0 | L35: =L15+L20-L25+L30 -> 0 | M35: =M15+M20-M25+M30 -> 0
A36: III | B36: III группы | K36: =SUM(L36:M36) -> 0 | L36: =L16+L21-L26+L31 -> 0 | M36: =M16+M21-M26+M31 -> 0
A37: IV | B37: IV группы | K37: =SUM(L37:M37) -> 0 | L37: =L17+L22-L27+L32 -> 0 | M37: =M17+M22-M27+M32 -> 0
A38: 150.05.006 | B38: Амортизационные отчисления по фиксированным активам | I38: предельная норма | J38: применяемая норма | K38: =SUM(K39:K42) -> 0 | L38: =SUM(L39:L42) -> 0 | M38: =SUM(M39:M42) -> 0
A39: I | B39: I группы | I39: 0.1 | J39: 0.1 | K39: =SUM(L39:M39) -> 0 | L39: =ROUND(L34*J39,0) -> 0 | M39: ='150.05ФА общие'!L40 -> 0
A40: II | B40: II группы | I40: 0.25 | J40: 0.25 | K40: =SUM(L40:M40) -> 0 | L40: =ROUND(L35*J40,0) -> 0 | M40: ='150.05ФА общие'!L41 -> 0
A41: III | B41: III группы | I41: 0.4 | J41: 0.4 | K41: =SUM(L41:M41) -> 0 | L41: =ROUND(L36*J41,0) -> 0 | M41: ='150.05ФА общие'!L42 -> 0
A42: IV | B42: IV группы | I42: 0.15 | J42: 0.15 | K42: =SUM(L42:M42) -> 0 | L42: =ROUND(L37*J42,0) -> 0 | M42: ='150.05ФА общие'!L43 -> 0
A43: 150.05.007 | B43: Двойная норма амортизационных отчислений в соответствии с п. 7 ст. 271 Налогового кодекса | K43: =SUM(K44:K47) -> 0 | L43: =SUM(L44:L47) -> 0 | M43: =SUM(M44:M47) -> 0
A44: I | B44: I группы | J44: 0.2 | K44: =SUM(L44:M44) -> 0 | M44: ='150.05ФА общие'!L45 -> 0
A45: II | B45: II группы | J45: 0.5 | K45: =SUM(L45:M45) -> 0 | M45: ='150.05ФА общие'!L46 -> 0
A46: III | B46: III группы | J46: 0.8 | K46: =SUM(L46:M46) -> 0 | M46: ='150.05ФА общие'!L47 -> 0
A47: IV | B47: IV группы | J47: 0.3 | K47: =SUM(L47:M47) -> 0 | M47: ='150.05ФА общие'!L48 -> 0
A48: 150.05.008 | B48: Величина стоимостного баланса группы и признаваемый убыток по подгруппам (группы I ) при выбытии всех активов | K48: =SUM(K49:K52) -> 0 | L48: =SUM(L49:L52) -> 0 | M48: =SUM(M49:M52) -> 0
A49: I | B49: I группы | K49: =SUM(L49:M49) -> 0 | M49: ='150.05ФА общие'!L50 -> 0
A50: II | B50: II группы | K50: =SUM(L50:M50) -> 0 | M50: ='150.05ФА общие'!L51 -> 0
A51: III | B51: III группы | K51: =SUM(L51:M51) -> 0 | M51: ='150.05ФА общие'!L52 -> 0
A52: IV | B52: IV группы | K52: =SUM(L52:M52) -> 0 | M52: ='150.05ФА общие'!L53 -> 0
A53: 150.05.009 | B53: Величина стоимостного баланса группы (подгруппы) менее 300 месячных расчетных показателей относимая на вычеты | K53: =SUM(K54:K57) -> 0 | L53: =SUM(L54:L57) -> 0 | M53: =SUM(M54:M57) -> 0
A54: I | B54: I группы | K54: =SUM(L54:M54) -> 0 | M54: ='150.05ФА общие'!L55 -> 0
A55: II | B55: II группы | K55: =SUM(L55:M55) -> 0 | M55: ='150.05ФА общие'!L56 -> 0
A56: III | B56: III группы | K56: =SUM(L56:M56) -> 0 | M56: ='150.05ФА общие'!L57 -> 0
A57: IV | B57: IV группы | K57: =SUM(L57:M57) -> 0 | M57: ='150.05ФА общие'!L58 -> 0
A58: 150.05.010 | B58: Последующие расходы по фиксированным активам, относимые на вычеты в соответствии с п. 2 статьи 272 НК | K58: =SUM(K59:K62) -> 0 | L58: =SUM(L59:L62) -> 0 | M58: =SUM(M59:M62) -> 0
A59: I | B59: I группы | K59: =SUM(L59:M59) -> 0 | L59: ='20.6текущ.ремонт'!G35 -> 0 | M59: ='150.05ФА общие'!L60 -> 0
A60: II | B60: II группы | K60: =SUM(L60:M60) -> 0 | L60: ='20.6текущ.ремонт'!G36 -> 0 | M60: ='150.05ФА общие'!L61 -> 0
A61: III | B61: III группы | K61: =SUM(L61:M61) -> 0 | L61: ='20.6текущ.ремонт'!G37 -> 0 | M61: ='150.05ФА общие'!L62 -> 0
A62: IV | B62: IV группы | K62: =SUM(L62:M62) -> 0 | L62: ='20.6текущ.ремонт'!G38 -> 0 | M62: ='150.05ФА общие'!L63 -> 0
A63: 150.05.011 | B63: Итого вычетов по фиксированным активам (стр.11 I +стр.11 II+стр.11 III +стр.11 IV) | K63: =L63+M63 -> 0 | L63: =SUM(L64:L67) -> 0 | M63: =SUM(M64:M67) -> 0
A64: I | B64: I группы ( стр.6I + стр.7I + стр.9I + стр.10I) | K64: =SUM(L64:M64) -> 0 | L64: =L39+L44+L54+L59 -> 0 | M64: =M39+M44+M54+M59 -> 0
A65: II | B65: II группы (стр.6II + стр.7II + стр.8II + стр.9II + стр.10II) | K65: =SUM(L65:M65) -> 0 | L65: =L40+L45+L50+L55+L60 -> 0 | M65: =M40+M45+M50+M55+M60 -> 0
A66: III | B66: III группы (стр.6III + стр.7III + стр.8III + стр.9III + стр.10III) | K66: =SUM(L66:M66) -> 0 | L66: =L41+L46+L51+L56+L61 -> 0 | M66: =M41+M46+M51+M56+M61 -> 0
A67: IV | B67: IV группы (стр.6IV + стр.7IV + стр.8IV + стр.9IV + стр.10IV) | K67: =SUM(L67:M67) -> 0 | L67: =L42+L47+L52+L57+L62 -> 0 | M67: =M42+M47+M52+M57+M62 -> 0
A68: 150.05.012 | B68: Последующие расходы по арендованным основным средствам, относимые на вычеты в соответствии с п.4 статьи 272 НК | K68: =SUM(L68:M68) -> 0
A69: 150.05.013 | B69: Всего вычетов по фиксированным активам (стр.11+стр.12) | K69: =K63+K68 -> 0 | L69: =L63+L68 -> 0 | M69: =M63+M68 -> 0
A72: Примечание.

Sheet 150.05 ФА внеконтрактная
M2: Форма 150.05
B3: ВЫЧЕТЫ ПО ФИКСИРОВАННЫМ АКТИВАМ по внеконтрактной деятельности
B4: (Приложение 5 к Декларации)
B5: Раздел. Общая информация о налогоплательщике
A7: 1 | B7: БИН | C7: ='150.00'!C8:F8 -> 222222222222
A8: 2 | B8: Налоговый период, за который предоставляется налоговая отчетность: год | M8: ='150.00'!K10 -> 2025
A10: Раздел. Вычеты по общим и косвенным фиксированным активам по внеконтрактной деятельности
A12: № | B12: Наименование показателей | K12: Сумма | L12: Сумма по прямым ФА | M12: Сумма по общим ФА
A13: 150.05.001 | B13: Стоимостный баланс групп (подгрупп) на начало налогового периода | K13: =SUM(K14:K17) -> 0 | L13: =SUM(L14:L17) -> 0 | M13: =SUM(M14:M17) -> 0
A14: I | B14: I группы | K14: =SUM(L14:M14) -> 0
A15: II | B15: II группы | K15: =SUM(L15:M15) -> 0
A16: III | B16: III группы | K16: =SUM(L16:M16) -> 0
A17: IV | B17: IV группы | K17: =SUM(L17:M17) -> 0
A18: 150.05.002 | B18: Стоимость поступивших фиксированных активов | K18: =SUM(K19:K22) -> 0 | L18: =SUM(L19:L22) -> 0 | M18: =SUM(M19:M22) -> 0
A19: I | B19: I группы | K19: =SUM(L19:M19) -> 0
A20: II | B20: II группы | K20: =SUM(L20:M20) -> 0
A21: III | B21: III группы | K21: =SUM(L21:M21) -> 0
A22: IV | B22: IV группы | K22: =SUM(L22:M22) -> 0
A23: 150.05.003 | B23: Стоимость выбывших фиксированных активов | K23: =SUM(K24:K27) -> 0 | L23: =SUM(L24:L27) -> 0 | M23: =SUM(M24:M27) -> 0
A24: I | B24: I группы | K24: =SUM(L24:M24) -> 0
A25: II | B25: II группы | K25: =SUM(L25:M25) -> 0
A26: III | B26: III группы | K26: =SUM(L26:M26) -> 0
A27: IV | B27: IV группы | K27: =SUM(L27:M27) -> 0
A28: 150.05.004 | B28: Последующие расходы по фиксированным активам, относимые на увеличение стоимостных балансов групп (подгрупп) в соответствии с п.2 статьи 272 НК | K28: =SUM(K29:K32) -> 0 | L28: =SUM(L29:L32) -> 0 | M28: =SUM(M29:M32) -> 0
A29: I | B29: I группы | K29: =SUM(L29:M29) -> 0
A30: II | B30: II группы | K30: =SUM(L30:M30) -> 0
A31: III | B31: III группы | K31: =SUM(L31:M31) -> 0
A32: IV | B32: IV группы | K32: =SUM(L32:M32) -> 0
A33: 150.05.005 | B33: Стоимостный баланс групп (подгрупп) на конец налогового периода | K33: =SUM(K34:K37) -> 0 | L33: =SUM(L34:L37) -> 0 | M33: =SUM(M34:M37) -> 0
A34: I | B34: I группы | K34: =SUM(L34:M34) -> 0 | L34: =L14+L19-L24+L29 -> 0 | M34: =M14+M19-M24+M29 -> 0
A35: II | B35: II группы | K35: =SUM(L35:M35) -> 0 | L35: =L15+L20-L25+L30 -> 0 | M35: =M15+M20-M25+M30 -> 0
A36: III | B36: III группы | K36: =SUM(L36:M36) -> 0 | L36: =L16+L21-L26+L31 -> 0 | M36: =M16+M21-M26+M31 -> 0
A37: IV | B37: IV группы | K37: =SUM(L37:M37) -> 0 | L37: =L17+L22-L27+L32 -> 0 | M37: =M17+M22-M27+M32 -> 0
A38: 150.05.006 | B38: Амортизационные отчисления по фиксированным активам | I38: предельная норма | J38: применяемая норма | K38: =SUM(K39:K42) -> 0 | L38: =SUM(L39:L42) -> 0 | M38: =SUM(M39:M42) -> 0
A39: I | B39: I группы | I39: 0.1 | J39: 0.1 | K39: =SUM(L39:M39) -> 0 | L39: =ROUND(L34*J39,0) -> 0 | M39: ='150.05ФА общие'!M40 -> 0
A40: II | B40: II группы | I40: 0.25 | J40: 0.25 | K40: =SUM(L40:M40) -> 0 | L40: =ROUND(L35*J40,0) -> 0 | M40: ='150.05ФА общие'!M41 -> 0
A41: III | B41: III группы | I41: 0.4 | J41: 0.4 | K41: =SUM(L41:M41) -> 0 | L41: =ROUND(L36*J41,0) -> 0 | M41: ='150.05ФА общие'!M42 -> 0
A42: IV | B42: IV группы | I42: 0.15 | J42: 0.15 | K42: =SUM(L42:M42) -> 0 | L42: =ROUND(L37*J42,0) -> 0 | M42: ='150.05ФА общие'!M43 -> 0
A43: 150.05.007 | B43: Двойная норма амортизационных отчислений в соответствии с п. 7 ст. 271 Налогового кодекса | K43: =SUM(K44:K47) -> 0 | L43: =SUM(L44:L47) -> 0 | M43: =SUM(M44:M47) -> 0
A44: I | B44: I группы | J44: 0.2 | K44: =SUM(L44:M44) -> 0 | M44: ='150.05ФА общие'!M45 -> 0
A45: II | B45: II группы | J45: 0.5 | K45: =SUM(L45:M45) -> 0 | M45: ='150.05ФА общие'!M46 -> 0
A46: III | B46: III группы | J46: 0.8 | K46: =SUM(L46:M46) -> 0 | M46: ='150.05ФА общие'!M47 -> 0
A47: IV | B47: IV группы | J47: 0.3 | K47: =SUM(L47:M47) -> 0 | M47: ='150.05ФА общие'!M48 -> 0
A48: 150.05.008 | B48: Величина стоимостного баланса группы и признаваемый убыток по подгруппам (группы I ) при выбытии всех активов | K48: =SUM(K49:K52) -> 0 | L48: =SUM(L49:L52) -> 0 | M48: =SUM(M49:M52) -> 0
A49: I | B49: I группы | K49: =SUM(L49:M49) -> 0 | M49: ='150.05ФА общие'!M50 -> 0
A50: II | B50: II группы | K50: =SUM(L50:M50) -> 0 | M50: ='150.05ФА общие'!M51 -> 0
A51: III | B51: III группы | K51: =SUM(L51:M51) -> 0 | M51: ='150.05ФА общие'!M52 -> 0
A52: IV | B52: IV группы | K52: =SUM(L52:M52) -> 0 | M52: ='150.05ФА общие'!M53 -> 0
A53: 150.05.009 | B53: Величина стоимостного баланса группы (подгруппы) менее 300 месячных расчетных показателей относимая на вычеты | K53: =SUM(K54:K57) -> 0 | L53: =SUM(L54:L57) -> 0 | M53: =SUM(M54:M57) -> 0
A54: I | B54: I группы | K54: =SUM(L54:M54) -> 0 | M54: ='150.05ФА общие'!M55 -> 0
A55: II | B55: II группы | K55: =SUM(L55:M55) -> 0 | M55: ='150.05ФА общие'!M56 -> 0
A56: III | B56: III группы | K56: =SUM(L56:M56) -> 0 | M56: ='150.05ФА общие'!M57 -> 0
A57: IV | B57: IV группы | K57: =SUM(L57:M57) -> 0 | M57: ='150.05ФА общие'!M58 -> 0
A58: 150.05.010 | B58: Последующие расходы по фиксированным активам, относимые на вычеты в соответствии с п. 2 статьи 122 НК | K58: =SUM(K59:K62) -> 0 | L58: =SUM(L59:L62) -> 0 | M58: =SUM(M59:M62) -> 0
A59: I | B59: I группы | K59: =SUM(L59:M59) -> 0 | L59: ='20.6текущ.ремонт'!H35 -> 0 | M59: ='150.05ФА общие'!M60 -> 0
A60: II | B60: II группы | K60: =SUM(L60:M60) -> 0 | L60: ='20.6текущ.ремонт'!H36 -> 0 | M60: ='150.05ФА общие'!M61 -> 0
A61: III | B61: III группы | K61: =SUM(L61:M61) -> 0 | L61: ='20.6текущ.ремонт'!H37 -> 0 | M61: ='150.05ФА общие'!M62 -> 0
A62: IV | B62: IV группы | K62: =SUM(L62:M62) -> 0 | L62: ='20.6текущ.ремонт'!H38 -> 0 | M62: ='150.05ФА общие'!M63 -> 0
A63: 150.05.011 | B63: Итого вычетов по фиксированным активам (стр.11 I +стр.11 II+стр.11 III +стр.11 IV) | K63: =L63+M63 -> 0 | L63: =SUM(L64:L67) -> 0 | M63: ='150.05ФА общ.распределение'!B14 -> 0
A64: I | B64: I группы ( стр.6I + стр.7I + стр.9I + стр.10I) | K64: =K39+K44+K54+K59 -> 0 | L64: =L39+L44+L54+L59 -> 0 | M64: =M39+M44+M54+M59 -> 0
A65: II | B65: II группы (стр.6II + стр.7II + стр.8II + стр.9II + стр.10II) | K65: =K40+K45+K50+K55+K60 -> 0 | L65: =L40+L45+L50+L55+L60 -> 0 | M65: =M40+M45+M50+M55+M60 -> 0
A66: III | B66: III группы (стр.6III + стр.7III + стр.8III + стр.9III + стр.10III) | K66: =K41+K46+K51+K56+K61 -> 0 | L66: =L41+L46+L51+L56+L61 -> 0 | M66: =M41+M46+M51+M56+M61 -> 0
A67: IV | B67: IV группы (стр.6IV + стр.7IV + стр.8IV + стр.9IV + стр.10IV) | K67: =K42+K47+K52+K57+K62 -> 0 | L67: =L42+L47+L52+L57+L62 -> 0 | M67: =M42+M47+M52+M57+M62 -> 0
A68: 150.05.012 | B68: Последующие расходы по арендованным основным средствам, относимые на вычеты в соответствии с п.4 статьи 272 НК | K68: =L68+M68 -> 0
A69: 150.05.013 | B69: Всего вычетов по фиксированным активам (стр.11+стр.12) | K69: =L69+M69 -> 0 | L69: =L63+L68 -> 0 | M69: =M63+M68 -> 0
A72: Примечание.

Sheet 150.05ФА общие
K2: Форма 150.05
B3: ВЫЧЕТЫ ПО общим ФИКСИРОВАННЫМ АКТИВАМ
B4: (Приложение 5 к Декларации)
B5: Раздел. Общая информация о налогоплательщике
A7: 1 | B7: БИН | C7: ='150.00'!C8:F8 -> 222222222222
A8: 2 | B8: Налоговый период, за который предоставляется налоговая отчетность: год | I8: ='150.00'!K10 -> 2025
A10: Раздел. Вычеты по общим и косвенным фиксированным активам
K11: общие | L11: контракт | M11: вне контракта
A12: № | B12: Наименование показателей | K12: Сумма | L12: Сумма | M12: Сумма
B13: Коэффициенты распределения | L13: ='150.05ФА общ.распределение'!B11 -> 1 | M13: ='150.05ФА общ.распределение'!B12 -> 0
A14: 150.05.001 | B14: Стоимостный баланс групп (подгрупп) на начало налогового периода | K14: =SUM(K15:K18) -> 0 | L14: =SUM(L15:L18) -> 0 | M14: =SUM(M15:M18) -> 0
A15: I | B15: I группы | L15: =K15*L$13 -> 0 | M15: =K15*M$13 -> 0
A16: II | B16: II группы | L16: =K16*L$13 -> 0 | M16: =K16*M$13 -> 0
A17: III | B17: III группы | L17: =K17*L$13 -> 0 | M17: =K17*M$13 -> 0
A18: IV | B18: IV группы | L18: =K18*L$13 -> 0 | M18: =K18*M$13 -> 0
A19: 150.05.002 | B19: Стоимость поступивших фиксированных активов | K19: =SUM(K20:K23) -> 0 | L19: =SUM(L20:L23) -> 0 | M19: =SUM(M20:M23) -> 0
A20: I | B20: I группы | L20: =K20*L$13 -> 0 | M20: =K20*M$13 -> 0
A21: II | B21: II группы | L21: =K21*L$13 -> 0 | M21: =K21*M$13 -> 0
A22: III | B22: III группы | L22: =K22*L$13 -> 0 | M22: =K22*M$13 -> 0
A23: IV | B23: IV группы | L23: =K23*L$13 -> 0 | M23: =K23*M$13 -> 0
A24: 150.05.003 | B24: Стоимость выбывших фиксированных активов | K24: =SUM(K25:K28) -> 0 | L24: =SUM(L25:L28) -> 0 | M24: =SUM(M25:M28) -> 0
A25: I | B25: I группы | L25: =K25*L$13 -> 0 | M25: =K25*M$13 -> 0
A26: II | B26: II группы | L26: =K26*L$13 -> 0 | M26: =K26*M$13 -> 0
A27: III | B27: III группы | L27: =K27*L$13 -> 0 | M27: =K27*M$13 -> 0
A28: IV | B28: IV группы | L28: =K28*L$13 -> 0 | M28: =K28*M$13 -> 0
A29: 150.05.004 | B29: Последующие расходы по фиксированным активам, относимые на увеличение стоимостных балансов групп (подгрупп) в соответствии с п.2 статьи 272 НК | K29: =SUM(K30:K33) -> 0 | L29: =SUM(L30:L33) -> 0 | M29: =SUM(M30:M33) -> 0
A30: I | B30: I группы | L30: =K30*L$13 -> 0 | M30: =K30*M$13 -> 0
A31: II | B31: II группы | L31: =K31*L$13 -> 0 | M31: =K31*M$13 -> 0
A32: III | B32: III группы | L32: =K32*L$13 -> 0 | M32: =K32*M$13 -> 0
A33: IV | B33: IV группы | L33: =K33*L$13 -> 0 | M33: =K33*M$13 -> 0
A34: 150.05.005 | B34: Стоимостный баланс групп (подгрупп) на конец налогового периода | K34: =SUM(K35:K38) -> 0 | L34: =SUM(L35:L38) -> 0 | M34: =SUM(M35:M38) -> 0
A35: I | B35: I группы | K35: =K15+K20-K25+K30 -> 0 | L35: =L15+L20-L25+L30 -> 0 | M35: =M15+M20-M25+M30 -> 0
A36: II | B36: II группы | K36: =K16+K21-K26+K31 -> 0 | L36: =L16+L21-L26+L31 -> 0 | M36: =M16+M21-M26+M31 -> 0
A37: III | B37: III группы | K37: =K17+K22-K27+K32 -> 0 | L37: =L17+L22-L27+L32 -> 0 | M37: =M17+M22-M27+M32 -> 0
A38: IV | B38: IV группы | K38: =K18+K23-K28+K33 -> 0 | L38: =L18+L23-L28+L33 -> 0 | M38: =M18+M23-M28+M33 -> 0
A39: 150.05.006 | B39: Амортизационные отчисления по фиксированным активам | I39: предельная норма | J39: применяемая норма | K39: =SUM(K40:K43) -> 0 | L39: =SUM(L40:L43) -> 0 | M39: =SUM(M40:M43) -> 0
A40: I | B40: I группы | I40: 0.1 | J40: 0.1 | K40: =ROUND(K35*J40,0) -> 0 | L40: =K40*L$13 -> 0 | M40: =K40*M$13 -> 0
A41: II | B41: II группы | I41: 0.25 | J41: 0.25 | K41: =ROUND(K36*J41,0) -> 0 | L41: =K41*L$13 -> 0 | M41: =K41*M$13 -> 0
A42: III | B42: III группы | I42: 0.4 | J42: 0.4 | K42: =ROUND(K37*J42,0) -> 0 | L42: =K42*L$13 -> 0 | M42: =K42*M$13 -> 0
A43: IV | B43: IV группы | I43: 0.15 | J43: 0.15 | K43: =ROUND(K38*J43,0) -> 0 | L43: =K43*L$13 -> 0 | M43: =K43*M$13 -> 0
A44: 150.05.007 | B44: Двойная норма амортизационных отчислений в соответствии с п. 7 ст. 271 Налогового кодекса | K44: =SUM(K45:K48) -> 0 | L44: =SUM(L45:L48) -> 0 | M44: =SUM(M45:M48) -> 0
A45: I | B45: I группы | J45: 0.2
A46: II | B46: II группы | J46: 0.5
A47: III | B47: III группы | J47: 0.8
A48: IV | B48: IV группы | J48: 0.3
A49: 150.05.008 | B49: Величина стоимостного баланса группы и признаваемый убыток по подгруппам (группы I ) при выбытии всех активов | K49: =SUM(K50:K53) -> 0 | L49: =SUM(L50:L53) -> 0 | M49: =SUM(M50:M53) -> 0
A50: I | B50: I группы | L50: =K50*L$13 -> 0 | M50: =K50*M$13 -> 0
A51: II | B51: II группы | L51: =K51*L$13 -> 0 | M51: =K51*M$13 -> 0
A52: III | B52: III группы | L52: =K52*L$13 -> 0 | M52: =K52*M$13 -> 0
A53: IV | B53: IV группы | L53: =K53*L$13 -> 0 | M53: =K53*M$13 -> 0
A54: 150.05.009 | B54: Величина стоимостного баланса группы (подгруппы) менее 300 месячных расчетных показателей относимая на вычеты | K54: =SUM(K55:K58) -> 0 | L54: =SUM(L55:L58) -> 0 | M54: =SUM(M55:M58) -> 0
A55: I | B55: I группы | L55: =K55*L$13 -> 0 | M55: =K55*M$13 -> 0
A56: II | B56: II группы | L56: =K56*L$13 -> 0 | M56: =K56*M$13 -> 0
A57: III | B57: III группы | L57: =K57*L$13 -> 0 | M57: =K57*M$13 -> 0
A58: IV | B58: IV группы | L58: =K58*L$13 -> 0 | M58: =K58*M$13 -> 0
A59: 150.05.010 | B59: Последующие расходы по фиксированным активам, относимые на вычеты в соответствии с п. 2 статьи 272 НК | K59: =SUM(K60:K63) -> 0 | L59: =SUM(L60:L63) -> 0 | M59: =SUM(M60:M63) -> 0
A60: I | B60: I группы | K60: ='20.6текущ.ремонт'!I35 -> 0 | L60: =K60*L$13 -> 0 | M60: =K60*M$13 -> 0
A61: II | B61: II группы | K61: ='20.6текущ.ремонт'!I36 -> 0 | L61: =K61*L$13 -> 0 | M61: =K61*M$13 -> 0
A62: III | B62: III группы | K62: ='20.6текущ.ремонт'!I37 -> 0 | L62: =K62*L$13 -> 0 | M62: =K62*M$13 -> 0
A63: IV | B63: IV группы | K63: ='20.6текущ.ремонт'!I38 -> 0 | L63: =K63*L$13 -> 0 | M63: =K63*M$13 -> 0
A64: 150.05.011 | B64: Итого вычетов по фиксированным активам (стр.11 I +стр.11 II+стр.11 III +стр.11 IV) | K64: =SUM(K65:K68) -> 0 | L64: =SUM(L65:L68) -> 0 | M64: =SUM(M65:M68) -> 0
A65: I | B65: I группы ( стр.6I + стр.7I + стр.9I + стр.10I) | K65: =K40+K45+K55+K60 -> 0 | L65: =L40+L45+L55+L60 -> 0 | M65: =M40+M45+M55+M60 -> 0
A66: II | B66: II группы (стр.6II + стр.7II + стр.8II + стр.9II + стр.10II) | K66: =K41+K46+K51+K56+K61 -> 0 | L66: =L41+L46+L51+L56+L61 -> 0 | M66: =M41+M46+M51+M56+M61 -> 0
A67: III | B67: III группы (стр.6III + стр.7III + стр.8III + стр.9III + стр.10III) | K67: =K42+K47+K52+K57+K62 -> 0 | L67: =L42+L47+L52+L57+L62 -> 0 | M67: =M42+M47+M52+M57+M62 -> 0
A68: IV | B68: IV группы (стр.6IV + стр.7IV + стр.8IV + стр.9IV + стр.10IV) | K68: =K43+K48+K53+K58+K63 -> 0 | L68: =L43+L48+L53+L58+L63 -> 0 | M68: =M43+M48+M53+M58+M63 -> 0
A69: 150.05.012 | B69: Последующие расходы по арендованным основным средствам, относимые на вычеты в соответствии с п.4 статьи 272 НК
A70: 150.05.013 | B70: Всего вычетов по фиксированным активам (стр.11+стр.12) | K70: =K64+K69 -> 0 | L70: =L64+L69 -> 0 | M70: =M64+M69 -> 0
A73: Примечание.

Sheet 150.05ФА общ.распределение
A4: Распределение вычетов, последующих расходов по общим фиксированным активам между контрактной и внеконтрактной деятельностью
A6: Статьи доходов/расходов | B6: Сумма | C6: Номер строки декларации | D6: Комментарии
A7: Вычеты по общим фиксированным активам | B7: ='150.05ФА общие'!K70 -> 0 | D7: ТОО «Недра» приняло решение использовать метод распределения административных расходов по удельному весу прямых доходов, приходящихся на контрактную и внеконтракную деятельность и отразило этот метод в Налоговой учетной политике.
A8: Доходы по контракной деятельности | B8: ='150.01'!O34 -> 0
A9: Доходы по внеконтракной деятельности | B9: ='150.02'!L31 -> 0
A10: Итого общая сумма доходов | B10: =B8+B9 -> 0
A11: Процент доходов по контрактной деятельности в общей сумме доходов | B11: =IF(B10=0,1,B8/B10*100%) -> 1
A12: Процент доходов по внеконтрактной деятельности в общей сумме доходов | B12: =1-B11 -> 0
A13: Сумма вычетов по общим фиксированным активам, приходящаяся на контрактную деятельность | B13: =B7*B11 -> 0 | C13: строка 150.01.036 и затем переносится в стр.150.00.036
A14: Сумма вычетов по общим фиксированным активам, приходящаяся на внеконтрактную деятельность | B14: =B7*B12 -> 0 | C14: строка 150.02.029 и затем переносится в стр.150.00.036

Sheet 20.6текущ.ремонт
J2: Форма 150.00
B3: Стоимость работ, услуг, себестоимость ТМЗ, признаваемые последующими расходами
B5: Раздел. Общая информация о налогоплательщике
A7: 1 | B7: БИН | C7: ='150.00'!C8:F8 -> 222222222222
A8: 2 | B8: Налоговый период, за который предоставляется налоговая отчетность: год | G8: ='150.00'!K10 -> 2025
G9: Форма 150.01 | H9: Форма 150.02 | J9: Форма 150.00
A10: № | B10: Дата | C10: Наименование поставщика/ наименование товара | D10: БИН | E10: Наименование отремонтированного ФА | F10: Группа фиксированных активов от 1 до 4 | G10: Сумма (контрактная деятельность) | H10: Сумма (внеконтрактная деятельность) | I10: Сумма по общим фиксированным активам | J10: Сумма
A11: 1 | J11: =SUM(G11:I11) -> 0
A12: 2 | J12: =SUM(G12:I12) -> 0
A13: 3 | J13: =SUM(G13:I13) -> 0
A14: 4 | J14: =SUM(G14:I14) -> 0
A15: 5 | J15: =SUM(G15:I15) -> 0
A16: 6 | J16: =SUM(G16:I16) -> 0
A17: 7 | J17: =SUM(G17:I17) -> 0
A18: 8 | J18: =SUM(G18:I18) -> 0
A19: 9 | J19: =SUM(G19:I19) -> 0
A20: 10 | J20: =SUM(G20:I20) -> 0
A21: 11 | J21: =SUM(G21:I21) -> 0
A22: 12 | J22: =SUM(G22:I22) -> 0
... A33: 23 | J33: =SUM(G33:I33) -> 0
A34: ИТОГО | G34: =SUM(G11:G33) -> 0 | H34: =SUM(H11:H33) -> 0 | I34: =SUM(I11:I33) -> 0 | J34: =SUM(G34:I34) -> 0
A35: ИТОГО по группе | F35: 1 | G35: =SUMIF(F11:F33,"=1",G11:G33) -> 0 | H35: =SUMIF(F11:F33,"=1",H11:H33) -> 0 | I35: =SUMIF(F11:F33,F35,I11:I33) -> 0 | J35: =SUM(G35:I35) -> 0
A36: ИТОГО по группе | F36: 2 | G36: =SUMIF(F11:F33,"=2",G11:G33) -> 0 | H36: =SUMIF(F11:F33,F36,H11:H33) -> 0 | I36: =SUMIF(F11:F33,F36,I11:I33) -> 0 | J36: =SUM(G36:I36) -> 0
A37: ИТОГО по группе | F37: 3 | G37: =SUMIF(F11:F33,"=3",G11:G33) -> 0 | H37: =SUMIF(F11:F33,F37,H11:H33) -> 0 | I37: =SUMIF(F11:F33,F37,I11:I33) -> 0 | J37: =SUM(G37:I37) -> 0
A38: ИТОГО по группе | F38: 4 | G38: =SUMIF(F11:F33,"=4",G11:G33) -> 0 | H38: =SUMIF(F11:F33,F38,H11:H33) -> 0 | I38: =SUMIF(F11:F33,F38,I11:I33) -> 0 | J38: =SUM(G38:I38) -> 0
A40: Коэффициенты распределения | G40: ='150.05ФА общ.распределение'!B11 -> 1 | H40: ='150.05ФА общ.распределение'!B12 -> 0
A41: Сумма последующих расходов по общим ФА, распределенная по контракту и вне контракта | G41: =I34*G40 -> 0 | H41: =I34*H40 -> 0
A42: Всего последующих расходов | G42: =G34+G41 -> 0 | H42: =H34+H41 -> 0 | J42: =SUM(G42:I42) -> 0
A45: Примечание. | C45: строка "Всего последующих расходов" столбец G переносится в форму 150.01 в строку 150.01.019 VI
C46: строка "Всего последующих расходов" столбец H переносится в форму 150.02 в строку 150.02.017 VI
C47: строка "Всего последующих расходов" столбец J переносится в форму 150.00 в строку 150.00.020 VI
C49: строка ИТОГО по группе 1 столбец G переносится в форму 150.05ФА контракт в строку 150.05.010 I столбец L
C50: строка ИТОГО по группе 2 столбец G переносится в форму 150.05ФА контракт в строку 150.05.010 II столбец L
C51: строка ИТОГО по группе 3 столбец G переносится в форму 150.05ФА контракт в строку 150.05.010 III столбец L
C52: строка ИТОГО по группе 4 столбец G переносится в форму 150.05ФА контракт в строку 150.05.010 IV столбец L
C53: строка ИТОГО по группе 1 столбец H переносится в форму 150.05ФА внеконтрактная в строку 150.05.010 I столбец L
C54: строка ИТОГО по группе 2 столбец H переносится в форму 150.05ФА внеконтрактная в строку 150.05.010 II столбец L
C55: строка ИТОГО по группе 3 столбец H переносится в форму 150.05ФА внеконтрактная в строку 150.05.010 III столбец L
C56: строка ИТОГО по группе 4 столбец H переносится в форму 150.05ФА внеконтрактная в строку 150.05.010 IV столбец L
C57: строка ИТОГО по группе 1 столбец I переносится в форму 150.05ФА общие в строку 150.05.010 I столбец K
C58: строка ИТОГО по группе 2 столбец I переносится в форму 150.05ФА общие в строку 150.05.010 II столбец K
... C60: строка ИТОГО по группе 4 столбец I переносится в форму 150.05ФА общие в строку 150.05.010 IV столбец K

Sheet 20.7кап.ремонт
J2: Форма 150.00
B3: Стоимость работ, услуг, себестоимость ТМЗ, включаемые в первоначальную стоимость фиксированных активов, объектов преференций, активов, не подлежащих амортизации
B5: Раздел. Общая информация о налогоплательщике
A7: 1 | B7: БИН | C7: ='150.00'!C8:F8 -> 222222222222
A8: 2 | B8: Налоговый период, за который предоставляется налоговая отчетность: год | G8: ='150.00'!K10 -> 2025
G9: Форма 150.01 | H9: Форма 150.02 | J9: Форма 150.00
A10: № | B10: Дата | C10: Наименование поставщика/ наименование товара, услуг, работы | D10: БИН | E10: Наименование отремонтированного ФА | F10: Группа фиксированных активов от 1 до 4 | G10: Сумма (контрактная деятельность) | H10: Сумма (внеконтрактная деятельность) | I10: Сумма по общим фиксированным активам | J10: Сумма
A11: 1 | J11: =SUM(G11:I11) -> 0
A12: 2 | J12: =SUM(G12:I12) -> 0
A13: 3 | J13: =SUM(G13:I13) -> 0
A14: 4 | J14: =SUM(G14:I14) -> 0
A15: 5 | J15: =SUM(G15:I15) -> 0
A16: 6 | J16: =SUM(G16:I16) -> 0
A17: 7 | J17: =SUM(G17:I17) -> 0
A18: 8 | J18: =SUM(G18:I18) -> 0
A19: 9 | J19: =SUM(G19:I19) -> 0
A20: 10 | J20: =SUM(G20:I20) -> 0
A21: 11 | J21: =SUM(G21:I21) -> 0
A22: 12 | J22: =SUM(G22:I22) -> 0
... A33: 23 | J33: =SUM(G33:I33) -> 0
A34: ИТОГО | G34: =SUM(G11:G33) -> 0 | H34: =SUM(H11:H33) -> 0 | I34: =SUM(I11:I33) -> 0 | J34: =SUM(G34:I34) -> 0
A35: ИТОГО по группе | F35: 1 | G35: =SUMIF(F11:F33,"=1",G11:G33) -> 0 | H35: =SUMIF(F11:F33,"=1",H11:H33) -> 0 | I35: =SUMIF(F11:F33,F35,I11:I33) -> 0 | J35: =SUM(G35:I35) -> 0
A36: ИТОГО по группе | F36: 2 | G36: =SUMIF(F11:F33,"=2",G11:G33) -> 0 | H36: =SUMIF(F11:F33,F36,H11:H33) -> 0 | I36: =SUMIF(F4:F25,F36,I4:I25) -> 0 | J36: =SUM(G36:I36) -> 0
A37: ИТОГО по группе | F37: 3 | G37: =SUMIF(F11:F33,"=3",G11:G33) -> 0 | H37: =SUMIF(F11:F33,F37,H11:H33) -> 0 | I37: =SUMIF(F11:F33,F37,I11:I33) -> 0 | J37: =SUM(G37:I37) -> 0
A38: ИТОГО по группе | F38: 4 | G38: =SUMIF(F11:F33,"=4",G11:G33) -> 0 | H38: =SUMIF(F11:F33,F38,H11:H33) -> 0 | I38: =SUMIF(F11:F33,F38,I11:I33) -> 0 | J38: =SUM(G38:I38) -> 0
A40: Коэффициенты распределения | G40: ='150.05ФА общ.распределение'!B11 -> 1 | H40: ='150.05ФА общ.распределение'!B12 -> 0
A41: Сумма последующих расходов по общим ФА, распределенная по контракту и вне контракта | G41: =I34*G40 -> 0 | H41: =I34*H40 -> 0
A42: Всего последующих расходов | G42: =G34+G41 -> 0 | H42: =H34+H41 -> 0 | J42: =SUM(G42:I42) -> 0
A45: Примечание. | C45: строка "Всего последующих расходов" столбец G переносится в форму 150.01 в строку 150.01.019 VII
C46: строка "Всего последующих расходов" столбец H переносится в форму 150.02 в строку 150.02.017 VII
C47: строка "Всего последующих расходов" столбец J переносится в форму 150.00 в строку 150.00.020 VII

Sheet 20.8не вычет
K1: Форма 150.00
B2: Стоимость работ и услуг, себестоимость ТМЗ, не относимые на вычеты на основании статьи 264 Налогового кодекса
B4: Раздел. Общая информация о налогоплательщике
A6: 1 | B6: БИН | C6: ='150.00'!C8:F8 -> 222222222222
A7: 2 | B7: Налоговый период, за который предоставляется налоговая отчетность: год | J7: ='150.00'!K10 -> 2025
I8: Форма 150.01 | J8: Форма 150.02 | K8: Форма 150.00
A9: № | B9: Дата | C9: Наименование поставщика | E9: БИН поставщика | G9: Причина | I9: Сумма (контрактная деятельность) | J9: Сумма (внеконтрактная деятельность) | K9: Сумма
A10: 1 | K10: =SUM(I10:J10) -> 0
A11: 2 | K11: =SUM(I11:J11) -> 0
A12: 3 | K12: =SUM(I12:J12) -> 0
A13: 4 | K13: =SUM(I13:J13) -> 0
A14: 5 | K14: =SUM(I14:J14) -> 0
A15: 6 | K15: =SUM(I15:J15) -> 0
A16: 7 | K16: =SUM(I16:J16) -> 0
A17: 8 | K17: =SUM(I17:J17) -> 0
A18: 9 | K18: =SUM(I18:J18) -> 0
A19: 10 | K19: =SUM(I19:J19) -> 0
A20: 11 | K20: =SUM(I20:J20) -> 0
A21: 12 | K21: =SUM(I21:J21) -> 0
... A25: 16 | K25: =SUM(I25:J25) -> 0
A26: ИТОГО | I26: =SUM(I10:I25) -> 0 | J26: =SUM(J10:J25) -> 0 | K26: =SUM(I26:J26) -> 0
A29: Примечание. | C29: строка ИТОГО столбец I переносится в форму 150.01 в строку 150.01.019 VIII
C30: строка ИТОГО столбец J переносится в форму 150.02 в строку 150.02.017 VIII
C31: строка ИТОГО столбец K переносится в форму 150.00 в строку 150.00.020 VIII

Sheet 21штрафы
K2: Форма 150.00
B3: ШТРАФЫ, ПЕНИ, НЕУСТОЙКИ
B5: Раздел. Общая информация о налогоплательщике
A7: 1 | B7: БИН | C7: ='150.00'!C8:F8 -> 222222222222
A8: 2 | B8: Налоговый период, за который предоставляется налоговая отчетность: год | I8: ='150.00'!K10 -> 2025
I9: Форма 150.01 | J9: Форма 150.02 | K9: Форма 150.00
A10: № | B10: Дата | C10: Наименование поставщика | E10: БИН поставщика | G10: Примечание | I10: Сумма (контрактная деятельность) | J10: Сумма (внеконтрактная деятельность) | K10: Сумма
A11: 1 | K11: =SUM(I11:J11) -> 0
A12: 2 | K12: =SUM(I12:J12) -> 0
A13: 3 | K13: =SUM(I13:J13) -> 0
A14: 4 | K14: =SUM(I14:J14) -> 0
A15: 5 | K15: =SUM(I15:J15) -> 0
A16: 6 | K16: =SUM(I16:J16) -> 0
A17: 7 | K17: =SUM(I17:J17) -> 0
A18: 8 | K18: =SUM(I18:J18) -> 0
A19: 9 | K19: =SUM(I19:J19) -> 0
A20: 10 | K20: =SUM(I20:J20) -> 0
A21: 11 | K21: =SUM(I21:J21) -> 0
A22: 12 | K22: =SUM(I22:J22) -> 0
... A30: 20 | K30: =SUM(I30:J30) -> 0
A31: ИТОГО | I31: =SUM(I11:I30) -> 0 | J31: =SUM(J11:J30) -> 0 | K31: =SUM(I31:J31) -> 0
A34: Примечание. | C34: строка ИТОГО столбец I переносится в форму 150.01 в строку 150.01.020
C35: строка ИТОГО столбец J переносится в форму 150.02 в строку 150.02.018
C36: строка ИТОГО столбец K переносится в форму 150.00 в строку 150.00.021

Sheet 22НДС
J2: Форма 150.00
B3: СУММА НДС, ОТНОСИМАЯ НА ВЫЧЕТЫ ПО ОСНОВАНИЯМ, УСТАНОВЛЕННЫМ СТАТЬЕЙ 243 НАЛОГОВОГО КОДЕКСА
B5: Раздел. Общая информация о налогоплательщике
A7: 1 | B7: БИН | C7: ='150.00'!C8:F8 -> 222222222222
A8: 2 | B8: Налоговый период, за который предоставляется налоговая отчетность: год | H8: ='150.00'!K10 -> 2025
I9: Форма 150.01 | J9: Форма 150.02 | K9: Форма 150.00
A10: № | B10: Наименование показателей | I10: Сумма (контрактная деятельность) | J10: Сумма (внеконтрактная деятельность) | K10: Сумма
A11: 1 | B11: Сумма НДС, не подлежащая отнесению в зачет, всего, (стр. 1a+1b+1c +1d) | I11: =SUM(I13:I16) -> 0 | J11: =SUM(J13:J16) -> 0 | K11: =SUM(I11:J11) -> 0
B12: в том числе: | K12: =SUM(I12:J12) -> 0
A13: a | B13: за 1 квартал года, с учетом дополнительных форм | K13: =SUM(I13:J13) -> 0
A14: b | B14: за 2квартал года, с учетом дополнительных форм | K14: =SUM(I14:J14) -> 0
A15: c | B15: за 3 квартал года, с учетом дополнительных форм | K15: =SUM(I15:J15) -> 0
A16: d | B16: за 4 квартал года, с учетом дополнительных форм | K16: =SUM(I16:J16) -> 0
A19: Примечание. | C19: строка 1 столбец I переносится в форму 150.01 в строку 150.01.021
C20: строка 1 столбец J переносится в форму 150.02 в строку 150.02.019
C21: строка 1 столбец K переносится в форму 150.00 в строку 150.00.022

Sheet 24со
K2: Форма 150.00
B3: СОЦИАЛЬНЫЕ ОТЧИСЛЕНИЯ в ГФСС
B5: Раздел. Общая информация о налогоплательщике
A7: 1 | B7: БИН | C7: ='150.00'!C8:F8 -> 222222222222
A8: 2 | B8: Налоговый период, за который предоставляется налоговая отчетность: год | I8: ='150.00'!K10 -> 2025
I9: Форма 150.01 | J9: Форма 150.02 | K9: Форма 150.00
A10: № | B10: Наименование показателей | I10: Сумма (контрактная деятельность) | J10: Сумма (внеконтрактная деятельность) | K10: Сумма
A11: 1 | B11: Сумма начисленных соцотчислений за период, всего (стр.1a +стр.1b +стр.1c+ стр.1d) | I11: =SUM(I13:I16) -> 0 | J11: =SUM(J13:J16) -> 0 | K11: =SUM(I11:J11) -> 0
B12: в том числе: | K12: =SUM(I12:J12) -> 0
A13: a | B13: за 1 квартал | K13: =SUM(I13:J13) -> 0
A14: b | B14: за 2 квартал | K14: =SUM(I14:J14) -> 0
A15: c | B15: за 3 квартал | K15: =SUM(I15:J15) -> 0
A16: d | B16: за 4 квартал | K16: =SUM(I16:J16) -> 0
A19: Примечание. | C19: строка 1 столбец I переносится в форму 150.01 в строку 150.01.022
C20: строка 1 столбец J переносится в форму 150.02 в строку 150.02.020
C21: строка 1 столбец K переносится в форму 150.00 в строку 150.00.024

Sheet 25вознагр
I2: Форма 150.00
B3: Расходы по вознаграждению
B5: Раздел. Общая информация о налогоплательщике
A7: 1 | B7: БИН | C7: ='150.00'!C8:F8 -> 222222222222
A9: 2 | B9: Налоговый период, за который предоставляется налоговая отчетность: год | G9: ='150.00'!K10 -> 2025
I10: Форма 150.01 | J10: Форма 150.02 | K10: Форма 150.00
A11: № | B11: Наименование показателей | I11: Сумма (контрактная деятельность) | J11: Сумма (внеконтрактная деятельность) | K11: Сумма
A12: 1 | B12: Сумма вознаграждений выплаченных независимой стороне
A13: 2 | B13: Сумма вознаграждения выплаченная за кредиты (займы), выдаваемые кредитным товариществом в РК
A14: 3 | B14: Сумма вознаграждений выплаченных взаимосвязанной стороне, относимых на вычеты, всего (стр.3a/стр.3b)х стр.3c х (стр.3d+стр.3e +стр.3g) | I14: =(I15/I16)*I17*(I18+I19+I20) -> 0 | J14: =(J15/J16)*J17*(J18+J19+J20) -> 0 | K14: =(K15/K16)*K17*(K18+K19+K20) -> 0
A15: a | B15: Среднегодовая сумма собственного капитала
A16: b | B16: Среднегодовая сумма обязательств | I16: 1e-21 | J16: 1e-21 | K16: 1e-21
A17: c | B17: Предельный коэффициент * | I17: 4 | J17: 4 | K17: 4
A18: d | B18: Сумма вознаграждений выплаченная взаимосвязанной стороне
A19: e | B19: Сумма вознаграждения, выплаченного лицам, зарегистрированным в государстве с льготным налогообложением
A20: g | B20: Сумма вознаграждения выплаченного независимой стороне по займам, предоставленным под депозит или обеспеченную гарантию, попручительство или иную форму обеспечения взаимосвязанных сторон, в случае исполнения гарантии, поручительства и иной формы обеспечения
A21: 4 | B21: Итого сумма вознаграждения к вычету (стр.1+стр.2+стр.3) | I21: =I12+I13+I14 -> 0 | J21: =J12+J13+J14 -> 0 | K21: =K12+K13+K14 -> 0
A25: Примечание. | C25: строка 4 столбец I переносится в форму 150.01 в строку 150.01.023
C26: строка 4 столбец J переносится в форму 150.02 в строку 150.02.021
C27: строка 4 столбец K переносится в форму 150.00 в строку 150.00.025
B29: * | C29: предельный коэффициент для финансовых организаций 7, для прочих 4

Sheet 26команд.расх
I2: Форма 150.00
B3: СУММА КОМПЕНСАЦИЙ ПРИ СЛУЖЕБНЫХ КОМАНДИРОВКАХ
B5: Раздел. Общая информация о налогоплательщике
A7: 1 | B7: БИН | C7: ='150.00'!C8:F8 -> 222222222222
A9: 2 | B9: Налоговый период, за который предоставляется налоговая отчетность: год | G9: ='150.00'!K10 -> 2025
I10: Форма 150.01 | J10: Форма 150.02 | K10: Форма 150.00
A11: № | B11: Наименование показателей | I11: Сумма (контрактная деятельность) | J11: Сумма (внеконтрактная деятельность) | K11: Сумма
B12: Дата | C12: Сотрудник | D12: Куда | E12: На сколько | F12: БИН/ИИН | G12: Наименование организации / ФИО
A13: 1 | B13: Суточные | I13: =SUM(I14:I18) -> 0 | J13: =SUM(J14:J18) -> 0 | K13: =SUM(I13:J13) -> 0
K14: =SUM(I14:J14) -> 0
K15: =SUM(I15:J15) -> 0
K16: =SUM(I16:J16) -> 0
K17: =SUM(I17:J17) -> 0
K18: =SUM(I18:J18) -> 0
A19: 2 | B19: Расходы на проезд, включая оплату расходов за бронь | I19: =SUM(I20:I24) -> 0 | J19: =SUM(J20:J24) -> 0 | K19: =SUM(I19:J19) -> 0
K20: =SUM(I20:J20) -> 0
K21: =SUM(I21:J21) -> 0
K22: =SUM(I22:J22) -> 0
K23: =SUM(I23:J23) -> 0
K24: =SUM(I24:J24) -> 0
A25: 3 | B25: Расходы на проживание, включая оплату расходов за бронь | I25: =SUM(I26:I30) -> 0 | J25: =SUM(J26:J30) -> 0 | K25: =SUM(I25:J25) -> 0
K26: =SUM(I26:J26) -> 0
K27: =SUM(I27:J27) -> 0
K28: =SUM(I28:J28) -> 0
K29: =SUM(I29:J29) -> 0
K30: =SUM(I30:J30) -> 0
A31: 4 | B31: Расходы на въездную (выездную) визу | I31: =SUM(I32:I36) -> 0 | J31: =SUM(J32:J36) -> 0 | K31: =SUM(I31:J31) -> 0
K32: =SUM(I32:J32) -> 0
K33: =SUM(I33:J33) -> 0
K34: =SUM(I34:J34) -> 0
K35: =SUM(I35:J35) -> 0
K36: =SUM(I36:J36) -> 0
A37: 5 | B37: Итого командировочных расходов (стр.1+стр.2+стр.3+стр.4) | I37: =I13+I19+I25+I31 -> 0 | J37: =J13+J19+J25+J31 -> 0 | K37: =K13+K19+K25+K31 -> 0
A41: Примечание. | C41: строка 4 столбец I переносится в форму 150.01 в строку 150.01.024
C42: строка 4 столбец J переносится в форму 150.02 в строку 150.02.022
C43: строка 4 столбец K переносится в форму 150.00 в строку 150.00.026

Sheet 27сомнит.обязат
I2: Форма 150.00
B3: СОМНИТЕЛЬНЫЕ ОБЯЗАТЕЛЬСТВА, В ТОМ ЧИСЛЕ СУММА ВЫПЛАЧЕННЫХ ОБЯЗАТЕЛЬСТВ РАНЕЕ ПРИЗНАННЫХ ДОХОДОМ В СООТВЕТСТВИИ СО СТАТЬЕЙ 88 НАЛОГОВОГО КОДЕКСА
B5: Раздел. Общая информация о налогоплательщике
A7: 1 | B7: БИН | C7: ='150.00'!C8:F8 -> 222222222222
A9: 2 | B9: Налоговый период, за который предоставляется налоговая отчетность: год | G9: ='150.00'!K10 -> 2025
I10: Форма 150.01 | J10: Форма 150.02 | K10: Форма 150.00
A11: № | B11: Наименование показателей | I11: Сумма (контрактная деятельность) | J11: Сумма (внеконтрактная деятельность) | K11: Сумма
B12: Дата | C12: БИН/ИИН | D12: Наименование организации / ФИО
A13: 1 | B13: Сумма обязательств по приобретенным товарам, работам, услугам, ранее признанная доходом | I13: =SUM(I14:I16) -> 0 | J13: =SUM(J14:J16) -> 0 | K13: =SUM(K14:K16) -> 0
K14: =SUM(I14:J14) -> 0
K15: =SUM(I15:J15) -> 0
K16: =SUM(I16:J16) -> 0
A17: 2 | B17: Сумма списанных обязательств, ранее признанная доходом | I17: =SUM(I18:I20) -> 0 | J17: =SUM(J18:J20) -> 0 | K17: =SUM(K18:K20) -> 0
K18: =SUM(I18:J18) -> 0
K19: =SUM(I19:J19) -> 0
K20: =SUM(I20:J20) -> 0
A21: 3 | B21: Сумма, обязательств, выплаченная в отчетном периоде | I21: =SUM(I22:I24) -> 0 | J21: =SUM(J22:J24) -> 0 | K21: =SUM(K22:K24) -> 0
K22: =SUM(I22:J22) -> 0
K23: =SUM(I23:J23) -> 0
K24: =SUM(I24:J24) -> 0
A25: 4 | B25: Сумма обязательств, относимая на вычет (( стр.3= (стр.1+стр.2) или стр.3<(стр.1+стр.2)) | I25: =I21 -> 0 | J25: =J21 -> 0 | K25: =K21 -> 0
A29: Примечание. | C29: строка 4 столбец I переносится в форму 150.01 в строку 150.01.025
C30: строка 4 столбец J переносится в форму 150.02 в строку 150.02.023
C31: строка 4 столбец K переносится в форму 150.00 в строку 150.00.027

Sheet 28сомнит.треб
I2: Форма 150.00
B3: СОМНИТЕЛЬНЫЕ ТРЕБОВАНИЯ
B5: Раздел. Общая информация о налогоплательщике
A7: 1 | B7: БИН | C7: ='150.00'!C8:F8 -> 222222222222
A9: 2 | B9: Налоговый период, за который предоставляется налоговая отчетность: год | G9: ='150.00'!K10 -> 2025
I10: Форма 150.01 | J10: Форма 150.02 | K10: Форма 150.00
A11: № | B11: Наименование показателей | I11: Сумма (контрактная деятельность) | J11: Сумма (внеконтрактная деятельность) | K11: Сумма
B12: Дата | C12: БИН/ИИН | D12: Наименование организации / ФИО
A13: 1 | B13: Сумма вычета по сомнительным тербованиям, не удовлетворенным в течении 3-х лет | I13: =SUM(I14:I18) -> 0 | J13: =SUM(J14:J18) -> 0 | K13: =SUM(K14:K18) -> 0
K14: =SUM(I14:J14) -> 0
K15: =SUM(I15:J15) -> 0
K16: =SUM(I16:J16) -> 0
K17: =SUM(I17:J17) -> 0
K18: =SUM(I18:J18) -> 0
A19: 2 | B19: Сумма вычета по требованиям, не удовлетворенным в связи с признанием дебитора банкротом | I19: =SUM(I20:I24) -> 0 | J19: =SUM(J20:J24) -> 0 | K19: =SUM(K20:K24) -> 0
K20: =SUM(I20:J20) -> 0
K21: =SUM(I21:J21) -> 0
K22: =SUM(I22:J22) -> 0
K23: =SUM(I23:J23) -> 0
K24: =SUM(I24:J24) -> 0
A25: 3 | B25: Итого сомнительных требований (стр.1+стр.2) | I25: =I13+I19 -> 0 | J25: =J13+J19 -> 0 | K25: =K13+K19 -> 0
A29: Примечание. | C29: строка 3 столбец I переносится в форму 150.01 в строку 150.01.026
C30: строка 3 столбец J переносится в форму 150.02 в строку 150.02.024
C31: строка 3 столбец K переносится в форму 150.00 в строку 150.00.028

Sheet 29ликвид.последствий
G2: Форма 150.00
B3: Расходы на ликвидацию последствий разработки месторождений и суммы отчислений в ликвидационные фонды
B5: Раздел. Общая информация о налогоплательщике
A7: 1 | B7: БИН | C7: ='150.00'!C8:F8 -> 222222222222
A9: 2 | B9: Налоговый период, за который предоставляется налоговая отчетность: год | G9: ='150.00'!K10 -> 2025
F10: Форма 150.01 | G10: Форма 150.00
A11: № | B11: Сумма отчислений в фонд ликвидации
B12: Сумма отчислений в фонд ликвидации на начало периода | D12: Отчисления в налоговом периоде | E12: Сумма отчислений в фонд ликвидации на конец периода | F12: Расходы на ликвидацию по контракту | G12: Расходы на ликвидацию
B13: Дата | C13: № платежного поручения
A14: 1 | D14: =SUM(D15:D24) -> 0 | E14: =B14+D14 -> 0 | F14: =D14 -> 0 | G14: =F14 -> 0
B25: Расходы на ликвидациюпоследствий разработки месторождений
B26: Дата | C26: БИН | D26: Наименование поставщика | E26: Виды работ | F26: Расходы на ликвидацию по контракту | G26: Расходы на ликвидацию
A27: 2 | B27: Итого | F27: =SUM(F28:F38) -> 0 | G27: =SUM(G28:G38) -> 0
G28: =F28 -> 0
G29: =F29 -> 0
G30: =F30 -> 0
G31: =F31 -> 0
G32: =F32 -> 0
G33: =F33 -> 0
G34: =F34 -> 0
G35: =F35 -> 0
G36: =F36 -> 0
G37: =F37 -> 0
G38: =F38 -> 0
A39: 3 | B39: Итого расходов | F39: =F27+F14 -> 0 | G39: =G27+G14 -> 0
A42: Примечание. | C42: строка 3 столбец F переносится в форму 150.01 в строку 150.01.027
C43: строка 3 столбец G переносится в форму 150.00 в строку 150.00.029

Sheet 30наука
J1: Форма 150.00
B2: Расходы на научно-исследовательские и научно-технические работы
B4: Раздел. Общая информация о налогоплательщике
A6: 1 | B6: БИН | C6: ='150.00'!C8:F8 -> 222222222222
A8: 2 | B8: Налоговый период, за который предоставляется налоговая отчетность: год | I8: ='150.00'!K10 -> 2025
I9: Форма 150.01 | J9: Форма 150.00
A10: № | B10: Дата | C10: Наименование поставщика | E10: БИН поставщика | G10: Вид работ | I10: Сумма (контрактная деятельность) | J10: Сумма
A11: 1 | J11: =SUM(I11:I11) -> 0
A12: 2 | J12: =SUM(I12:I12) -> 0
A13: 3 | J13: =SUM(I13:I13) -> 0
A14: 4 | J14: =SUM(I14:I14) -> 0
A15: 5 | J15: =SUM(I15:I15) -> 0
A16: 6 | J16: =SUM(I16:I16) -> 0
A17: 7 | J17: =SUM(I17:I17) -> 0
A18: 8 | J18: =SUM(I18:I18) -> 0
A19: 9 | J19: =SUM(I19:I19) -> 0
A20: 10 | J20: =SUM(I20:I20) -> 0
A21: ИТОГО | I21: =SUM(I11:I20) -> 0 | J21: =SUM(I21:I21) -> 0
A24: Примечание. | C24: строка ИТОГО столбец I переносится в форму 150.01 в строку 150.01.028
C25: строка ИТОГО столбец J переносится в форму 150.00 в строку 150.00.030

Sheet 31страхование
K1: Форма 150.00
B2: Страховые премии по договорам страхования, за исключениемстраховых премий по договорам накопительного страхования
B4: Раздел. Общая информация о налогоплательщике
A6: 1 | B6: БИН | C6: ='150.00'!C8:F8 -> 222222222222
A8: 2 | B8: Налоговый период, за который предоставляется налоговая отчетность: год | J8: ='150.00'!K10 -> 2025
I9: Форма 150.01 | J9: Форма 150.02 | K9: Форма 150.00
A10: № | B10: Дата | C10: Наименование поставщика | E10: БИН | G10: Вид страхования | I10: Сумма (контрактная деятельность) | J10: Сумма (внеконтрактная деятельность) | K10: Сумма
A11: 1 | K11: =SUM(I11:J11) -> 0
A12: 2 | K12: =SUM(I12:J12) -> 0
A13: 3 | K13: =SUM(I13:J13) -> 0
A14: 4 | K14: =SUM(I14:J14) -> 0
A15: 5 | K15: =SUM(I15:J15) -> 0
A16: 6 | K16: =SUM(I16:J16) -> 0
A17: 7 | K17: =SUM(I17:J17) -> 0
A18: 8 | K18: =SUM(I18:J18) -> 0
A19: 9 | K19: =SUM(I19:J19) -> 0
A20: 10 | K20: =SUM(I20:J20) -> 0
A21: ИТОГО | I21: =SUM(I11:I20) -> 0 | J21: =SUM(J11:J20) -> 0 | K21: =SUM(I21:J21) -> 0
A24: Примечание. | C24: строка ИТОГО столбец I переносится в форму 150.01 в строку 150.01.029
C25: строка ИТОГО столбец J переносится в форму 150.02 в строку 150.02.025
C26: строка ИТОГО столбец K переносится в форму 150.00 в строку 150.00.031

Sheet 32геолог.разведка
J1: Форма 150.00
B2: Расходы на геологическое изучение, разведку и подготовительные работы к добыче природных ресурсов и другие вычеты недропользователя
B4: Раздел. Общая информация о налогоплательщике
A6: 1 | B6: БИН | C6: ='150.00'!C8:F8 -> 222222222222
A8: 2 | B8: Налоговый период, за который предоставляется налоговая отчетность: год | I8: ='150.00'!K10 -> 2025
I9: Форма 150.01 | J9: Форма 150.00
A10: № | B10: Дата | C10: Наименование поставщика | E10: БИН поставщика | G10: Вид работ | I10: Сумма (контрактная деятельность) | J10: Сумма
A11: 1 | J11: =SUM(I11:I11) -> 0
A12: 2 | J12: =SUM(I12:I12) -> 0
A13: 3 | J13: =SUM(I13:I13) -> 0
A14: 4 | J14: =SUM(I14:I14) -> 0
A15: 5 | J15: =SUM(I15:I15) -> 0
A16: 6 | J16: =SUM(I16:I16) -> 0
A17: 7 | J17: =SUM(I17:I17) -> 0
A18: 8 | J18: =SUM(I18:I18) -> 0
A19: 9 | J19: =SUM(I19:I19) -> 0
A20: 10 | J20: =SUM(I20:I20) -> 0
A21: ИТОГО | I21: =SUM(I11:I20) -> 0 | J21: =SUM(I21:I21) -> 0
A24: Примечание. | C24: строка ИТОГО столбец I переносится в форму 150.01 в строку 150.01.030
C25: строка ИТОГО столбец J переносится в форму 150.00 в строку 150.00.032

Sheet 33обучение
J1: Форма 150.00
B2: Расходы недропользователя на обучение казахстанских кадров и развитие социальной сферы регионов
B4: Раздел. Общая информация о налогоплательщике
A6: 1 | B6: БИН | C6: ='150.00'!C8:F8 -> 222222222222
A8: 2 | B8: Налоговый период, за который предоставляется налоговая отчетность: год | I8: ='150.00'!K10 -> 2025
I9: Форма 150.01 | J9: Форма 150.00
A10: № | B10: Дата | C10: Наименование поставщика | E10: БИН поставщика | G10: Примечание | I10: Сумма (контрактная деятельность) | J10: Сумма
A11: 1 | J11: =SUM(I11:I11) -> 0
A12: 2 | J12: =SUM(I12:I12) -> 0
A13: 3 | J13: =SUM(I13:I13) -> 0
A14: 4 | J14: =SUM(I14:I14) -> 0
A15: 5 | J15: =SUM(I15:I15) -> 0
A16: 6 | J16: =SUM(I16:I16) -> 0
A17: 7 | J17: =SUM(I17:I17) -> 0
A18: 8 | J18: =SUM(I18:I18) -> 0
A19: 9 | J19: =SUM(I19:I19) -> 0
A20: 10 | J20: =SUM(I20:I20) -> 0
A21: ИТОГО | I21: =SUM(I11:I20) -> 0 | J21: =SUM(I21:I21) -> 0
A24: Примечание. | C24: строка ИТОГО столбец I переносится в форму 150.01 в строку 150.01.032
C25: строка ИТОГО столбец J переносится в форму 150.00 в строку 150.00.033

Sheet 35налоги
I2: Форма 150.00
B3: НАЛОГИ И ДРУГИЕ ОБЯЗАТЕЛЬНЫЕ ПЛАТЕЖИ В БЮДЖЕТ
B5: Раздел. Общая информация о налогоплательщике
A7: 1 | B7: БИН | C7: ='150.00'!C8:F8 -> 222222222222
A9: 2 | B9: Налоговый период, за который предоставляется налоговая отчетность: год | E9: ='150.00'!K10 -> 2025
A11: № | B11: Наименование налога | C11: Сальдо по налогам и др. обязательным платежам в бюджет начисленным в предыдущих налоговых периодах, но неуплаченных | D11: Переплата по налогам на начало года | E11: Оплачено в отчетном периоде | F11: Начислено/ исчислено в отчетном периоде | G11: Сальдо на конец периода по налогам и др. обязательным платежам в бюджет начисленным (+ неуплаченных , - переплата) | H11: Сумма вычета | I11: Не разрешено к вычету
A12: А | B12: ИТОГО по форме 150.00 | C12: =C13+C24 -> 0 | D12: =D13+D24 -> 0 | E12: =E13+E24 -> 0 | F12: =F13+F24 -> 0 | G12: =G13+G24 -> 0 | H12: =H13+H24 -> 0 | I12: =I13+I24 -> 0
A13: В | B13: ИТОГО по форме 150.01 | C13: =SUM(C14:C23) -> 0 | D13: =SUM(D14:D23) -> 0 | E13: =SUM(E14:E23) -> 0 | F13: =SUM(F14:F23) -> 0 | G13: =SUM(G14:G23) -> 0 | H13: =SUM(H14:H23) -> 0 | I13: =SUM(I14:I23) -> 0
A14: 1 | B14: Социальный налог | G14: =C14-D14-E14+F14 -> 0 | H14: =IF((C14+F14)<(D14+E14),C14+F14,D14+E14) -> 0 | I14: =IF((C14+F14)>(D14+E14),(C14+F14-D14-E14),0) -> 0
A15: 2 | B15: Налог на имущество | G15: =C15-D15-E15+F15 -> 0 | H15: =IF((C15+F15)<(D15+E15),C15+F15,D15+E15) -> 0 | I15: =IF((C15+F15)>(D15+E15),(C15+F15-D15-E15),0) -> 0
A16: 3 | B16: Земельный налог | G16: =C16-D16-E16+F16 -> 0 | H16: =IF((C16+F16)<(D16+E16),C16+F16,D16+E16) -> 0 | I16: =IF((C16+F16)>(D16+E16),(C16+F16-D16-E16),0) -> 0
A17: 4 | B17: Налог на транспортные средства | G17: =C17-D17-E17+F17 -> 0 | H17: =IF((C17+F17)<(D17+E17),C17+F17,D17+E17) -> 0 | I17: =IF((C17+F17)>(D17+E17),(C17+F17-D17-E17),0) -> 0
A18: 5 | B18: Плата за эмиссии в окружающую среду | G18: =C18-D18-E18+F18 -> 0 | H18: =IF((C18+F18)<(D18+E18),C18+F18,D18+E18) -> 0 | I18: =IF((C18+F18)>(D18+E18),(C18+F18-D18-E18),0) -> 0
A19: 6 | B19: НДПИ | G19: =C19-D19-E19+F19 -> 0 | H19: =IF((C19+F19)<(D19+E19),C19+F19,D19+E19) -> 0 | I19: =IF((C19+F19)>(D19+E19),(C19+F19-D19-E19),0) -> 0
A20: 7 | G20: =C20-D20-E20+F20 -> 0 | H20: =IF((C20+F20)<(D20+E20),C20+F20,D20+E20) -> 0 | I20: =IF((C20+F20)>(D20+E20),(C20+F20-D20-E20),0) -> 0
A21: 8 | G21: =C21-D21-E21+F21 -> 0 | H21: =IF((C21+F21)<(D21+E21),C21+F21,D21+E21) -> 0 | I21: =IF((C21+F21)>(D21+E21),(C21+F21-D21-E21),0) -> 0
A22: 9 | G22: =C22-D22-E22+F22 -> 0 | H22: =IF((C22+F22)<(D22+E22),C22+F22,D22+E22) -> 0 | I22: =IF((C22+F22)>(D22+E22),(C22+F22-D22-E22),0) -> 0
A23: 10 | G23: =C23-D23-E23+F23 -> 0 | H23: =IF((C23+F23)<(D23+E23),C23+F23,D23+E23) -> 0 | I23: =IF((C23+F23)>(D23+E23),(C23+F23-D23-E23),0) -> 0
A24: С | B24: ИТОГО по форме 150.02 | C24: =SUM(C25:C32) -> 0 | D24: =SUM(D25:D32) -> 0 | E24: =SUM(E25:E32) -> 0 | F24: =SUM(F25:F32) -> 0 | G24: =SUM(G25:G32) -> 0 | H24: =SUM(H25:H32) -> 0 | I24: =SUM(I25:I32) -> 0
A25: 1 | B25: Социальный налог | G25: =C25-D25-E25+F25 -> 0 | H25: =IF((C25+F25)<(D25+E25),C25+F25,D25+E25) -> 0 | I25: =IF((C25+F25)>(D25+E25),(C25+F25-D25-E25),0) -> 0
A26: 2 | B26: Налог на имущество | G26: =C26-D26-E26+F26 -> 0 | H26: =IF((C26+F26)<(D26+E26),C26+F26,D26+E26) -> 0 | I26: =IF((C26+F26)>(D26+E26),(C26+F26-D26-E26),0) -> 0
A27: 3 | B27: Земельный налог | G27: =C27-D27-E27+F27 -> 0 | H27: =IF((C27+F27)<(D27+E27),C27+F27,D27+E27) -> 0 | I27: =IF((C27+F27)>(D27+E27),(C27+F27-D27-E27),0) -> 0
A28: 4 | B28: Налог на транспортные средства | G28: =C28-D28-E28+F28 -> 0 | H28: =IF((C28+F28)<(D28+E28),C28+F28,D28+E28) -> 0 | I28: =IF((C28+F28)>(D28+E28),(C28+F28-D28-E28),0) -> 0
A29: 5 | B29: Плата за эмиссии в окружающую среду | G29: =C29-D29-E29+F29 -> 0 | H29: =IF((C29+F29)<(D29+E29),C29+F29,D29+E29) -> 0 | I29: =IF((C29+F29)>(D29+E29),(C29+F29-D29-E29),0) -> 0
A30: 6 | G30: =C30-D30-E30+F30 -> 0 | H30: =IF((C30+F30)<(D30+E30),C30+F30,D30+E30) -> 0 | I30: =IF((C30+F30)>(D30+E30),(C30+F30-D30-E30),0) -> 0
A31: 7 | G31: =C31-D31-E31+F31 -> 0 | H31: =IF((C31+F31)<(D31+E31),C31+F31,D31+E31) -> 0 | I31: =IF((C31+F31)>(D31+E31),(C31+F31-D31-E31),0) -> 0
A32: 8 | G32: =C32-D32-E32+F32 -> 0 | H32: =IF((C32+F32)<(D32+E32),C32+F32,D32+E32) -> 0 | I32: =IF((C32+F32)>(D32+E32),(C32+F32-D32-E32),0) -> 0
A35: Примечание. | C35: строка В столбец Н переносится в форму 150.01 в строку 150.01.034
C36: строка С столбец Н переносится в форму 150.02 в строку 150.02.027
C37: строка А столбец Н переносится в форму 150.00 в строку 150.00.035

Sheet 37инп
I2: Форма 150.00
B3: ВЫЧЕТЫ ПО ИНВЕСТИЦИОННЫМ НАЛОГОВЫМ ПРЕФЕРЕНЦИЯМ
B5: Раздел. Общая информация о налогоплательщике
A7: 1 | B7: БИН | C7: ='150.00'!C8:F8 -> 222222222222
A9: 2 | B9: Налоговый период, за который предоставляется налоговая отчетность: год | G9: ='150.00'!K10 -> 2025
I10: Форма 150.01 | J10: Форма 150.02 | K10: Форма 150.00
A11: № | B11: Наименование показателей | I11: Сумма (контрактная деятельность) | J11: Сумма (внеконтрактная деятельность) | K11: Сумма
A12: 1 | B12: Стоимость объектов преференций, отнесенных на вычеты в налоговом периоде, всего (стр.I +стр. II +стр. III +стр. IV) | I12: =SUM(I14:I17) -> 0 | J12: =SUM(J14:J17) -> 0 | K12: =SUM(K14:K17) -> 0
B13: в том чиcле в разрезе стоимостных балансов групп:
A14: I | B14: I группы | K14: =SUM(I14:J14) -> 0
A15: II | B15: II группы | K15: =SUM(I15:J15) -> 0
A16: III | B16: III группы | K16: =SUM(I16:J16) -> 0
A17: IV | B17: IV группы | K17: =SUM(I17:J17) -> 0
A20: Примечание. | C20: По контрактной деятельности инвестиционные налоговые преференции отсутствуют
C21: строка 1 столбец J переносится в форму 150.02 в строку 150.02.029
C22: строка 1 столбец J переносится в форму 150.00 в строку 150.00.038

Sheet 38др.вычеты
I2: Форма 150.00
B4: ДРУГИЕ ВЫЧЕТЫ
B6: Раздел. Общая информация о налогоплательщике
A8: 1 | B8: БИН | C8: ='150.00'!C8:F8 -> 222222222222
A10: 2 | B10: Налоговый период, за который предоставляется налоговая отчетность: год | I10: ='150.00'!K10 -> 2025
I11: Форма 150.01 | K11: Форма 150.02 | N11: Форма 150.00
A12: № | B12: Наименование показателей | I12: контрактная деятельность | K12: внеконтрактная деятельность | M12: Сумма (общие расходы) | N12: Сумма
I13: сумма | J13: вместе с общими | K13: сумма | L13: вместе с общими
B14: Коэффициенты распределения | I14: ='150.05ФА общ.распределение'!B11 -> 1 | K14: ='150.05ФА общ.распределение'!B12 -> 0
A15: 1 | B15: Расходы по совместной деятельности | J15: =I15+M15*I$14 -> 0 | L15: =K15+M15*K$14 -> 0 | N15: =J15+L15 -> 0
A16: 2 | B16: Расходы, понесенные при эксплуатации объектов социальной сферы в соответствии с пунктом 3 статьи 97 Налогового кодекса | J16: =I16+M16*I$14 -> 0 | L16: =K16+M16*K$14 -> 0 | N16: =J16+L16 -> 0
A17: 3 | B17: По расходам по устранению недостатков реализованных товаров (работ, услуг), произведенным в течение гарантийного срока | J17: =I17+M17*I$14 -> 0 | L17: =K17+M17*K$14 -> 0 | N17: =J17+L17 -> 0
A18: 4 | B18: Членские взносы субъектов частного предпринимательства | J18: =I18+M18*I$14 -> 0 | L18: =K18+M18*K$14 -> 0 | N18: =J18+L18 -> 0
A19: 5 | B19: Стоимость товара, безвозмездно переданного в рекламных целях | J19: =I19+M19*I$14 -> 0 | L19: =K19+M19*K$14 -> 0 | N19: =J19+L19 -> 0
A20: 6 | B20: Расходы на научно-исследовательские и научно-технические работы | J20: =I20+M20*I$14 -> 0 | L20: =K20+M20*K$14 -> 0 | N20: =J20+L20 -> 0
A21: 7 | B21: Управленческие и общеадминистративные расходы нерезидента | J21: =I21+M21*I$14 -> 0 | L21: =K21+M21*K$14 -> 0 | N21: =J21+L21 -> 0
A22: 8 | B22: Общеадминистративные расходы | J22: =I22+M22*I$14 -> 0 | L22: =K22+M22*K$14 -> 0 | N22: =J22+L22 -> 0
A23: 9 | B23: Прочие расходы направленные на получение дохода | J23: =I23+M23*I$14 -> 0 | L23: =K23+M23*K$14 -> 0 | N23: =J23+L23 -> 0
A24: 10 | J24: =I24+M24*I$14 -> 0 | L24: =K24+M24*K$14 -> 0 | N24: =J24+L24 -> 0
A25: 11 | B25: Итого (сумма стр.с 1 по 10) | I25: =SUM(I15:I24) -> 0 | J25: =SUM(J15:J24) -> 0 | K25: =SUM(K15:K24) -> 0 | L25: =SUM(L15:L24) -> 0 | M25: =SUM(M15:M24) -> 0 | N25: =SUM(N15:N24) -> 0
A28: Примечание. | C28: строка10 столбец J переносится в форму 150.01 в строку 150.01.037
C30: строка 10 столбец L переносится в форму 150.02 в строку 150.02.030
C32: строка10 столбец N переносится в форму 150.00 в строку 150.00.039

Sheet 38осмс
I2: Форма 150.00
B3: Отчисления по обязательному социальному медицинскому страхованию
B5: Раздел. Общая информация о налогоплательщике
A7: 1 | B7: БИН | C7: ='150.00'!C8:F8 -> 222222222222
A8: 2 | B8: Налоговый период, за который предоставляется налоговая отчетность: год | E8: ='150.00'!K10 -> 2025
A10: № | B10: месяц | C10: Сальдо по отчислениям на ОСМС | D10: Переплата по ООСМС на начало года | E10: Оплачено в отчетном периоде | F10: Начислено/ исчислено в отчетном периоде | G10: Сальдо на конец периода по ООСМС (+ неуплаченных , - переплата) | H10: Сумма вычета | I10: Не разрешено к вычету
A11: А | B11: ИТОГО по форме 150.00 | C11: =C12+C25 -> 0 | D11: =D12+D25 -> 0 | E11: =E12+E25 -> 0 | F11: =F12+F25 -> 0 | G11: =G12+G25 -> 0 | H11: =H12+H25 -> 0 | I11: =I12+I25 -> 0
A12: В | B12: ИТОГО по форме 150.01 | E12: =SUM(E13:E24) -> 0 | F12: =SUM(F13:F24) -> 0 | G12: =C12-D12-E12+F12 -> 0 | H12: =IF((C12+F12)<(D12+E12),C12+F12,D12+E12) -> 0 | I12: =IF((C12+F12)>(D12+E12),(C12+F12-D12-E12),0) -> 0
A13: 1 | B13: январь
A14: 2 | B14: февраль
A15: 3 | B15: март
A16: 4 | B16: апрель
A17: 5 | B17: май
A18: 6 | B18: июнь
A19: 7 | B19: июль
A20: 8 | B20: август
A21: 9 | B21: сентябрь
A22: 10 | B22: октябрь
A23: 11 | B23: ноябрь
A24: 12 | B24: декабрь | G24: =C24-D24-E24+F24 -> 0 | H24: =IF((C24+F24)<(D24+E24),C24+F24,D24+E24) -> 0 | I24: =IF((C24+F24)>(D24+E24),(C24+F24-D24-E24),0) -> 0
A25: С | B25: ИТОГО по форме 150.02 | E25: =SUM(E26:E37) -> 0 | F25: =SUM(F26:F37) -> 0 | G25: =C25-D25-E25+F25 -> 0 | H25: =IF((C25+F25)<(D25+E25),C25+F25,D25+E25) -> 0 | I25: =IF((C25+F25)>(D25+E25),(C25+F25-D25-E25),0) -> 0
A26: 1 | B26: январь
A27: 2 | B27: февраль
A28: 3 | B28: март
A29: 4 | B29: апрель
A30: 5 | B30: май
A31: 6 | B31: июнь
A32: 7 | B32: июль
A33: 8 | B33: август
A34: 9 | B34: сентябрь
A35: 10 | B35: октябрь
A36: 11 | B36: ноябрь
A37: 12 | B37: декабрь | G37: =C37-D37-E37+F37 -> 0 | H37: =IF((C37+F37)<(D37+E37),C37+F37,D37+E37) -> 0 | I37: =IF((C37+F37)>(D37+E37),(C37+F37-D37-E37),0) -> 0
A40: Примечание. | C40: строка В столбец Н переносится в форму 150.01 в строку 150.01.022
C41: строка С столбец Н переносится в форму 150.02 в строку 150.02.020
C42: строка А столбец Н переносится в форму 150.00 в строку 150.00.024

Sheet 40корр
K2: Форма 100.00
B4: КОРРЕКТИРОВКА ДОХОДОВ И ВЫЧЕТОВ В СООТВЕТСТВИИ С НАЛОГОВЫМ КОДЕКСОМ
B6: Раздел. Общая информация о налогоплательщике
A8: 1 | B8: БИН | C8: ='150.00'!C8:F8 -> 222222222222
A10: 2 | B10: Налоговый период, за который предоставляется налоговая отчетность: год | I10: ='150.00'!K10 -> 2025
K11: Форма 150.01 | L11: Форма 150.02 | M11: Форма 150.00
A12: № | B12: Наименование показателей | K12: Сумма (контрактная деятельность) | L12: Сумма (внеконтрактная деятельность) | M12: Сумма
A13: 1 | B13: Корректировка доходов, всего (стр.1a +стр.1b+ стр.1c +стр.1d +стр.1e+стр.1g+1h) | K13: =SUM(K15:K21) -> 0 | L13: =SUM(L15:L21) -> 0 | M13: =SUM(M15:M21) -> 0
B14: в том чиле:
A15: a | B15: Полный или частичный возврат товара | M15: =SUM(K15:L15) -> 0
A16: b | B16: Изменение условий сделки | M16: =SUM(K16:L16) -> 0
A17: c | B17: Изменение цены, компенсации за реализованные или приобретенные товары, работы, услуги | M17: =SUM(K17:L17) -> 0
A18: d | B18: Скидки с цены, скидки с продаж | M18: =SUM(K18:L18) -> 0
A19: e | B19: Изменение суммы, подлежащей оплате в национальной валюте за реализованные или прибретенные товары, работы, услуги, исходя из условий договора | M19: =SUM(K19:L19) -> 0
A20: g | B20: Корректировка дохода по списанию требования по вступившему в законную силу решению суда, по требованию не востребованному кредитором при ликвидации дебитора | M20: =SUM(K20:L20) -> 0
A21: h | B21: Предусмотренного статьей 130-2 Налогового Кодекса превышения доходов по долгосрочному контракту в целях налогообложения в течение срока действия контракта над доходами по такому контракту, определенными в бухгалтерском учете налогоплательщика в соответствии с международными стандартами финансовой отчетности и требованиями законодательства Республики Казахстан о бухгалтерском учете и финансовой отчетности. При этом корректировка производится путем уменьшения дохода в размере такого превышения | M21: =SUM(K21:L21) -> 0
A22: 2 | B22: Корректировка вычетов, всего (стр.2a +стр.2b+стр.2c +стр.2d+стр.2e+стр.2g+2h) | K22: =SUM(K24:K30) -> 0 | L22: =SUM(L24:L30) -> 0 | M22: =SUM(M24:M30) -> 0
B23: в том чиле:
A24: a | B24: Полный или частичный возврат товара | M24: =SUM(K24:L24) -> 0
A25: b | B25: Изменение условий сделки | M25: =SUM(K25:L25) -> 0
A26: c | B26: Изменение цены, компенсации за реализованные или приобретенные товары, работы, услуги | M26: =SUM(K26:L26) -> 0
A27: d | B27: Сидки с цены, скидки с продаж | M27: =SUM(K27:L27) -> 0
A28: e | B28: Изменение суммы, подлежащей оплате в национальной валюте за реализованные или прибретенные товары, работы, услуги, исходя из условий договора | M28: =SUM(K28:L28) -> 0
A29: g | B29: Корректировка дохода по списанию требования по вступившему в законную силу решению суда, по требованию не востребованному кредитором при ликвидации дебитора | M29: =SUM(K29:L29) -> 0
A30: h | B30: Предусмотренного статьей 130-2 Налогового Кодекса превышения доходов по долгосрочному контракту в целях налогообложения в течение срока действия контракта над доходами по такому контракту, определенными в бухгалтерском учете налогоплательщика в соответствии с международными стандартами финансовой отчетности и требованиями законодательства Республики Казахстан о бухгалтерском учете и финансовой отчетности. При этом корректировка производится путем уменьшения дохода в размере такого превышения | M30: =SUM(K30:L30) -> 0
A32: Примечание. | C32: строка 1 столбец K переносится в № 150.01 по строке 150.01.039 I
C33: строка 1 столбец L переносится в № 150.02 по строке 150.02.032 I
C34: строка 1 столбец M переносится в № 150.00 по строке 150.00.041 I
C35: строка 2 столбец K переносится в № 150.01 по строке 150.01.039 II
C36: строка 2 столбец L переносится в № 150.02 по строке 150.02.032 II
C37: строка 2 столбец M переносится в № 150.00 по строке 150.00.041 II

Sheet 50убытки перенос
I2: Форма 150.00
B4: УБЫТКИ, ПЕРЕНЕСЕННЫЕ ИЗ ПРЕДЫДУЩИХ НАЛОГОВЫХ ПЕРИОДОВ
B6: Раздел. Общая информация о налогоплательщике
A8: 1 | B8: БИН | C8: ='150.00'!C8:F8 -> 222222222222
A10: 2 | B10: Налоговый период, за который предоставляется налоговая отчетность: год | G10: ='150.00'!K10 -> 2025
I11: Форма 150.01 | J11: Форма 150.02 | K11: Форма 150.00
A12: № | B12: Наименование показателей | I12: Сумма по контракту | J12: Сумма (внеконтрактная деятельность) | K12: Сумма
A13: 1 | B13: Убытки от предпринимательской деятельности, подлежащие переносу по декларации отчетного налогового периода, всего | I13: =SUM(I15:I24) -> 0 | J13: =SUM(J15:J24) -> 0 | K13: =SUM(K15:K24) -> 0
B14: в том числе:
A15: a | B15: Убыток от предпринимательской деятельности по декларации за 2015 год
A16: b | B16: Убыток от предпринимательской деятельности по декларации за 2016 год
A17: c | B17: Убыток от предпринимательской деятельности по декларации за 2017 год
A18: d | B18: Убыток от предпринимательской деятельности по декларации за 2018 год
A19: e | B19: Убыток от предпринимательской деятельности по декларации за 2019 год
A20: f | B20: Убыток от предпринимательской деятельности по декларации за 2020 год
A21: g | B21: Убыток от предпринимательской деятельности по декларации за 2021 год
A22: h | B22: Убыток от предпринимательской деятельности по декларации за 2022 год
A23: i | B23: Убыток от предпринимательской деятельности по декларации за 2023 год
A24: j | B24: Убыток от предпринимательской деятельности по декларации за 2024 год
A26: Примечание. | C26: строка 1 столбец I переносится в форму 150.01 в строку 150.01.049
C27: строка 1 столбец J переносится в форму 150.02 в строку 150.02.042
C28: строка 1 столбец K переносится в форму 150.00 в строку 150.00.051
